Workbook

Sheet INFORMATION

Sheet EXEMPLE
A1: MOIS DE JANVIER 2012 | N1: EXEMPLE
A2: Solde bancaire au 31-12-2011 (ajouté un " - " si le solde est débiteur) | C2: 0
A4: RECETTES | W4: TOTAUX
A5: COMPTES | B5: LIBELLES DES COMPTES | C5: LIBELLES RECETTES | F5: MONTANTS | G5: LIBELLES RECETTES | J5: MONTANTS | K5: LIBELLES RECETTES | N5: MONTANTS | O5: LIBELLES RECETTES | R5: MONTANTS | S5: LIBELLES RECETTES | V5: MONTANTS
A6: 707100 | B6: VENTE DE MATERIEL SYNDICAL | C6: SUBVENTION FNF 2012 | F6: 2500 | J6: 0 | N6: 0 | R6: 0 | V6: 0 | W6: =SUM(F6+J6+N6+R6+V6) -> 2500
A7: 741100 | B7: SUBVENTION PUBLIQUE | F7: 0 | N7: 0 | R7: 0 | V7: 0 | W7: =SUM(F7+J7+N7+R7+V7) -> 0
A8: 754000 | B8: COLLECTES DONS SOUSCRIPTIONS | F8: 0 | J8: 0 | N8: 0 | R8: 0 | V8: 0 | W8: =SUM(F8+J8+N8+R8+V8) -> 0
B9: MUTUALISATION DES CSD | F9: 0 | J9: 0 | N9: 0 | R9: 0 | V9: 0 | W9: =SUM(F9+J9+N9+R9+V9) -> 0
A10: 756100 | B10: MUTUALISATION DES SYNDICATS
A11: 756200 | B11: PART COTISATION CFR | F11: 0 | J11: 0 | N11: 0 | R11: 0 | V11: 0 | W11: =SUM(F11+J11+N11+R11+V11) -> 0
B12: INCONNU | F12: 0 | J12: 0 | N12: 0 | R12: 0 | V12: 0 | W12: =SUM(F12+J12+N12+R12+V12) -> 0
V13: T-Recettes | W13: =SUM(W6:W12) -> 2500
A14: DEPENSES
A15: COMPTES | B15: LIBELLES DES COMPTES | C15: LIBELLES DEPENSES | F15: MONTANTS | G15: LIBELLES DEPENSES | J15: MONTANTS | K15: LIBELLES DEPENSES | N15: MONTANTS | O15: LIBELLES DEPENSES | R15: MONTANTS | S15: LIBELLES DEPENSES | V15: MONTANTS
A16: 606100 | B16: FOURNITURES ADMINISTRATIVES | C16: CHEQUE 251620-OFFICE DEPOT | F16: 62.5 | J16: 0 | N16: 0 | R16: 0 | V16: 0 | W16: =F16+J16+N16+R16+V16 -> 62.5
A17: 606200 | B17: FRAIS D'IMPRESSION/PHOTOCOPIES | F17: 0 | J17: 0 | N17: 0 | R17: 0 | V17: 0 | W17: =F17+J17+N17+R17+V17 -> 0
A18: 606300 | B18: FOURNITURES PETITS EQUIPEMENTS (≤ 500€ unitaire) | F18: 0 | J18: 0 | N18: 0 | R18: 0 | V18: 0 | W18: =F18+J18+N18+R18+V18 -> 0
A19: 606800 | B19: ACHAT DIVERS | F19: 0 | J19: 0 | N19: 0 | R19: 0 | V19: 0 | W19: =F19+J19+N19+R19+V19 -> 0
A20: 607100 | B20: MATERIEL SYNDICAL | C20: CHEQUE 251621-BOUTIQUE CGT | F20: 125 | J20: 0 | N20: 0 | R20: 0 | V20: 0 | W20: =F20+J20+N20+R20+V20 -> 125
A21: 613000 | B21: LOCATION (salles, machines…) | F21: 0 | J21: 0 | N21: 0 | R21: 0 | V21: 0 | W21: =F21+J21+N21+R21+V21 -> 0
A22: 615000 | B22: MAINTENANCE/ENTRETIEN | F22: 0 | J22: 0 | N22: 0 | R22: 0 | V22: 0 | W22: =F22+J22+N22+R22+V22 -> 0
A23: 616000 | B23: ASSURANCES | F23: 0 | J23: 0 | N23: 0 | R23: 0 | V23: 0 | W23: =F23+J23+N23+R23+V23 -> 0
A24: 618100 | B24: DOCUMENTATION/ABONNEMENTS | F24: 0 | J24: 0 | N24: 0 | R24: 0 | V24: 0 | W24: =F24+J24+N24+R24+V24 -> 0
A25: 618600 | B25: FORMATIONS
B26: Formations (intitulé de la formation)
B27: Formations (intitulé de la formation)
B28: JOURNEES D'ETUDES
B29: Journées d'études (intitulé de la journée d'étude) | W29: =F29+J29+N29+R29+V29 -> 0
B30: Journées d'études (intitulé de la journée d'étude) | W30: =F30+J30+N30+R30+V30 -> 0
A31: 623700 | B31: PUBLICATION | F31: 0 | J31: 0 | N31: 0 | R31: 0 | V31: 0 | W31: =F31+J31+N31+R31+V31 -> 0
A32: 623800 | B32: SOLIDARITE/DONS | F32: 0 | J32: 0 | N32: 0 | R32: 0 | V32: 0 | W32: =F32+J32+N32+R32+V32 -> 0
A33: 625100 | B33: FRAIS DE DEPLACEMENTS (repas, essence, train, avion, frais kilométriques, péage…)
B34: Réunion du coll. d'animation
B35: Réunion du coll. d'animation élargie
B36: Suivi et construction des CSD
B37: Suivi de l'activité formation prof et CRO
B38: Suivi de l'activité droits et libertés et CDR
B39: Participation au Comité régional
B40: Journées d'étude
B41: Groupes de travail décentralisés
B42: Collectif Juridique
B43: Collectif formation syndicale
B44: Collectif (intitulé de la formation)
B45: Collectif (intitulé de la formation)
B46: Collectif (intitulé de la formation)
A47: 625700 | B47: RECEPTION | F47: 0 | J47: 0 | N47: 0 | R47: 0 | V47: 0 | W47: =F47+J47+N47+R47+V47 -> 0
A48: 626100 | B48: TELEPHONE/INTERNET | C48: PRELEVEMENT ORANGE | F48: 29.99 | J48: 0 | N48: 0 | R48: 0 | V48: 0 | W48: =F48+J48+N48+R48+V48 -> 29.99
A49: 626200 | B49: AFFRANCHISSEMENT | F49: 0 | J49: 0 | N49: 0 | R49: 0 | V49: 0 | W49: =F49+J49+N49+R49+V49 -> 0
A50: 627000 | B50: FRAIS BANCAIRES | C50: FRAIS TENUE DE COMPTE | F50: 7 | J50: 0 | N50: 0 | R50: 0 | V50: 0 | W50: =F50+J50+N50+R50+V50 -> 7
B51: INCONNU | F51: 0 | J51: 0 | N51: 0 | R51: 0 | V51: 0 | W51: =F51+J51+N51+R51+V51 -> 0
A52: COMPTES D'IMMOBILISATION | C52: LIBELLES DEPENSES | F52: MONTANTS | G52: LIBELLES DEPENSES | J52: MONTANTS | K52: LIBELLES DEPENSES | N52: MONTANTS | O52: LIBELLES DEPENSES | R52: MONTANTS | S52: LIBELLES DEPENSES | V52: MONTANTS
A53: 218300 | B53: MATERIEL DE BUREAU ET INFORMATIQUE (≥ 500€ unitaire) | F53: 0 | J53: 0 | N53: 0 | R53: 0 | V53: 0 | W53: =F53+J53+N53+R53+V53 -> 0
A54: RECAP MENSUEL | V54: T-Dépenses | W54: =SUM(W16:W53) -> 224.49
A55: Solde bancaire au 31-01-2011 | B55: Total recettes | D55: =W13 -> 2500
B56: Total dépenses | C56: =W54 -> 224.49
B57: solde | C57: =C2+D55-C56 -> 2275.51
A59: INFO INCONNU

Sheet Janvier
E1: MOIS DE DECEMBRE 2012
A2: Solde bancaire au 31-12-2015 | C2: 2764.45
A4: RECETTES | EY4: TOTAUX
A5: COMPTES | B5: LIBELLES DES COMPTES | C5: LIBELLES RECETTES | F5: MONTANTS | G5: LIBELLES RECETTES | J5: MONTANTS | K5: LIBELLES RECETTES | N5: MONTANTS | O5: LIBELLES RECETTES | R5: MONTANTS | S5: LIBELLES RECETTES | V5: MONTANTS | W5: LIBELLES RECETTES | Z5: MONTANTS | AA5: LIBELLES RECETTES | AD5: MONTANTS | AE5: LIBELLES RECETTES | AH5: MONTANTS | AI5: LIBELLES RECETTES | AL5: MONTANTS | AM5: LIBELLES RECETTES | AP5: MONTANTS | AQ5: LIBELLES RECETTES | AT5: MONTANTS | AU5: LIBELLES RECETTES | AX5: MONTANTS | AY5: LIBELLES RECETTES | BB5: MONTANTS | BC5: LIBELLES RECETTES | BF5: MONTANTS | BG5: LIBELLES RECETTES | BJ5: MONTANTS | BK5: LIBELLES RECETTES | BN5: MONTANTS | BO5: LIBELLES RECETTES | BR5: MONTANTS | BS5: LIBELLES RECETTES | BV5: MONTANTS | BW5: LIBELLES RECETTES | BZ5: MONTANTS | CA5: LIBELLES RECETTES | CD5: MONTANTS | CE5: LIBELLES RECETTES | CH5: MONTANTS | CI5: LIBELLES RECETTES | CL5: MONTANTS | CM5: LIBELLES RECETTES | CP5: MONTANTS | CQ5: LIBELLES RECETTES | CT5: MONTANTS | CU5: LIBELLES RECETTES | CX5: MONTANTS | CY5: LIBELLES RECETTES | DB5: MONTANTS | DC5: LIBELLES RECETTES | DF5: MONTANTS | DG5: LIBELLES RECETTES | DJ5: MONTANTS | DK5: LIBELLES RECETTES | DN5: MONTANTS | DO5: LIBELLES RECETTES | DR5: MONTANTS | DS5: LIBELLES RECETTES | DV5: MONTANTS | DW5: LIBELLES RECETTES | DZ5: MONTANTS | EA5: LIBELLES RECETTES | ED5: MONTANTS | EE5: LIBELLES RECETTES | EH5: MONTANTS | EI5: LIBELLES RECETTES | EL5: MONTANTS | EM5: LIBELLES RECETTES | EP5: MONTANTS | EQ5: LIBELLES RECETTES | ET5: MONTANTS | EU5: LIBELLES RECETTES | EX5: MONTANTS
A6: 707100 | B6: VENTE DE MATERIEL SYNDICAL | F6: 0 | J6: 0 | N6: 0 | R6: 0 | V6: 0 | Z6: 0 | AD6: 0 | AH6: 0 | AL6: 0 | AP6: 0 | AT6: 0 | AX6: 0 | BB6: 0 | BF6: 0 | BJ6: 0 | BN6: 0 | BR6: 0 | BV6: 0 | BZ6: 0 | CD6: 0 | CH6: 0 | CL6: 0 | CP6: 0 | CT6: 0 | CX6: 0 | DB6: 0 | DF6: 0 | DJ6: 0 | DN6: 0 | DR6: 0 | DV6: 0 | DZ6: 0 | ED6: 0 | EH6: 0 | EL6: 0 | EP6: 0 | ET6: 0 | EX6: 0 | EY6: =F6+J6+N6+R6+V6+Z6+AD6+AH6+AL6+AP6+AT6+AX6+BB6+BF6+BJ6+BN6+BR6+BV6+BZ6+CD6+CH6+CL6+CP6+CT6+CX6+DB6+DF6+DJ6+DN6+DR6+DV6+DZ6+ED6+EH6+EL6+EP6+ET6+EX6 -> 0
A7: 741100 | B7: SUBVENTION PUBLIQUE | F7: 0 | J7: 0 | N7: 0 | R7: 0 | V7: 0 | Z7: 0 | AD7: 0 | AH7: 0 | AL7: 0 | AP7: 0 | AT7: 0 | AX7: 0 | BB7: 0 | BF7: 0 | BJ7: 0 | BN7: 0 | BR7: 0 | BV7: 0 | BZ7: 0 | CD7: 0 | CH7: 0 | CL7: 0 | CP7: 0 | CT7: 0 | CX7: 0 | DB7: 0 | DF7: 0 | DJ7: 0 | DN7: 0 | DR7: 0 | DV7: 0 | DZ7: 0 | ED7: 0 | EH7: 0 | EL7: 0 | EP7: 0 | ET7: 0 | EX7: 0 | EY7: =F7+J7+N7+R7+V7+Z7+AD7+AH7+AL7+AP7+AT7+AX7+BB7+BF7+BJ7+BN7+BR7+BV7+BZ7+CD7+CH7+CL7+CP7+CT7+CX7+DB7+DF7+DJ7+DN7+DR7+DV7+DZ7+ED7+EH7+EL7+EP7+ET7+EX7 -> 0
A8: 754000 | B8: COLLECTES DONS SOUSCRIPTIONS | F8: 0 | J8: 0 | N8: 0 | R8: 0 | V8: 0 | Z8: 0 | AD8: 0 | AH8: 0 | AL8: 0 | AP8: 0 | AT8: 0 | AX8: 0 | BB8: 0 | BF8: 0 | BJ8: 0 | BN8: 0 | BR8: 0 | BV8: 0 | BZ8: 0 | CD8: 0 | CH8: 0 | CL8: 0 | CP8: 0 | CT8: 0 | CX8: 0 | DB8: 0 | DF8: 0 | DJ8: 0 | DN8: 0 | DR8: 0 | DV8: 0 | DZ8: 0 | ED8: 0 | EH8: 0 | EL8: 0 | EP8: 0 | ET8: 0 | EX8: 0 | EY8: =F8+J8+N8+R8+V8+Z8+AD8+AH8+AL8+AP8+AT8+AX8+BB8+BF8+BJ8+BN8+BR8+BV8+BZ8+CD8+CH8+CL8+CP8+CT8+CX8+DB8+DF8+DJ8+DN8+DR8+DV8+DZ8+ED8+EH8+EL8+EP8+ET8+EX8 -> 0
A9: 756100 | B9: COTISATION | F9: 0 | J9: 0 | N9: 0 | R9: 0 | V9: 0 | Z9: 0 | AD9: 0 | AH9: 0 | AL9: 0 | AP9: 0 | AT9: 0 | AX9: 0 | BB9: 0 | BF9: 0 | BJ9: 0 | BN9: 0 | BR9: 0 | BV9: 0 | BZ9: 0 | CD9: 0 | CH9: 0 | CL9: 0 | CP9: 0 | CT9: 0 | CX9: 0 | DB9: 0 | DF9: 0 | DJ9: 0 | DN9: 0 | DR9: 0 | DV9: 0 | DZ9: 0 | ED9: 0 | EH9: 0 | EL9: 0 | EP9: 0 | ET9: 0 | EX9: 0 | EY9: =F9+J9+N9+R9+V9+Z9+AD9+AH9+AL9+AP9+AT9+AX9+BB9+BF9+BJ9+BN9+BR9+BV9+BZ9+CD9+CH9+CL9+CP9+CT9+CX9+DB9+DF9+DJ9+DN9+DR9+DV9+DZ9+ED9+EH9+EL9+EP9+ET9+EX9 -> 0
A10: 791100 | B10: REMBOURSEMENT FRAIS DPLCT (FEDE) | C10: RBS FEDE 07/01/2016 | F10: 109.76 | J10: 0 | N10: 0 | R10: 0 | V10: 0 | Z10: 0 | AD10: 0 | AH10: 0 | AL10: 0 | AP10: 0 | AT10: 0 | AX10: 0 | BB10: 0 | BF10: 0 | BJ10: 0 | BN10: 0 | BR10: 0 | BV10: 0 | BZ10: 0 | CD10: 0 | CH10: 0 | CL10: 0 | CP10: 0 | CT10: 0 | CX10: 0 | DB10: 0 | DF10: 0 | DJ10: 0 | DN10: 0 | DR10: 0 | DV10: 0 | DZ10: 0 | ED10: 0 | EH10: 0 | EL10: 0 | EP10: 0 | ET10: 0 | EX10: 0 | EY10: =F10+J10+N10+R10+V10+Z10+AD10+AH10+AL10+AP10+AT10+AX10+BB10+BF10+BJ10+BN10+BR10+BV10+BZ10+CD10+CH10+CL10+CP10+CT10+CX10+DB10+DF10+DJ10+DN10+DR10+DV10+DZ10+ED10+EH10+EL10+EP10+ET10+EX10 -> 109.76
B11: INCONNU | F11: 0 | J11: 0 | N11: 0 | R11: 0 | V11: 0 | Z11: 0 | AD11: 0 | AH11: 0 | AL11: 0 | AP11: 0 | AT11: 0 | AX11: 0 | BB11: 0 | BF11: 0 | BJ11: 0 | BN11: 0 | BR11: 0 | BV11: 0 | BZ11: 0 | CD11: 0 | CH11: 0 | CL11: 0 | CP11: 0 | CT11: 0 | CX11: 0 | DB11: 0 | DF11: 0 | DJ11: 0 | DN11: 0 | DR11: 0 | DV11: 0 | DZ11: 0 | ED11: 0 | EH11: 0 | EL11: 0 | EP11: 0 | ET11: 0 | EX11: 0 | EY11: =F11+J11+N11+R11+V11+Z11+AD11+AH11+AL11+AP11+AT11+AX11+BB11+BF11+BJ11+BN11+BR11+BV11+BZ11+CD11+CH11+CL11+CP11+CT11+CX11+DB11+DF11+DJ11+DN11+DR11+DV11+DZ11+ED11+EH11+EL11+EP11+ET11+EX11 -> 0
EX12: T-Recettes | EY12: =SUM(EY6:EY11) -> 109.76
A13: DEPENSES
A14: COMPTES | B14: LIBELLES DES COMPTES | C14: LIBELLES DEPENSES | F14: MONTANTS | G14: LIBELLES DEPENSES | J14: MONTANTS | K14: LIBELLES DEPENSES | N14: MONTANTS | O14: LIBELLES DEPENSES | R14: MONTANTS | S14: LIBELLES DEPENSES | V14: MONTANTS | W14: LIBELLES DEPENSES | Z14: MONTANTS | AA14: LIBELLES DEPENSES | AD14: MONTANTS | AE14: LIBELLES DEPENSES | AH14: MONTANTS | AI14: LIBELLES DEPENSES | AL14: MONTANTS | AM14: LIBELLES DEPENSES | AP14: MONTANTS | AQ14: LIBELLES DEPENSES | AT14: MONTANTS | AU14: LIBELLES DEPENSES | AX14: MONTANTS | AY14: LIBELLES DEPENSES | BB14: MONTANTS | BC14: LIBELLES DEPENSES | BF14: MONTANTS | BG14: LIBELLES DEPENSES | BJ14: MONTANTS | BK14: LIBELLES DEPENSES | BN14: MONTANTS | BO14: LIBELLES DEPENSES | BR14: MONTANTS | BS14: LIBELLES DEPENSES | BV14: MONTANTS | BW14: LIBELLES DEPENSES | BZ14: MONTANTS | CA14: LIBELLES DEPENSES | CD14: MONTANTS | CE14: LIBELLES DEPENSES | CH14: MONTANTS | CI14: LIBELLES DEPENSES | CL14: MONTANTS | CM14: LIBELLES DEPENSES | CP14: MONTANTS | CQ14: LIBELLES DEPENSES | CT14: MONTANTS | CU14: LIBELLES DEPENSES | CX14: MONTANTS | CY14: LIBELLES DEPENSES | DB14: MONTANTS | DC14: LIBELLES DEPENSES | DF14: MONTANTS | DG14: LIBELLES DEPENSES | DJ14: MONTANTS | DK14: LIBELLES DEPENSES | DN14: MONTANTS | DO14: LIBELLES DEPENSES | DR14: MONTANTS | DS14: LIBELLES DEPENSES | DV14: MONTANTS | DW14: LIBELLES DEPENSES | DZ14: MONTANTS | EA14: LIBELLES DEPENSES | ED14: MONTANTS | EE14: LIBELLES DEPENSES | EH14: MONTANTS | EI14: LIBELLES DEPENSES | EL14: MONTANTS | EM14: LIBELLES DEPENSES | EP14: MONTANTS | EQ14: LIBELLES DEPENSES | ET14: MONTANTS | EU14: LIBELLES DEPENSES | EX14: MONTANTS
B15: COGETISE | F15: 0 | J15: 0 | N15: 0 | R15: 0 | V15: 0 | Z15: 0 | AD15: 0 | AH15: 0 | AL15: 0 | AP15: 0 | AT15: 0 | AX15: 0 | BB15: 0 | BF15: 0 | BJ15: 0 | BN15: 0 | BR15: 0 | BV15: 0 | BZ15: 0 | CD15: 0 | CH15: 0 | CL15: 0 | CP15: 0 | CT15: 0 | CX15: 0 | DB15: 0 | DF15: 0 | DJ15: 0 | DN15: 0 | DR15: 0 | DV15: 0 | DZ15: 0 | ED15: 0 | EH15: 0 | EL15: 0 | EP15: 0 | ET15: 0 | EX15: 0 | EY15: =F15+J15+N15+R15+V15+Z15+AD15+AH15+AL15+AP15+AT15+AX15+BB15+BF15+BJ15+BN15+BR15+BV15+BZ15+CD15+CH15+CL15+CP15+CT15+CX15+DB15+DF15+DJ15+DN15+DR15+DV15+DZ15+ED15+EH15+EL15+EP15+ET15+EX15 -> 0
A16: 606100 | B16: FOURNITURES ADMINISTRATIVES | F16: 0 | J16: 0 | N16: 0 | R16: 0 | V16: 0 | Z16: 0 | AD16: 0 | AH16: 0 | AL16: 0 | AP16: 0 | AT16: 0 | AX16: 0 | BB16: 0 | BF16: 0 | BJ16: 0 | BN16: 0 | BR16: 0 | BV16: 0 | BZ16: 0 | CD16: 0 | CH16: 0 | CL16: 0 | CP16: 0 | CT16: 0 | CX16: 0 | DB16: 0 | DF16: 0 | DJ16: 0 | DN16: 0 | DR16: 0 | DV16: 0 | DZ16: 0 | ED16: 0 | EH16: 0 | EL16: 0 | EP16: 0 | ET16: 0 | EX16: 0 | EY16: =F16+J16+N16+R16+V16+Z16+AD16+AH16+AL16+AP16+AT16+AX16+BB16+BF16+BJ16+BN16+BR16+BV16+BZ16+CD16+CH16+CL16+CP16+CT16+CX16+DB16+DF16+DJ16+DN16+DR16+DV16+DZ16+ED16+EH16+EL16+EP16+ET16+EX16 -> 0
A17: 606200 | B17: FRAIS D'IMPRESSION/PHOTOCOPIES | F17: 0 | J17: 0 | N17: 0 | R17: 0 | V17: 0 | Z17: 0 | AD17: 0 | AH17: 0 | AL17: 0 | AP17: 0 | AT17: 0 | AX17: 0 | BB17: 0 | BF17: 0 | BJ17: 0 | BN17: 0 | BR17: 0 | BV17: 0 | BZ17: 0 | CD17: 0 | CH17: 0 | CL17: 0 | CP17: 0 | CT17: 0 | CX17: 0 | DB17: 0 | DF17: 0 | DJ17: 0 | DN17: 0 | DR17: 0 | DV17: 0 | DZ17: 0 | ED17: 0 | EH17: 0 | EL17: 0 | EP17: 0 | ET17: 0 | EX17: 0 | EY17: =F17+J17+N17+R17+V17+Z17+AD17+AH17+AL17+AP17+AT17+AX17+BB17+BF17+BJ17+BN17+BR17+BV17+BZ17+CD17+CH17+CL17+CP17+CT17+CX17+DB17+DF17+DJ17+DN17+DR17+DV17+DZ17+ED17+EH17+EL17+EP17+ET17+EX17 -> 0
A18: 606300 | B18: FOURNITURES PETITS EQUIPEMENTS (≤ 500€ unitaire) | F18: 0 | J18: 0 | N18: 0 | R18: 0 | V18: 0 | Z18: 0 | AD18: 0 | AH18: 0 | AL18: 0 | AP18: 0 | AT18: 0 | AX18: 0 | BB18: 0 | BF18: 0 | BJ18: 0 | BN18: 0 | BR18: 0 | BV18: 0 | BZ18: 0 | CD18: 0 | CH18: 0 | CL18: 0 | CP18: 0 | CT18: 0 | CX18: 0 | DB18: 0 | DF18: 0 | DJ18: 0 | DN18: 0 | DR18: 0 | DV18: 0 | DZ18: 0 | ED18: 0 | EH18: 0 | EL18: 0 | EP18: 0 | ET18: 0 | EX18: 0 | EY18: =F18+J18+N18+R18+V18+Z18+AD18+AH18+AL18+AP18+AT18+AX18+BB18+BF18+BJ18+BN18+BR18+BV18+BZ18+CD18+CH18+CL18+CP18+CT18+CX18+DB18+DF18+DJ18+DN18+DR18+DV18+DZ18+ED18+EH18+EL18+EP18+ET18+EX18 -> 0
A19: 606800 | B19: ACHAT DIVERS | F19: 0 | J19: 0 | N19: 0 | R19: 0 | V19: 0 | Z19: 0 | AD19: 0 | AH19: 0 | AL19: 0 | AP19: 0 | AT19: 0 | AX19: 0 | BB19: 0 | BF19: 0 | BJ19: 0 | BN19: 0 | BR19: 0 | BV19: 0 | BZ19: 0 | CD19: 0 | CH19: 0 | CL19: 0 | CP19: 0 | CT19: 0 | CX19: 0 | DB19: 0 | DF19: 0 | DJ19: 0 | DN19: 0 | DR19: 0 | DV19: 0 | DZ19: 0 | ED19: 0 | EH19: 0 | EL19: 0 | EP19: 0 | ET19: 0 | EX19: 0 | EY19: =F19+J19+N19+R19+V19+Z19+AD19+AH19+AL19+AP19+AT19+AX19+BB19+BF19+BJ19+BN19+BR19+BV19+BZ19+CD19+CH19+CL19+CP19+CT19+CX19+DB19+DF19+DJ19+DN19+DR19+DV19+DZ19+ED19+EH19+EL19+EP19+ET19+EX19 -> 0
A20: 607100 | B20: MATERIEL SYNDICAL | C20: BOUTIQUE NVO 07/01/2016 | F20: 15 | J20: 0 | N20: 0 | R20: 0 | V20: 0 | Z20: 0 | AD20: 0 | AH20: 0 | AL20: 0 | AP20: 0 | AT20: 0 | AX20: 0 | BB20: 0 | BF20: 0 | BJ20: 0 | BN20: 0 | BR20: 0 | BV20: 0 | BZ20: 0 | CD20: 0 | CH20: 0 | CL20: 0 | CP20: 0 | CT20: 0 | CX20: 0 | DB20: 0 | DF20: 0 | DJ20: 0 | DN20: 0 | DR20: 0 | DV20: 0 | DZ20: 0 | ED20: 0 | EH20: 0 | EL20: 0 | EP20: 0 | ET20: 0 | EX20: 0 | EY20: =F20+J20+N20+R20+V20+Z20+AD20+AH20+AL20+AP20+AT20+AX20+BB20+BF20+BJ20+BN20+BR20+BV20+BZ20+CD20+CH20+CL20+CP20+CT20+CX20+DB20+DF20+DJ20+DN20+DR20+DV20+DZ20+ED20+EH20+EL20+EP20+ET20+EX20 -> 15
A21: 613000 | B21: LOCATION (salles, machines…) | F21: 0 | J21: 0 | N21: 0 | R21: 0 | V21: 0 | Z21: 0 | AD21: 0 | AH21: 0 | AL21: 0 | AP21: 0 | AT21: 0 | AX21: 0 | BB21: 0 | BF21: 0 | BJ21: 0 | BN21: 0 | BR21: 0 | BV21: 0 | BZ21: 0 | CD21: 0 | CH21: 0 | CL21: 0 | CP21: 0 | CT21: 0 | CX21: 0 | DB21: 0 | DF21: 0 | DJ21: 0 | DN21: 0 | DR21: 0 | DV21: 0 | DZ21: 0 | ED21: 0 | EH21: 0 | EL21: 0 | EP21: 0 | ET21: 0 | EX21: 0 | EY21: =F21+J21+N21+R21+V21+Z21+AD21+AH21+AL21+AP21+AT21+AX21+BB21+BF21+BJ21+BN21+BR21+BV21+BZ21+CD21+CH21+CL21+CP21+CT21+CX21+DB21+DF21+DJ21+DN21+DR21+DV21+DZ21+ED21+EH21+EL21+EP21+ET21+EX21 -> 0
A22: 615000 | B22: MAINTENANCE/ENTRETIEN | F22: 0 | J22: 0 | N22: 0 | R22: 0 | V22: 0 | Z22: 0 | AD22: 0 | AH22: 0 | AL22: 0 | AP22: 0 | AT22: 0 | AX22: 0 | BB22: 0 | BF22: 0 | BJ22: 0 | BN22: 0 | BR22: 0 | BV22: 0 | BZ22: 0 | CD22: 0 | CH22: 0 | CL22: 0 | CP22: 0 | CT22: 0 | CX22: 0 | DB22: 0 | DF22: 0 | DJ22: 0 | DN22: 0 | DR22: 0 | DV22: 0 | DZ22: 0 | ED22: 0 | EH22: 0 | EL22: 0 | EP22: 0 | ET22: 0 | EX22: 0 | EY22: =F22+J22+N22+R22+V22+Z22+AD22+AH22+AL22+AP22+AT22+AX22+BB22+BF22+BJ22+BN22+BR22+BV22+BZ22+CD22+CH22+CL22+CP22+CT22+CX22+DB22+DF22+DJ22+DN22+DR22+DV22+DZ22+ED22+EH22+EL22+EP22+ET22+EX22 -> 0
A23: 616000 | B23: ASSURANCES | F23: 0 | J23: 0 | N23: 0 | R23: 0 | V23: 0 | Z23: 0 | AD23: 0 | AH23: 0 | AL23: 0 | AP23: 0 | AT23: 0 | AX23: 0 | BB23: 0 | BF23: 0 | BJ23: 0 | BN23: 0 | BR23: 0 | BV23: 0 | BZ23: 0 | CD23: 0 | CH23: 0 | CL23: 0 | CP23: 0 | CT23: 0 | CX23: 0 | DB23: 0 | DF23: 0 | DJ23: 0 | DN23: 0 | DR23: 0 | DV23: 0 | DZ23: 0 | ED23: 0 | EH23: 0 | EL23: 0 | EP23: 0 | ET23: 0 | EX23: 0 | EY23: =F23+J23+N23+R23+V23+Z23+AD23+AH23+AL23+AP23+AT23+AX23+BB23+BF23+BJ23+BN23+BR23+BV23+BZ23+CD23+CH23+CL23+CP23+CT23+CX23+DB23+DF23+DJ23+DN23+DR23+DV23+DZ23+ED23+EH23+EL23+EP23+ET23+EX23 -> 0
A24: 618100 | B24: DOCUMENTATION/ABONNEMENTS | F24: 0 | J24: 0 | N24: 0 | R24: 0 | V24: 0 | Z24: 0 | AD24: 0 | AH24: 0 | AL24: 0 | AP24: 0 | AT24: 0 | AX24: 0 | BB24: 0 | BF24: 0 | BJ24: 0 | BN24: 0 | BR24: 0 | BV24: 0 | BZ24: 0 | CD24: 0 | CH24: 0 | CL24: 0 | CP24: 0 | CT24: 0 | CX24: 0 | DB24: 0 | DF24: 0 | DJ24: 0 | DN24: 0 | DR24: 0 | DV24: 0 | DZ24: 0 | ED24: 0 | EH24: 0 | EL24: 0 | EP24: 0 | ET24: 0 | EX24: 0 | EY24: =F24+J24+N24+R24+V24+Z24+AD24+AH24+AL24+AP24+AT24+AX24+BB24+BF24+BJ24+BN24+BR24+BV24+BZ24+CD24+CH24+CL24+CP24+CT24+CX24+DB24+DF24+DJ24+DN24+DR24+DV24+DZ24+ED24+EH24+EL24+EP24+ET24+EX24 -> 0
A25: 618600 | B25: FORMATIONS | F25: 0 | J25: 0 | N25: 0 | R25: 0 | V25: 0 | Z25: 0 | AD25: 0 | AH25: 0 | AL25: 0 | AP25: 0 | AT25: 0 | AX25: 0 | BB25: 0 | BF25: 0 | BJ25: 0 | BN25: 0 | BR25: 0 | BV25: 0 | BZ25: 0 | CD25: 0 | CH25: 0 | CL25: 0 | CP25: 0 | CT25: 0 | CX25: 0 | DB25: 0 | DF25: 0 | DJ25: 0 | DN25: 0 | DR25: 0 | DV25: 0 | DZ25: 0 | ED25: 0 | EH25: 0 | EL25: 0 | EP25: 0 | ET25: 0 | EX25: 0 | EY25: =F25+J25+N25+R25+V25+Z25+AD25+AH25+AL25+AP25+AT25+AX25+BB25+BF25+BJ25+BN25+BR25+BV25+BZ25+CD25+CH25+CL25+CP25+CT25+CX25+DB25+DF25+DJ25+DN25+DR25+DV25+DZ25+ED25+EH25+EL25+EP25+ET25+EX25 -> 0
A26: 618610 | B26: Formations (intitulé de la formation) | F26: 0 | J26: 0 | N26: 0 | R26: 0 | V26: 0 | Z26: 0 | AD26: 0 | AH26: 0 | AL26: 0 | AP26: 0 | AT26: 0 | AX26: 0 | BB26: 0 | BF26: 0 | BJ26: 0 | BN26: 0 | BR26: 0 | BV26: 0 | BZ26: 0 | CD26: 0 | CH26: 0 | CL26: 0 | CP26: 0 | CT26: 0 | CX26: 0 | DB26: 0 | DF26: 0 | DJ26: 0 | DN26: 0 | DR26: 0 | DV26: 0 | DZ26: 0 | ED26: 0 | EH26: 0 | EL26: 0 | EP26: 0 | ET26: 0 | EX26: 0 | EY26: =F26+J26+N26+R26+V26+Z26+AD26+AH26+AL26+AP26+AT26+AX26+BB26+BF26+BJ26+BN26+BR26+BV26+BZ26+CD26+CH26+CL26+CP26+CT26+CX26+DB26+DF26+DJ26+DN26+DR26+DV26+DZ26+ED26+EH26+EL26+EP26+ET26+EX26 -> 0
A27: 618620 | B27: Formations (intitulé de la formation) | F27: 0 | J27: 0 | N27: 0 | R27: 0 | V27: 0 | Z27: 0 | AD27: 0 | AH27: 0 | AL27: 0 | AP27: 0 | AT27: 0 | AX27: 0 | BB27: 0 | BF27: 0 | BJ27: 0 | BN27: 0 | BR27: 0 | BV27: 0 | BZ27: 0 | CD27: 0 | CH27: 0 | CL27: 0 | CP27: 0 | CT27: 0 | CX27: 0 | DB27: 0 | DF27: 0 | DJ27: 0 | DN27: 0 | DR27: 0 | DV27: 0 | DZ27: 0 | ED27: 0 | EH27: 0 | EL27: 0 | EP27: 0 | ET27: 0 | EX27: 0 | EY27: =F27+J27+N27+R27+V27+Z27+AD27+AH27+AL27+AP27+AT27+AX27+BB27+BF27+BJ27+BN27+BR27+BV27+BZ27+CD27+CH27+CL27+CP27+CT27+CX27+DB27+DF27+DJ27+DN27+DR27+DV27+DZ27+ED27+EH27+EL27+EP27+ET27+EX27 -> 0
B28: JOURNEES D'ETUDES | F28: 0 | J28: 0 | N28: 0 | R28: 0 | V28: 0 | Z28: 0 | AD28: 0 | AH28: 0 | AL28: 0 | AP28: 0 | AT28: 0 | AX28: 0 | BB28: 0 | BF28: 0 | BJ28: 0 | BN28: 0 | BR28: 0 | BV28: 0 | BZ28: 0 | CD28: 0 | CH28: 0 | CL28: 0 | CP28: 0 | CT28: 0 | CX28: 0 | DB28: 0 | DF28: 0 | DJ28: 0 | DN28: 0 | DR28: 0 | DV28: 0 | DZ28: 0 | ED28: 0 | EH28: 0 | EL28: 0 | EP28: 0 | ET28: 0 | EX28: 0 | EY28: =F28+J28+N28+R28+V28+Z28+AD28+AH28+AL28+AP28+AT28+AX28+BB28+BF28+BJ28+BN28+BR28+BV28+BZ28+CD28+CH28+CL28+CP28+CT28+CX28+DB28+DF28+DJ28+DN28+DR28+DV28+DZ28+ED28+EH28+EL28+EP28+ET28+EX28 -> 0
A29: 618630 | B29: Journées d'études (intitulé de la journée d'étude) | F29: 0 | J29: 0 | N29: 0 | R29: 0 | V29: 0 | Z29: 0 | AD29: 0 | AH29: 0 | AL29: 0 | AP29: 0 | AT29: 0 | AX29: 0 | BB29: 0 | BF29: 0 | BJ29: 0 | BN29: 0 | BR29: 0 | BV29: 0 | BZ29: 0 | CD29: 0 | CH29: 0 | CL29: 0 | CP29: 0 | CT29: 0 | CX29: 0 | DB29: 0 | DF29: 0 | DJ29: 0 | DN29: 0 | DR29: 0 | DV29: 0 | DZ29: 0 | ED29: 0 | EH29: 0 | EL29: 0 | EP29: 0 | ET29: 0 | EX29: 0 | EY29: =F29+J29+N29+R29+V29+Z29+AD29+AH29+AL29+AP29+AT29+AX29+BB29+BF29+BJ29+BN29+BR29+BV29+BZ29+CD29+CH29+CL29+CP29+CT29+CX29+DB29+DF29+DJ29+DN29+DR29+DV29+DZ29+ED29+EH29+EL29+EP29+ET29+EX29 -> 0
A30: 618640 | B30: Journées d'études (intitulé de la journée d'étude) | F30: 0 | J30: 0 | N30: 0 | R30: 0 | V30: 0 | Z30: 0 | AD30: 0 | AH30: 0 | AL30: 0 | AP30: 0 | AT30: 0 | AX30: 0 | BB30: 0 | BF30: 0 | BJ30: 0 | BN30: 0 | BR30: 0 | BV30: 0 | BZ30: 0 | CD30: 0 | CH30: 0 | CL30: 0 | CP30: 0 | CT30: 0 | CX30: 0 | DB30: 0 | DF30: 0 | DJ30: 0 | DN30: 0 | DR30: 0 | DV30: 0 | DZ30: 0 | ED30: 0 | EH30: 0 | EL30: 0 | EP30: 0 | ET30: 0 | EX30: 0 | EY30: =F30+J30+N30+R30+V30+Z30+AD30+AH30+AL30+AP30+AT30+AX30+BB30+BF30+BJ30+BN30+BR30+BV30+BZ30+CD30+CH30+CL30+CP30+CT30+CX30+DB30+DF30+DJ30+DN30+DR30+DV30+DZ30+ED30+EH30+EL30+EP30+ET30+EX30 -> 0
A31: 623700 | B31: PUBLICATION | F31: 0 | J31: 0 | N31: 0 | R31: 0 | V31: 0 | Z31: 0 | AD31: 0 | AH31: 0 | AL31: 0 | AP31: 0 | AT31: 0 | AX31: 0 | BB31: 0 | BF31: 0 | BJ31: 0 | BN31: 0 | BR31: 0 | BV31: 0 | BZ31: 0 | CD31: 0 | CH31: 0 | CL31: 0 | CP31: 0 | CT31: 0 | CX31: 0 | DB31: 0 | DF31: 0 | DJ31: 0 | DN31: 0 | DR31: 0 | DV31: 0 | DZ31: 0 | ED31: 0 | EH31: 0 | EL31: 0 | EP31: 0 | ET31: 0 | EX31: 0 | EY31: =F31+J31+N31+R31+V31+Z31+AD31+AH31+AL31+AP31+AT31+AX31+BB31+BF31+BJ31+BN31+BR31+BV31+BZ31+CD31+CH31+CL31+CP31+CT31+CX31+DB31+DF31+DJ31+DN31+DR31+DV31+DZ31+ED31+EH31+EL31+EP31+ET31+EX31 -> 0
A32: 623800 | B32: SOLIDARITE/DONS | F32: 0 | J32: 0 | N32: 0 | R32: 0 | V32: 0 | Z32: 0 | AD32: 0 | AH32: 0 | AL32: 0 | AP32: 0 | AT32: 0 | AX32: 0 | BB32: 0 | BF32: 0 | BJ32: 0 | BN32: 0 | BR32: 0 | BV32: 0 | BZ32: 0 | CD32: 0 | CH32: 0 | CL32: 0 | CP32: 0 | CT32: 0 | CX32: 0 | DB32: 0 | DF32: 0 | DJ32: 0 | DN32: 0 | DR32: 0 | DV32: 0 | DZ32: 0 | ED32: 0 | EH32: 0 | EL32: 0 | EP32: 0 | ET32: 0 | EX32: 0 | EY32: =F32+J32+N32+R32+V32+Z32+AD32+AH32+AL32+AP32+AT32+AX32+BB32+BF32+BJ32+BN32+BR32+BV32+BZ32+CD32+CH32+CL32+CP32+CT32+CX32+DB32+DF32+DJ32+DN32+DR32+DV32+DZ32+ED32+EH32+EL32+EP32+ET32+EX32 -> 0
A33: 625100 | B33: FRAIS DE DEPLACEMENTS (repas, essence, train, avion, frais kilométriques, péage…) | C33: TAXI CB 06/01/2016 | F33: 30.2 | G33: REPAS CB 06/01/2016 | J33: 155.51 | K33: REPAS MONTREUIL CB 06/01/2016 | N33: 14 | O33: REPAS MONTREUIL CB 06/01/2016 | R33: 14.25 | S33: TAXI CB 07/01/2016 | V33: 35 | W33: HOTEL CB 07/01/2016 | Z33: 64.66 | AA33: REPAS 18/01/2016 | AD33: 85.4 | AE33: ESSENCE CB 18/01/2016 | AH33: 27.95 | AI33: REPAS CB 28/01/2016 | AL33: 29.95 | AM33: REPAS CB 01/02/2016 | AP33: 31.2 | AT33: 0 | AX33: 0 | BB33: 0 | BF33: 0 | BJ33: 0 | BN33: 0 | BR33: 0 | BV33: 0 | BZ33: 0 | CD33: 0 | CH33: 0 | CL33: 0 | CP33: 0 | CT33: 0 | CX33: 0 | DB33: 0 | DF33: 0 | DJ33: 0 | DN33: 0 | DR33: 0 | DV33: 0 | DZ33: 0 | ED33: 0 | EH33: 0 | EL33: 0 | EP33: 0 | ET33: 0 | EX33: 0 | EY33: =F33+J33+N33+R33+V33+Z33+AD33+AH33+AL33+AP33+AT33+AX33+BB33+BF33+BJ33+BN33+BR33+BV33+BZ33+CD33+CH33+CL33+CP33+CT33+CX33+DB33+DF33+DJ33+DN33+DR33+DV33+DZ33+ED33+EH33+EL33+EP33+ET33+EX33 -> 488.12
A34: 625110 | B34: Réunion du bureau | F34: 0 | J34: 0 | N34: 0 | R34: 0 | V34: 0 | Z34: 0 | AD34: 0 | AH34: 0 | AL34: 0 | AP34: 0 | AT34: 0 | AX34: 0 | BB34: 0 | BF34: 0 | BJ34: 0 | BN34: 0 | BR34: 0 | BV34: 0 | BZ34: 0 | CD34: 0 | CH34: 0 | CL34: 0 | CP34: 0 | CT34: 0 | CX34: 0 | DB34: 0 | DF34: 0 | DJ34: 0 | DN34: 0 | DR34: 0 | DV34: 0 | DZ34: 0 | ED34: 0 | EH34: 0 | EL34: 0 | EP34: 0 | ET34: 0 | EX34: 0 | EY34: =F34+J34+N34+R34+V34+Z34+AD34+AH34+AL34+AP34+AT34+AX34+BB34+BF34+BJ34+BN34+BR34+BV34+BZ34+CD34+CH34+CL34+CP34+CT34+CX34+DB34+DF34+DJ34+DN34+DR34+DV34+DZ34+ED34+EH34+EL34+EP34+ET34+EX34 -> 0
A35: 625120 | B35: Réunion de la commission executive | F35: 0 | J35: 0 | N35: 0 | R35: 0 | V35: 0 | Z35: 0 | AD35: 0 | AH35: 0 | AL35: 0 | AP35: 0 | AT35: 0 | AX35: 0 | BB35: 0 | BF35: 0 | BJ35: 0 | BN35: 0 | BR35: 0 | BV35: 0 | BZ35: 0 | CD35: 0 | CH35: 0 | CL35: 0 | CP35: 0 | CT35: 0 | CX35: 0 | DB35: 0 | DF35: 0 | DJ35: 0 | DN35: 0 | DR35: 0 | DV35: 0 | DZ35: 0 | ED35: 0 | EH35: 0 | EL35: 0 | EP35: 0 | ET35: 0 | EX35: 0 | EY35: =F35+J35+N35+R35+V35+Z35+AD35+AH35+AL35+AP35+AT35+AX35+BB35+BF35+BJ35+BN35+BR35+BV35+BZ35+CD35+CH35+CL35+CP35+CT35+CX35+DB35+DF35+DJ35+DN35+DR35+DV35+DZ35+ED35+EH35+EL35+EP35+ET35+EX35 -> 0
A36: 625180 | B36: Collectif (intitulé) | F36: 0 | J36: 0 | N36: 0 | R36: 0 | V36: 0 | Z36: 0 | AD36: 0 | AH36: 0 | AL36: 0 | AP36: 0 | AT36: 0 | AX36: 0 | BB36: 0 | BF36: 0 | BJ36: 0 | BN36: 0 | BR36: 0 | BV36: 0 | BZ36: 0 | CD36: 0 | CH36: 0 | CL36: 0 | CP36: 0 | CT36: 0 | CX36: 0 | DB36: 0 | DF36: 0 | DJ36: 0 | DN36: 0 | DR36: 0 | DV36: 0 | DZ36: 0 | ED36: 0 | EH36: 0 | EL36: 0 | EP36: 0 | ET36: 0 | EX36: 0 | EY36: =F36+J36+N36+R36+V36+Z36+AD36+AH36+AL36+AP36+AT36+AX36+BB36+BF36+BJ36+BN36+BR36+BV36+BZ36+CD36+CH36+CL36+CP36+CT36+CX36+DB36+DF36+DJ36+DN36+DR36+DV36+DZ36+ED36+EH36+EL36+EP36+ET36+EX36 -> 0
A37: 625181 | B37: Collectif (intitulé) | F37: 0 | J37: 0 | N37: 0 | R37: 0 | V37: 0 | Z37: 0 | AD37: 0 | AH37: 0 | AL37: 0 | AP37: 0 | AT37: 0 | AX37: 0 | BB37: 0 | BF37: 0 | BJ37: 0 | BN37: 0 | BR37: 0 | BV37: 0 | BZ37: 0 | CD37: 0 | CH37: 0 | CL37: 0 | CP37: 0 | CT37: 0 | CX37: 0 | DB37: 0 | DF37: 0 | DJ37: 0 | DN37: 0 | DR37: 0 | DV37: 0 | DZ37: 0 | ED37: 0 | EH37: 0 | EL37: 0 | EP37: 0 | ET37: 0 | EX37: 0 | EY37: =F37+J37+N37+R37+V37+Z37+AD37+AH37+AL37+AP37+AT37+AX37+BB37+BF37+BJ37+BN37+BR37+BV37+BZ37+CD37+CH37+CL37+CP37+CT37+CX37+DB37+DF37+DJ37+DN37+DR37+DV37+DZ37+ED37+EH37+EL37+EP37+ET37+EX37 -> 0
A38: 625182 | B38: Collectif (intitulé) | F38: 0 | J38: 0 | N38: 0 | R38: 0 | V38: 0 | Z38: 0 | AD38: 0 | AH38: 0 | AL38: 0 | AP38: 0 | AT38: 0 | AX38: 0 | BB38: 0 | BF38: 0 | BJ38: 0 | BN38: 0 | BR38: 0 | BV38: 0 | BZ38: 0 | CD38: 0 | CH38: 0 | CL38: 0 | CP38: 0 | CT38: 0 | CX38: 0 | DB38: 0 | DF38: 0 | DJ38: 0 | DN38: 0 | DR38: 0 | DV38: 0 | DZ38: 0 | ED38: 0 | EH38: 0 | EL38: 0 | EP38: 0 | ET38: 0 | EX38: 0 | EY38: =F38+J38+N38+R38+V38+Z38+AD38+AH38+AL38+AP38+AT38+AX38+BB38+BF38+BJ38+BN38+BR38+BV38+BZ38+CD38+CH38+CL38+CP38+CT38+CX38+DB38+DF38+DJ38+DN38+DR38+DV38+DZ38+ED38+EH38+EL38+EP38+ET38+EX38 -> 0
A39: 625183 | B39: Collectif (intitulé) | F39: 0 | J39: 0 | N39: 0 | R39: 0 | V39: 0 | Z39: 0 | AD39: 0 | AH39: 0 | AL39: 0 | AP39: 0 | AT39: 0 | AX39: 0 | BB39: 0 | BF39: 0 | BJ39: 0 | BN39: 0 | BR39: 0 | BV39: 0 | BZ39: 0 | CD39: 0 | CH39: 0 | CL39: 0 | CP39: 0 | CT39: 0 | CX39: 0 | DB39: 0 | DF39: 0 | DJ39: 0 | DN39: 0 | DR39: 0 | DV39: 0 | DZ39: 0 | ED39: 0 | EH39: 0 | EL39: 0 | EP39: 0 | ET39: 0 | EX39: 0 | EY39: =F39+J39+N39+R39+V39+Z39+AD39+AH39+AL39+AP39+AT39+AX39+BB39+BF39+BJ39+BN39+BR39+BV39+BZ39+CD39+CH39+CL39+CP39+CT39+CX39+DB39+DF39+DJ39+DN39+DR39+DV39+DZ39+ED39+EH39+EL39+EP39+ET39+EX39 -> 0
A40: 625700 | B40: RECEPTION | F40: 0 | J40: 0 | N40: 0 | R40: 0 | V40: 0 | Z40: 0 | AD40: 0 | AH40: 0 | AL40: 0 | AP40: 0 | AT40: 0 | AX40: 0 | BB40: 0 | BF40: 0 | BJ40: 0 | BN40: 0 | BR40: 0 | BV40: 0 | BZ40: 0 | CD40: 0 | CH40: 0 | CL40: 0 | CP40: 0 | CT40: 0 | CX40: 0 | DB40: 0 | DF40: 0 | DJ40: 0 | DN40: 0 | DR40: 0 | DV40: 0 | DZ40: 0 | ED40: 0 | EH40: 0 | EL40: 0 | EP40: 0 | ET40: 0 | EX40: 0 | EY40: =F40+J40+N40+R40+V40+Z40+AD40+AH40+AL40+AP40+AT40+AX40+BB40+BF40+BJ40+BN40+BR40+BV40+BZ40+CD40+CH40+CL40+CP40+CT40+CX40+DB40+DF40+DJ40+DN40+DR40+DV40+DZ40+ED40+EH40+EL40+EP40+ET40+EX40 -> 0
A41: 626100 | B41: TELEPHONE/INTERNET | F41: 0 | J41: 0 | N41: 0 | R41: 0 | V41: 0 | Z41: 0 | AD41: 0 | AH41: 0 | AL41: 0 | AP41: 0 | AT41: 0 | AX41: 0 | BB41: 0 | BF41: 0 | BJ41: 0 | BN41: 0 | BR41: 0 | BV41: 0 | BZ41: 0 | CD41: 0 | CH41: 0 | CL41: 0 | CP41: 0 | CT41: 0 | CX41: 0 | DB41: 0 | DF41: 0 | DJ41: 0 | DN41: 0 | DR41: 0 | DV41: 0 | DZ41: 0 | ED41: 0 | EH41: 0 | EL41: 0 | EP41: 0 | ET41: 0 | EX41: 0 | EY41: =F41+J41+N41+R41+V41+Z41+AD41+AH41+AL41+AP41+AT41+AX41+BB41+BF41+BJ41+BN41+BR41+BV41+BZ41+CD41+CH41+CL41+CP41+CT41+CX41+DB41+DF41+DJ41+DN41+DR41+DV41+DZ41+ED41+EH41+EL41+EP41+ET41+EX41 -> 0
A42: 626200 | B42: AFFRANCHISSEMENT | F42: 0 | J42: 0 | N42: 0 | R42: 0 | V42: 0 | Z42: 0 | AD42: 0 | AH42: 0 | AL42: 0 | AP42: 0 | AT42: 0 | AX42: 0 | BB42: 0 | BF42: 0 | BJ42: 0 | BN42: 0 | BR42: 0 | BV42: 0 | BZ42: 0 | CD42: 0 | CH42: 0 | CL42: 0 | CP42: 0 | CT42: 0 | CX42: 0 | DB42: 0 | DF42: 0 | DJ42: 0 | DN42: 0 | DR42: 0 | DV42: 0 | DZ42: 0 | ED42: 0 | EH42: 0 | EL42: 0 | EP42: 0 | ET42: 0 | EX42: 0 | EY42: =F42+J42+N42+R42+V42+Z42+AD42+AH42+AL42+AP42+AT42+AX42+BB42+BF42+BJ42+BN42+BR42+BV42+BZ42+CD42+CH42+CL42+CP42+CT42+CX42+DB42+DF42+DJ42+DN42+DR42+DV42+DZ42+ED42+EH42+EL42+EP42+ET42+EX42 -> 0
A43: 627000 | B43: FRAIS BANCAIRES | C43: FRAIS 18/01/2016 | F43: 12 | J43: 0 | N43: 0 | R43: 0 | V43: 0 | Z43: 0 | AD43: 0 | AH43: 0 | AL43: 0 | AP43: 0 | AT43: 0 | AX43: 0 | BB43: 0 | BF43: 0 | BJ43: 0 | BN43: 0 | BR43: 0 | BV43: 0 | BZ43: 0 | CD43: 0 | CH43: 0 | CL43: 0 | CP43: 0 | CT43: 0 | CX43: 0 | DB43: 0 | DF43: 0 | DJ43: 0 | DN43: 0 | DR43: 0 | DV43: 0 | DZ43: 0 | ED43: 0 | EH43: 0 | EL43: 0 | EP43: 0 | ET43: 0 | EX43: 0 | EY43: =F43+J43+N43+R43+V43+Z43+AD43+AH43+AL43+AP43+AT43+AX43+BB43+BF43+BJ43+BN43+BR43+BV43+BZ43+CD43+CH43+CL43+CP43+CT43+CX43+DB43+DF43+DJ43+DN43+DR43+DV43+DZ43+ED43+EH43+EL43+EP43+ET43+EX43 -> 12
B44: INCONNU | F44: 0 | J44: 0 | N44: 0 | R44: 0 | V44: 0 | Z44: 0 | AD44: 0 | AH44: 0 | AL44: 0 | AP44: 0 | AT44: 0 | AX44: 0 | BB44: 0 | BF44: 0 | BJ44: 0 | BN44: 0 | BR44: 0 | BV44: 0 | BZ44: 0 | CD44: 0 | CH44: 0 | CL44: 0 | CP44: 0 | CT44: 0 | CX44: 0 | DB44: 0 | DF44: 0 | DJ44: 0 | DN44: 0 | DR44: 0 | DV44: 0 | DZ44: 0 | ED44: 0 | EH44: 0 | EL44: 0 | EP44: 0 | ET44: 0 | EX44: 0 | EY44: =F44+J44+N44+R44+V44+Z44+AD44+AH44+AL44+AP44+AT44+AX44+BB44+BF44+BJ44+BN44+BR44+BV44+BZ44+CD44+CH44+CL44+CP44+CT44+CX44+DB44+DF44+DJ44+DN44+DR44+DV44+DZ44+ED44+EH44+EL44+EP44+ET44+EX44 -> 0
A45: COMPTES D'IMMOBILISATION | F45: 0 | J45: 0 | N45: 0 | R45: 0 | V45: 0 | Z45: 0 | AD45: 0 | AH45: 0 | AL45: 0 | AP45: 0 | AT45: 0 | AX45: 0 | BB45: 0 | BF45: 0 | BJ45: 0 | BN45: 0 | BR45: 0 | BV45: 0 | BZ45: 0 | CD45: 0 | CH45: 0 | CL45: 0 | CP45: 0 | CT45: 0 | CX45: 0 | DB45: 0 | DF45: 0 | DJ45: 0 | DN45: 0 | DR45: 0 | DV45: 0 | DZ45: 0 | ED45: 0 | EH45: 0 | EL45: 0 | EP45: 0 | ET45: 0 | EX45: 0 | EY45: =F45+J45+N45+R45+V45+Z45+AD45+AH45+AL45+AP45+AT45+AX45+BB45+BF45+BJ45+BN45+BR45+BV45+BZ45+CD45+CH45+CL45+CP45+CT45+CX45+DB45+DF45+DJ45+DN45+DR45+DV45+DZ45+ED45+EH45+EL45+EP45+ET45+EX45 -> 0
A46: 218300 | B46: MATERIEL DE BUREAU ET INFORMATIQUE (≥ 500€ unitaire) | F46: 0 | J46: 0 | N46: 0 | R46: 0 | V46: 0 | Z46: 0 | AD46: 0 | AH46: 0 | AL46: 0 | AP46: 0 | AT46: 0 | AX46: 0 | BB46: 0 | BF46: 0 | BJ46: 0 | BN46: 0 | BR46: 0 | BV46: 0 | BZ46: 0 | CD46: 0 | CH46: 0 | CL46: 0 | CP46: 0 | CT46: 0 | CX46: 0 | DB46: 0 | DF46: 0 | DJ46: 0 | DN46: 0 | DR46: 0 | DV46: 0 | DZ46: 0 | ED46: 0 | EH46: 0 | EL46: 0 | EP46: 0 | ET46: 0 | EX46: 0 | EY46: =F46+J46+N46+R46+V46+Z46+AD46+AH46+AL46+AP46+AT46+AX46+BB46+BF46+BJ46+BN46+BR46+BV46+BZ46+CD46+CH46+CL46+CP46+CT46+CX46+DB46+DF46+DJ46+DN46+DR46+DV46+DZ46+ED46+EH46+EL46+EP46+ET46+EX46 -> 0
A47: RECAP MENSUEL | EX47: T-Dépenses | EY47: =SUM(EY16:EY46) -> 515.12
A48: Solde bancaire au 31-01-2016 | B48: Total recettes | D48: =EY12 -> 109.76
B49: Total dépenses | C49: =EY47 -> 515.12
B50: solde | C50: =C2+D48-C49 -> 2359.09
A52: INFO INCONNU

Sheet Février
E1: MOIS DE DECEMBRE 2012
A2: Solde bancaire au 31-01-2016 | C2: =Janvier!C50 -> 2359.09
A4: RECETTES | EY4: TOTAUX
A5: COMPTES | B5: LIBELLES DES COMPTES | C5: LIBELLES RECETTES | F5: MONTANTS | G5: LIBELLES RECETTES | J5: MONTANTS | K5: LIBELLES RECETTES | N5: MONTANTS | O5: LIBELLES RECETTES | R5: MONTANTS | S5: LIBELLES RECETTES | V5: MONTANTS | W5: LIBELLES RECETTES | Z5: MONTANTS | AA5: LIBELLES RECETTES | AD5: MONTANTS | AE5: LIBELLES RECETTES | AH5: MONTANTS | AI5: LIBELLES RECETTES | AL5: MONTANTS | AM5: LIBELLES RECETTES | AP5: MONTANTS | AQ5: LIBELLES RECETTES | AT5: MONTANTS | AU5: LIBELLES RECETTES | AX5: MONTANTS | AY5: LIBELLES RECETTES | BB5: MONTANTS | BC5: LIBELLES RECETTES | BF5: MONTANTS | BG5: LIBELLES RECETTES | BJ5: MONTANTS | BK5: LIBELLES RECETTES | BN5: MONTANTS | BO5: LIBELLES RECETTES | BR5: MONTANTS | BS5: LIBELLES RECETTES | BV5: MONTANTS | BW5: LIBELLES RECETTES | BZ5: MONTANTS | CA5: LIBELLES RECETTES | CD5: MONTANTS | CE5: LIBELLES RECETTES | CH5: MONTANTS | CI5: LIBELLES RECETTES | CL5: MONTANTS | CM5: LIBELLES RECETTES | CP5: MONTANTS | CQ5: LIBELLES RECETTES | CT5: MONTANTS | CU5: LIBELLES RECETTES | CX5: MONTANTS | CY5: LIBELLES RECETTES | DB5: MONTANTS | DC5: LIBELLES RECETTES | DF5: MONTANTS | DG5: LIBELLES RECETTES | DJ5: MONTANTS | DK5: LIBELLES RECETTES | DN5: MONTANTS | DO5: LIBELLES RECETTES | DR5: MONTANTS | DS5: LIBELLES RECETTES | DV5: MONTANTS | DW5: LIBELLES RECETTES | DZ5: MONTANTS | EA5: LIBELLES RECETTES | ED5: MONTANTS | EE5: LIBELLES RECETTES | EH5: MONTANTS | EI5: LIBELLES RECETTES | EL5: MONTANTS | EM5: LIBELLES RECETTES | EP5: MONTANTS | EQ5: LIBELLES RECETTES | ET5: MONTANTS | EU5: LIBELLES RECETTES | EX5: MONTANTS
A6: 707100 | B6: VENTE DE MATERIEL SYNDICAL | C6: RBT | F6: 509.89 | J6: 0 | N6: 0 | R6: 0 | V6: 0 | Z6: 0 | AD6: 0 | AH6: 0 | AL6: 0 | AP6: 0 | AT6: 0 | AX6: 0 | BB6: 0 | BF6: 0 | BJ6: 0 | BN6: 0 | BR6: 0 | BV6: 0 | BZ6: 0 | CD6: 0 | CH6: 0 | CL6: 0 | CP6: 0 | CT6: 0 | CX6: 0 | DB6: 0 | DF6: 0 | DJ6: 0 | DN6: 0 | DR6: 0 | DV6: 0 | DZ6: 0 | ED6: 0 | EH6: 0 | EL6: 0 | EP6: 0 | ET6: 0 | EX6: 0 | EY6: =F6+J6+N6+R6+V6+Z6+AD6+AH6+AL6+AP6+AT6+AX6+BB6+BF6+BJ6+BN6+BR6+BV6+BZ6+CD6+CH6+CL6+CP6+CT6+CX6+DB6+DF6+DJ6+DN6+DR6+DV6+DZ6+ED6+EH6+EL6+EP6+ET6+EX6 -> 509.89
A7: 741100 | B7: SUBVENTION PUBLIQUE | F7: 0 | J7: 0 | N7: 0 | R7: 0 | V7: 0 | Z7: 0 | AD7: 0 | AH7: 0 | AL7: 0 | AP7: 0 | AT7: 0 | AX7: 0 | BB7: 0 | BF7: 0 | BJ7: 0 | BN7: 0 | BR7: 0 | BV7: 0 | BZ7: 0 | CD7: 0 | CH7: 0 | CL7: 0 | CP7: 0 | CT7: 0 | CX7: 0 | DB7: 0 | DF7: 0 | DJ7: 0 | DN7: 0 | DR7: 0 | DV7: 0 | DZ7: 0 | ED7: 0 | EH7: 0 | EL7: 0 | EP7: 0 | ET7: 0 | EX7: 0 | EY7: =F7+J7+N7+R7+V7+Z7+AD7+AH7+AL7+AP7+AT7+AX7+BB7+BF7+BJ7+BN7+BR7+BV7+BZ7+CD7+CH7+CL7+CP7+CT7+CX7+DB7+DF7+DJ7+DN7+DR7+DV7+DZ7+ED7+EH7+EL7+EP7+ET7+EX7 -> 0
A8: 754000 | B8: COLLECTES DONS SOUSCRIPTIONS | F8: 0 | J8: 0 | N8: 0 | R8: 0 | V8: 0 | Z8: 0 | AD8: 0 | AH8: 0 | AL8: 0 | AP8: 0 | AT8: 0 | AX8: 0 | BB8: 0 | BF8: 0 | BJ8: 0 | BN8: 0 | BR8: 0 | BV8: 0 | BZ8: 0 | CD8: 0 | CH8: 0 | CL8: 0 | CP8: 0 | CT8: 0 | CX8: 0 | DB8: 0 | DF8: 0 | DJ8: 0 | DN8: 0 | DR8: 0 | DV8: 0 | DZ8: 0 | ED8: 0 | EH8: 0 | EL8: 0 | EP8: 0 | ET8: 0 | EX8: 0 | EY8: =F8+J8+N8+R8+V8+Z8+AD8+AH8+AL8+AP8+AT8+AX8+BB8+BF8+BJ8+BN8+BR8+BV8+BZ8+CD8+CH8+CL8+CP8+CT8+CX8+DB8+DF8+DJ8+DN8+DR8+DV8+DZ8+ED8+EH8+EL8+EP8+ET8+EX8 -> 0
A9: 756100 | B9: COTISATION | F9: 0 | J9: 0 | N9: 0 | R9: 0 | V9: 0 | Z9: 0 | AD9: 0 | AH9: 0 | AL9: 0 | AP9: 0 | AT9: 0 | AX9: 0 | BB9: 0 | BF9: 0 | BJ9: 0 | BN9: 0 | BR9: 0 | BV9: 0 | BZ9: 0 | CD9: 0 | CH9: 0 | CL9: 0 | CP9: 0 | CT9: 0 | CX9: 0 | DB9: 0 | DF9: 0 | DJ9: 0 | DN9: 0 | DR9: 0 | DV9: 0 | DZ9: 0 | ED9: 0 | EH9: 0 | EL9: 0 | EP9: 0 | ET9: 0 | EX9: 0 | EY9: =F9+J9+N9+R9+V9+Z9+AD9+AH9+AL9+AP9+AT9+AX9+BB9+BF9+BJ9+BN9+BR9+BV9+BZ9+CD9+CH9+CL9+CP9+CT9+CX9+DB9+DF9+DJ9+DN9+DR9+DV9+DZ9+ED9+EH9+EL9+EP9+ET9+EX9 -> 0
A10: 791100 | B10: REMBOURSEMENT FRAIS DPLCT (FEDE) | C10: RBS FEDE 10/02/2016 | F10: 144.76 | G10: RBT FEDE 17/02/2016 | J10: 194.32 | N10: 0 | R10: 0 | V10: 0 | Z10: 0 | AD10: 0 | AH10: 0 | AL10: 0 | AP10: 0 | AT10: 0 | AX10: 0 | BB10: 0 | BF10: 0 | BJ10: 0 | BN10: 0 | BR10: 0 | BV10: 0 | BZ10: 0 | CD10: 0 | CH10: 0 | CL10: 0 | CP10: 0 | CT10: 0 | CX10: 0 | DB10: 0 | DF10: 0 | DJ10: 0 | DN10: 0 | DR10: 0 | DV10: 0 | DZ10: 0 | ED10: 0 | EH10: 0 | EL10: 0 | EP10: 0 | ET10: 0 | EX10: 0 | EY10: =F10+J10+N10+R10+V10+Z10+AD10+AH10+AL10+AP10+AT10+AX10+BB10+BF10+BJ10+BN10+BR10+BV10+BZ10+CD10+CH10+CL10+CP10+CT10+CX10+DB10+DF10+DJ10+DN10+DR10+DV10+DZ10+ED10+EH10+EL10+EP10+ET10+EX10 -> 339.08
B11: INCONNU | F11: 0 | J11: 0 | N11: 0 | R11: 0 | V11: 0 | Z11: 0 | AD11: 0 | AH11: 0 | AL11: 0 | AP11: 0 | AT11: 0 | AX11: 0 | BB11: 0 | BF11: 0 | BJ11: 0 | BN11: 0 | BR11: 0 | BV11: 0 | BZ11: 0 | CD11: 0 | CH11: 0 | CL11: 0 | CP11: 0 | CT11: 0 | CX11: 0 | DB11: 0 | DF11: 0 | DJ11: 0 | DN11: 0 | DR11: 0 | DV11: 0 | DZ11: 0 | ED11: 0 | EH11: 0 | EL11: 0 | EP11: 0 | ET11: 0 | EX11: 0 | EY11: =F11+J11+N11+R11+V11+Z11+AD11+AH11+AL11+AP11+AT11+AX11+BB11+BF11+BJ11+BN11+BR11+BV11+BZ11+CD11+CH11+CL11+CP11+CT11+CX11+DB11+DF11+DJ11+DN11+DR11+DV11+DZ11+ED11+EH11+EL11+EP11+ET11+EX11 -> 0
EX12: T-Recettes | EY12: =SUM(EY6:EY11) -> 848.97
A13: DEPENSES
A14: COMPTES | B14: LIBELLES DES COMPTES | C14: LIBELLES DEPENSES | F14: MONTANTS | G14: LIBELLES DEPENSES | J14: MONTANTS | K14: LIBELLES DEPENSES | N14: MONTANTS | O14: LIBELLES DEPENSES | R14: MONTANTS | S14: LIBELLES DEPENSES | V14: MONTANTS | W14: LIBELLES DEPENSES | Z14: MONTANTS | AA14: LIBELLES DEPENSES | AD14: MONTANTS | AE14: LIBELLES DEPENSES | AH14: MONTANTS | AI14: LIBELLES DEPENSES | AL14: MONTANTS | AM14: LIBELLES DEPENSES | AP14: MONTANTS | AQ14: LIBELLES DEPENSES | AT14: MONTANTS | AU14: LIBELLES DEPENSES | AX14: MONTANTS | AY14: LIBELLES DEPENSES | BB14: MONTANTS | BC14: LIBELLES DEPENSES | BF14: MONTANTS | BG14: LIBELLES DEPENSES | BJ14: MONTANTS | BK14: LIBELLES DEPENSES | BN14: MONTANTS | BO14: LIBELLES DEPENSES | BR14: MONTANTS | BS14: LIBELLES DEPENSES | BV14: MONTANTS | BW14: LIBELLES DEPENSES | BZ14: MONTANTS | CA14: LIBELLES DEPENSES | CD14: MONTANTS | CE14: LIBELLES DEPENSES | CH14: MONTANTS | CI14: LIBELLES DEPENSES | CL14: MONTANTS | CM14: LIBELLES DEPENSES | CP14: MONTANTS | CQ14: LIBELLES DEPENSES | CT14: MONTANTS | CU14: LIBELLES DEPENSES | CX14: MONTANTS | CY14: LIBELLES DEPENSES | DB14: MONTANTS | DC14: LIBELLES DEPENSES | DF14: MONTANTS | DG14: LIBELLES DEPENSES | DJ14: MONTANTS | DK14: LIBELLES DEPENSES | DN14: MONTANTS | DO14: LIBELLES DEPENSES | DR14: MONTANTS | DS14: LIBELLES DEPENSES | DV14: MONTANTS | DW14: LIBELLES DEPENSES | DZ14: MONTANTS | EA14: LIBELLES DEPENSES | ED14: MONTANTS | EE14: LIBELLES DEPENSES | EH14: MONTANTS | EI14: LIBELLES DEPENSES | EL14: MONTANTS | EM14: LIBELLES DEPENSES | EP14: MONTANTS | EQ14: LIBELLES DEPENSES | ET14: MONTANTS | EU14: LIBELLES DEPENSES | EX14: MONTANTS
B15: COGETISE | F15: 0 | J15: 0 | N15: 0 | R15: 0 | V15: 0 | Z15: 0 | AD15: 0 | AH15: 0 | AL15: 0 | AP15: 0 | AT15: 0 | AX15: 0 | BB15: 0 | BF15: 0 | BJ15: 0 | BN15: 0 | BR15: 0 | BV15: 0 | BZ15: 0 | CD15: 0 | CH15: 0 | CL15: 0 | CP15: 0 | CT15: 0 | CX15: 0 | DB15: 0 | DF15: 0 | DJ15: 0 | DN15: 0 | DR15: 0 | DV15: 0 | DZ15: 0 | ED15: 0 | EH15: 0 | EL15: 0 | EP15: 0 | ET15: 0 | EX15: 0 | EY15: =F15+J15+N15+R15+V15+Z15+AD15+AH15+AL15+AP15+AT15+AX15+BB15+BF15+BJ15+BN15+BR15+BV15+BZ15+CD15+CH15+CL15+CP15+CT15+CX15+DB15+DF15+DJ15+DN15+DR15+DV15+DZ15+ED15+EH15+EL15+EP15+ET15+EX15 -> 0
A16: 606100 | B16: FOURNITURES ADMINISTRATIVES | F16: 0 | J16: 0 | N16: 0 | R16: 0 | V16: 0 | Z16: 0 | AD16: 0 | AH16: 0 | AL16: 0 | AP16: 0 | AT16: 0 | AX16: 0 | BB16: 0 | BF16: 0 | BJ16: 0 | BN16: 0 | BR16: 0 | BV16: 0 | BZ16: 0 | CD16: 0 | CH16: 0 | CL16: 0 | CP16: 0 | CT16: 0 | CX16: 0 | DB16: 0 | DF16: 0 | DJ16: 0 | DN16: 0 | DR16: 0 | DV16: 0 | DZ16: 0 | ED16: 0 | EH16: 0 | EL16: 0 | EP16: 0 | ET16: 0 | EX16: 0 | EY16: =F16+J16+N16+R16+V16+Z16+AD16+AH16+AL16+AP16+AT16+AX16+BB16+BF16+BJ16+BN16+BR16+BV16+BZ16+CD16+CH16+CL16+CP16+CT16+CX16+DB16+DF16+DJ16+DN16+DR16+DV16+DZ16+ED16+EH16+EL16+EP16+ET16+EX16 -> 0
A17: 606200 | B17: FRAIS D'IMPRESSION/PHOTOCOPIES | C17: PHOTOCOPIES UD 04/02/2016 | F17: 47.1 | J17: 0 | N17: 0 | R17: 0 | V17: 0 | Z17: 0 | AD17: 0 | AH17: 0 | AL17: 0 | AP17: 0 | AT17: 0 | AX17: 0 | BB17: 0 | BF17: 0 | BJ17: 0 | BN17: 0 | BR17: 0 | BV17: 0 | BZ17: 0 | CD17: 0 | CH17: 0 | CL17: 0 | CP17: 0 | CT17: 0 | CX17: 0 | DB17: 0 | DF17: 0 | DJ17: 0 | DN17: 0 | DR17: 0 | DV17: 0 | DZ17: 0 | ED17: 0 | EH17: 0 | EL17: 0 | EP17: 0 | ET17: 0 | EX17: 0 | EY17: =F17+J17+N17+R17+V17+Z17+AD17+AH17+AL17+AP17+AT17+AX17+BB17+BF17+BJ17+BN17+BR17+BV17+BZ17+CD17+CH17+CL17+CP17+CT17+CX17+DB17+DF17+DJ17+DN17+DR17+DV17+DZ17+ED17+EH17+EL17+EP17+ET17+EX17 -> 47.1
A18: 606300 | B18: FOURNITURES PETITS EQUIPEMENTS (≤ 500€ unitaire) | F18: 0 | J18: 0 | N18: 0 | R18: 0 | V18: 0 | Z18: 0 | AD18: 0 | AH18: 0 | AL18: 0 | AP18: 0 | AT18: 0 | AX18: 0 | BB18: 0 | BF18: 0 | BJ18: 0 | BN18: 0 | BR18: 0 | BV18: 0 | BZ18: 0 | CD18: 0 | CH18: 0 | CL18: 0 | CP18: 0 | CT18: 0 | CX18: 0 | DB18: 0 | DF18: 0 | DJ18: 0 | DN18: 0 | DR18: 0 | DV18: 0 | DZ18: 0 | ED18: 0 | EH18: 0 | EL18: 0 | EP18: 0 | ET18: 0 | EX18: 0 | EY18: =F18+J18+N18+R18+V18+Z18+AD18+AH18+AL18+AP18+AT18+AX18+BB18+BF18+BJ18+BN18+BR18+BV18+BZ18+CD18+CH18+CL18+CP18+CT18+CX18+DB18+DF18+DJ18+DN18+DR18+DV18+DZ18+ED18+EH18+EL18+EP18+ET18+EX18 -> 0
A19: 606800 | B19: ACHAT DIVERS | F19: 0 | J19: 0 | N19: 0 | R19: 0 | V19: 0 | Z19: 0 | AD19: 0 | AH19: 0 | AL19: 0 | AP19: 0 | AT19: 0 | AX19: 0 | BB19: 0 | BF19: 0 | BJ19: 0 | BN19: 0 | BR19: 0 | BV19: 0 | BZ19: 0 | CD19: 0 | CH19: 0 | CL19: 0 | CP19: 0 | CT19: 0 | CX19: 0 | DB19: 0 | DF19: 0 | DJ19: 0 | DN19: 0 | DR19: 0 | DV19: 0 | DZ19: 0 | ED19: 0 | EH19: 0 | EL19: 0 | EP19: 0 | ET19: 0 | EX19: 0 | EY19: =F19+J19+N19+R19+V19+Z19+AD19+AH19+AL19+AP19+AT19+AX19+BB19+BF19+BJ19+BN19+BR19+BV19+BZ19+CD19+CH19+CL19+CP19+CT19+CX19+DB19+DF19+DJ19+DN19+DR19+DV19+DZ19+ED19+EH19+EL19+EP19+ET19+EX19 -> 0
A20: 607100 | B20: MATERIEL SYNDICAL | C20: ACHAT 03/02/2016 | F20: 509.89 | J20: 0 | N20: 0 | R20: 0 | V20: 0 | Z20: 0 | AD20: 0 | AH20: 0 | AL20: 0 | AP20: 0 | AT20: 0 | AX20: 0 | BB20: 0 | BF20: 0 | BJ20: 0 | BN20: 0 | BR20: 0 | BV20: 0 | BZ20: 0 | CD20: 0 | CH20: 0 | CL20: 0 | CP20: 0 | CT20: 0 | CX20: 0 | DB20: 0 | DF20: 0 | DJ20: 0 | DN20: 0 | DR20: 0 | DV20: 0 | DZ20: 0 | ED20: 0 | EH20: 0 | EL20: 0 | EP20: 0 | ET20: 0 | EX20: 0 | EY20: =F20+J20+N20+R20+V20+Z20+AD20+AH20+AL20+AP20+AT20+AX20+BB20+BF20+BJ20+BN20+BR20+BV20+BZ20+CD20+CH20+CL20+CP20+CT20+CX20+DB20+DF20+DJ20+DN20+DR20+DV20+DZ20+ED20+EH20+EL20+EP20+ET20+EX20 -> 509.89
A21: 613000 | B21: LOCATION (salles, machines…) | F21: 0 | J21: 0 | N21: 0 | R21: 0 | V21: 0 | Z21: 0 | AD21: 0 | AH21: 0 | AL21: 0 | AP21: 0 | AT21: 0 | AX21: 0 | BB21: 0 | BF21: 0 | BJ21: 0 | BN21: 0 | BR21: 0 | BV21: 0 | BZ21: 0 | CD21: 0 | CH21: 0 | CL21: 0 | CP21: 0 | CT21: 0 | CX21: 0 | DB21: 0 | DF21: 0 | DJ21: 0 | DN21: 0 | DR21: 0 | DV21: 0 | DZ21: 0 | ED21: 0 | EH21: 0 | EL21: 0 | EP21: 0 | ET21: 0 | EX21: 0 | EY21: =F21+J21+N21+R21+V21+Z21+AD21+AH21+AL21+AP21+AT21+AX21+BB21+BF21+BJ21+BN21+BR21+BV21+BZ21+CD21+CH21+CL21+CP21+CT21+CX21+DB21+DF21+DJ21+DN21+DR21+DV21+DZ21+ED21+EH21+EL21+EP21+ET21+EX21 -> 0
A22: 615000 | B22: MAINTENANCE/ENTRETIEN | F22: 0 | J22: 0 | N22: 0 | R22: 0 | V22: 0 | Z22: 0 | AD22: 0 | AH22: 0 | AL22: 0 | AP22: 0 | AT22: 0 | AX22: 0 | BB22: 0 | BF22: 0 | BJ22: 0 | BN22: 0 | BR22: 0 | BV22: 0 | BZ22: 0 | CD22: 0 | CH22: 0 | CL22: 0 | CP22: 0 | CT22: 0 | CX22: 0 | DB22: 0 | DF22: 0 | DJ22: 0 | DN22: 0 | DR22: 0 | DV22: 0 | DZ22: 0 | ED22: 0 | EH22: 0 | EL22: 0 | EP22: 0 | ET22: 0 | EX22: 0 | EY22: =F22+J22+N22+R22+V22+Z22+AD22+AH22+AL22+AP22+AT22+AX22+BB22+BF22+BJ22+BN22+BR22+BV22+BZ22+CD22+CH22+CL22+CP22+CT22+CX22+DB22+DF22+DJ22+DN22+DR22+DV22+DZ22+ED22+EH22+EL22+EP22+ET22+EX22 -> 0
A23: 616000 | B23: ASSURANCES | F23: 0 | J23: 0 | N23: 0 | R23: 0 | V23: 0 | Z23: 0 | AD23: 0 | AH23: 0 | AL23: 0 | AP23: 0 | AT23: 0 | AX23: 0 | BB23: 0 | BF23: 0 | BJ23: 0 | BN23: 0 | BR23: 0 | BV23: 0 | BZ23: 0 | CD23: 0 | CH23: 0 | CL23: 0 | CP23: 0 | CT23: 0 | CX23: 0 | DB23: 0 | DF23: 0 | DJ23: 0 | DN23: 0 | DR23: 0 | DV23: 0 | DZ23: 0 | ED23: 0 | EH23: 0 | EL23: 0 | EP23: 0 | ET23: 0 | EX23: 0 | EY23: =F23+J23+N23+R23+V23+Z23+AD23+AH23+AL23+AP23+AT23+AX23+BB23+BF23+BJ23+BN23+BR23+BV23+BZ23+CD23+CH23+CL23+CP23+CT23+CX23+DB23+DF23+DJ23+DN23+DR23+DV23+DZ23+ED23+EH23+EL23+EP23+ET23+EX23 -> 0
A24: 618100 | B24: DOCUMENTATION/ABONNEMENTS | F24: 0 | J24: 0 | N24: 0 | R24: 0 | V24: 0 | Z24: 0 | AD24: 0 | AH24: 0 | AL24: 0 | AP24: 0 | AT24: 0 | AX24: 0 | BB24: 0 | BF24: 0 | BJ24: 0 | BN24: 0 | BR24: 0 | BV24: 0 | BZ24: 0 | CD24: 0 | CH24: 0 | CL24: 0 | CP24: 0 | CT24: 0 | CX24: 0 | DB24: 0 | DF24: 0 | DJ24: 0 | DN24: 0 | DR24: 0 | DV24: 0 | DZ24: 0 | ED24: 0 | EH24: 0 | EL24: 0 | EP24: 0 | ET24: 0 | EX24: 0 | EY24: =F24+J24+N24+R24+V24+Z24+AD24+AH24+AL24+AP24+AT24+AX24+BB24+BF24+BJ24+BN24+BR24+BV24+BZ24+CD24+CH24+CL24+CP24+CT24+CX24+DB24+DF24+DJ24+DN24+DR24+DV24+DZ24+ED24+EH24+EL24+EP24+ET24+EX24 -> 0
A25: 618600 | B25: FORMATIONS | F25: 0 | J25: 0 | N25: 0 | R25: 0 | V25: 0 | Z25: 0 | AD25: 0 | AH25: 0 | AL25: 0 | AP25: 0 | AT25: 0 | AX25: 0 | BB25: 0 | BF25: 0 | BJ25: 0 | BN25: 0 | BR25: 0 | BV25: 0 | BZ25: 0 | CD25: 0 | CH25: 0 | CL25: 0 | CP25: 0 | CT25: 0 | CX25: 0 | DB25: 0 | DF25: 0 | DJ25: 0 | DN25: 0 | DR25: 0 | DV25: 0 | DZ25: 0 | ED25: 0 | EH25: 0 | EL25: 0 | EP25: 0 | ET25: 0 | EX25: 0 | EY25: =F25+J25+N25+R25+V25+Z25+AD25+AH25+AL25+AP25+AT25+AX25+BB25+BF25+BJ25+BN25+BR25+BV25+BZ25+CD25+CH25+CL25+CP25+CT25+CX25+DB25+DF25+DJ25+DN25+DR25+DV25+DZ25+ED25+EH25+EL25+EP25+ET25+EX25 -> 0
A26: 618610 | B26: Formations (intitulé de la formation) | F26: 0 | J26: 0 | N26: 0 | R26: 0 | V26: 0 | Z26: 0 | AD26: 0 | AH26: 0 | AL26: 0 | AP26: 0 | AT26: 0 | AX26: 0 | BB26: 0 | BF26: 0 | BJ26: 0 | BN26: 0 | BR26: 0 | BV26: 0 | BZ26: 0 | CD26: 0 | CH26: 0 | CL26: 0 | CP26: 0 | CT26: 0 | CX26: 0 | DB26: 0 | DF26: 0 | DJ26: 0 | DN26: 0 | DR26: 0 | DV26: 0 | DZ26: 0 | ED26: 0 | EH26: 0 | EL26: 0 | EP26: 0 | ET26: 0 | EX26: 0 | EY26: =F26+J26+N26+R26+V26+Z26+AD26+AH26+AL26+AP26+AT26+AX26+BB26+BF26+BJ26+BN26+BR26+BV26+BZ26+CD26+CH26+CL26+CP26+CT26+CX26+DB26+DF26+DJ26+DN26+DR26+DV26+DZ26+ED26+EH26+EL26+EP26+ET26+EX26 -> 0
A27: 618620 | B27: Formations (intitulé de la formation) | F27: 0 | J27: 0 | N27: 0 | R27: 0 | V27: 0 | Z27: 0 | AD27: 0 | AH27: 0 | AL27: 0 | AP27: 0 | AT27: 0 | AX27: 0 | BB27: 0 | BF27: 0 | BJ27: 0 | BN27: 0 | BR27: 0 | BV27: 0 | BZ27: 0 | CD27: 0 | CH27: 0 | CL27: 0 | CP27: 0 | CT27: 0 | CX27: 0 | DB27: 0 | DF27: 0 | DJ27: 0 | DN27: 0 | DR27: 0 | DV27: 0 | DZ27: 0 | ED27: 0 | EH27: 0 | EL27: 0 | EP27: 0 | ET27: 0 | EX27: 0 | EY27: =F27+J27+N27+R27+V27+Z27+AD27+AH27+AL27+AP27+AT27+AX27+BB27+BF27+BJ27+BN27+BR27+BV27+BZ27+CD27+CH27+CL27+CP27+CT27+CX27+DB27+DF27+DJ27+DN27+DR27+DV27+DZ27+ED27+EH27+EL27+EP27+ET27+EX27 -> 0
B28: JOURNEES D'ETUDES | F28: 0 | J28: 0 | N28: 0 | R28: 0 | V28: 0 | Z28: 0 | AD28: 0 | AH28: 0 | AL28: 0 | AP28: 0 | AT28: 0 | AX28: 0 | BB28: 0 | BF28: 0 | BJ28: 0 | BN28: 0 | BR28: 0 | BV28: 0 | BZ28: 0 | CD28: 0 | CH28: 0 | CL28: 0 | CP28: 0 | CT28: 0 | CX28: 0 | DB28: 0 | DF28: 0 | DJ28: 0 | DN28: 0 | DR28: 0 | DV28: 0 | DZ28: 0 | ED28: 0 | EH28: 0 | EL28: 0 | EP28: 0 | ET28: 0 | EX28: 0 | EY28: =F28+J28+N28+R28+V28+Z28+AD28+AH28+AL28+AP28+AT28+AX28+BB28+BF28+BJ28+BN28+BR28+BV28+BZ28+CD28+CH28+CL28+CP28+CT28+CX28+DB28+DF28+DJ28+DN28+DR28+DV28+DZ28+ED28+EH28+EL28+EP28+ET28+EX28 -> 0
A29: 618630 | B29: Journées d'études (intitulé de la journée d'étude) | F29: 0 | J29: 0 | N29: 0 | R29: 0 | V29: 0 | Z29: 0 | AD29: 0 | AH29: 0 | AL29: 0 | AP29: 0 | AT29: 0 | AX29: 0 | BB29: 0 | BF29: 0 | BJ29: 0 | BN29: 0 | BR29: 0 | BV29: 0 | BZ29: 0 | CD29: 0 | CH29: 0 | CL29: 0 | CP29: 0 | CT29: 0 | CX29: 0 | DB29: 0 | DF29: 0 | DJ29: 0 | DN29: 0 | DR29: 0 | DV29: 0 | DZ29: 0 | ED29: 0 | EH29: 0 | EL29: 0 | EP29: 0 | ET29: 0 | EX29: 0 | EY29: =F29+J29+N29+R29+V29+Z29+AD29+AH29+AL29+AP29+AT29+AX29+BB29+BF29+BJ29+BN29+BR29+BV29+BZ29+CD29+CH29+CL29+CP29+CT29+CX29+DB29+DF29+DJ29+DN29+DR29+DV29+DZ29+ED29+EH29+EL29+EP29+ET29+EX29 -> 0
A30: 618640 | B30: Journées d'études (intitulé de la journée d'étude) | F30: 0 | J30: 0 | N30: 0 | R30: 0 | V30: 0 | Z30: 0 | AD30: 0 | AH30: 0 | AL30: 0 | AP30: 0 | AT30: 0 | AX30: 0 | BB30: 0 | BF30: 0 | BJ30: 0 | BN30: 0 | BR30: 0 | BV30: 0 | BZ30: 0 | CD30: 0 | CH30: 0 | CL30: 0 | CP30: 0 | CT30: 0 | CX30: 0 | DB30: 0 | DF30: 0 | DJ30: 0 | DN30: 0 | DR30: 0 | DV30: 0 | DZ30: 0 | ED30: 0 | EH30: 0 | EL30: 0 | EP30: 0 | ET30: 0 | EX30: 0 | EY30: =F30+J30+N30+R30+V30+Z30+AD30+AH30+AL30+AP30+AT30+AX30+BB30+BF30+BJ30+BN30+BR30+BV30+BZ30+CD30+CH30+CL30+CP30+CT30+CX30+DB30+DF30+DJ30+DN30+DR30+DV30+DZ30+ED30+EH30+EL30+EP30+ET30+EX30 -> 0
A31: 623700 | B31: PUBLICATION | F31: 0 | J31: 0 | N31: 0 | R31: 0 | V31: 0 | Z31: 0 | AD31: 0 | AH31: 0 | AL31: 0 | AP31: 0 | AT31: 0 | AX31: 0 | BB31: 0 | BF31: 0 | BJ31: 0 | BN31: 0 | BR31: 0 | BV31: 0 | BZ31: 0 | CD31: 0 | CH31: 0 | CL31: 0 | CP31: 0 | CT31: 0 | CX31: 0 | DB31: 0 | DF31: 0 | DJ31: 0 | DN31: 0 | DR31: 0 | DV31: 0 | DZ31: 0 | ED31: 0 | EH31: 0 | EL31: 0 | EP31: 0 | ET31: 0 | EX31: 0 | EY31: =F31+J31+N31+R31+V31+Z31+AD31+AH31+AL31+AP31+AT31+AX31+BB31+BF31+BJ31+BN31+BR31+BV31+BZ31+CD31+CH31+CL31+CP31+CT31+CX31+DB31+DF31+DJ31+DN31+DR31+DV31+DZ31+ED31+EH31+EL31+EP31+ET31+EX31 -> 0
A32: 623800 | B32: SOLIDARITE/DONS | F32: 0 | J32: 0 | N32: 0 | R32: 0 | V32: 0 | Z32: 0 | AD32: 0 | AH32: 0 | AL32: 0 | AP32: 0 | AT32: 0 | AX32: 0 | BB32: 0 | BF32: 0 | BJ32: 0 | BN32: 0 | BR32: 0 | BV32: 0 | BZ32: 0 | CD32: 0 | CH32: 0 | CL32: 0 | CP32: 0 | CT32: 0 | CX32: 0 | DB32: 0 | DF32: 0 | DJ32: 0 | DN32: 0 | DR32: 0 | DV32: 0 | DZ32: 0 | ED32: 0 | EH32: 0 | EL32: 0 | EP32: 0 | ET32: 0 | EX32: 0 | EY32: =F32+J32+N32+R32+V32+Z32+AD32+AH32+AL32+AP32+AT32+AX32+BB32+BF32+BJ32+BN32+BR32+BV32+BZ32+CD32+CH32+CL32+CP32+CT32+CX32+DB32+DF32+DJ32+DN32+DR32+DV32+DZ32+ED32+EH32+EL32+EP32+ET32+EX32 -> 0
A33: 625100 | B33: FRAIS DE DEPLACEMENTS (repas, essence, train, avion, frais kilométriques, péage…) | C33: ESSENCE CB 02/02/2016 | F33: 30.4 | G33: REPAS CB 03/02/2016 | J33: 11.75 | K33: REPAS CB 08/02/2016 | N33: 70 | O33: TAXI CB 10/02/2016 | R33: 24.6 | S33: REPAS CB MONTREUIL 10/02/2016 | V33: 19 | W33: HOTEL MONTREUIL CB 10/02/2016 | Z33: 193.98 | AA33: REPAS MONTREUIL 15/2/2016 | AD33: 20.8 | AE33: REPAS CB 16/2/2016 | AH33: 27.6 | AI33: ESSENCE CB 16/02/2016 | AL33: 27.07 | AM33: RBT CH 2211579 19/02/2016 | AP33: 90 | AQ33: REPAS CB 29/02/2016 | AT33: 19.71 | AU33: REPAS CB 01/03/2016 | AX33: 15.37 | BB33: 0 | BF33: 0 | BJ33: 0 | BN33: 0 | BR33: 0 | BV33: 0 | BZ33: 0 | CD33: 0 | CH33: 0 | CL33: 0 | CP33: 0 | CT33: 0 | CX33: 0 | DB33: 0 | DF33: 0 | DJ33: 0 | DN33: 0 | DR33: 0 | DV33: 0 | DZ33: 0 | ED33: 0 | EH33: 0 | EL33: 0 | EP33: 0 | ET33: 0 | EX33: 0 | EY33: =F33+J33+N33+R33+V33+Z33+AD33+AH33+AL33+AP33+AT33+AX33+BB33+BF33+BJ33+BN33+BR33+BV33+BZ33+CD33+CH33+CL33+CP33+CT33+CX33+DB33+DF33+DJ33+DN33+DR33+DV33+DZ33+ED33+EH33+EL33+EP33+ET33+EX33 -> 550.28
A34: 625110 | B34: Réunion du bureau | F34: 0 | J34: 0 | N34: 0 | R34: 0 | V34: 0 | Z34: 0 | AD34: 0 | AH34: 0 | AL34: 0 | AP34: 0 | AT34: 0 | AX34: 0 | BB34: 0 | BF34: 0 | BJ34: 0 | BN34: 0 | BR34: 0 | BV34: 0 | BZ34: 0 | CD34: 0 | CH34: 0 | CL34: 0 | CP34: 0 | CT34: 0 | CX34: 0 | DB34: 0 | DF34: 0 | DJ34: 0 | DN34: 0 | DR34: 0 | DV34: 0 | DZ34: 0 | ED34: 0 | EH34: 0 | EL34: 0 | EP34: 0 | ET34: 0 | EX34: 0 | EY34: =F34+J34+N34+R34+V34+Z34+AD34+AH34+AL34+AP34+AT34+AX34+BB34+BF34+BJ34+BN34+BR34+BV34+BZ34+CD34+CH34+CL34+CP34+CT34+CX34+DB34+DF34+DJ34+DN34+DR34+DV34+DZ34+ED34+EH34+EL34+EP34+ET34+EX34 -> 0
A35: 625120 | B35: Réunion de la commission executive | F35: 0 | J35: 0 | N35: 0 | R35: 0 | V35: 0 | Z35: 0 | AD35: 0 | AH35: 0 | AL35: 0 | AP35: 0 | AT35: 0 | AX35: 0 | BB35: 0 | BF35: 0 | BJ35: 0 | BN35: 0 | BR35: 0 | BV35: 0 | BZ35: 0 | CD35: 0 | CH35: 0 | CL35: 0 | CP35: 0 | CT35: 0 | CX35: 0 | DB35: 0 | DF35: 0 | DJ35: 0 | DN35: 0 | DR35: 0 | DV35: 0 | DZ35: 0 | ED35: 0 | EH35: 0 | EL35: 0 | EP35: 0 | ET35: 0 | EX35: 0 | EY35: =F35+J35+N35+R35+V35+Z35+AD35+AH35+AL35+AP35+AT35+AX35+BB35+BF35+BJ35+BN35+BR35+BV35+BZ35+CD35+CH35+CL35+CP35+CT35+CX35+DB35+DF35+DJ35+DN35+DR35+DV35+DZ35+ED35+EH35+EL35+EP35+ET35+EX35 -> 0
A36: 625180 | B36: Collectif (intitulé) | F36: 0 | J36: 0 | N36: 0 | R36: 0 | V36: 0 | Z36: 0 | AD36: 0 | AH36: 0 | AL36: 0 | AP36: 0 | AT36: 0 | AX36: 0 | BB36: 0 | BF36: 0 | BJ36: 0 | BN36: 0 | BR36: 0 | BV36: 0 | BZ36: 0 | CD36: 0 | CH36: 0 | CL36: 0 | CP36: 0 | CT36: 0 | CX36: 0 | DB36: 0 | DF36: 0 | DJ36: 0 | DN36: 0 | DR36: 0 | DV36: 0 | DZ36: 0 | ED36: 0 | EH36: 0 | EL36: 0 | EP36: 0 | ET36: 0 | EX36: 0 | EY36: =F36+J36+N36+R36+V36+Z36+AD36+AH36+AL36+AP36+AT36+AX36+BB36+BF36+BJ36+BN36+BR36+BV36+BZ36+CD36+CH36+CL36+CP36+CT36+CX36+DB36+DF36+DJ36+DN36+DR36+DV36+DZ36+ED36+EH36+EL36+EP36+ET36+EX36 -> 0
A37: 625181 | B37: Collectif (intitulé) | F37: 0 | J37: 0 | N37: 0 | R37: 0 | V37: 0 | Z37: 0 | AD37: 0 | AH37: 0 | AL37: 0 | AP37: 0 | AT37: 0 | AX37: 0 | BB37: 0 | BF37: 0 | BJ37: 0 | BN37: 0 | BR37: 0 | BV37: 0 | BZ37: 0 | CD37: 0 | CH37: 0 | CL37: 0 | CP37: 0 | CT37: 0 | CX37: 0 | DB37: 0 | DF37: 0 | DJ37: 0 | DN37: 0 | DR37: 0 | DV37: 0 | DZ37: 0 | ED37: 0 | EH37: 0 | EL37: 0 | EP37: 0 | ET37: 0 | EX37: 0 | EY37: =F37+J37+N37+R37+V37+Z37+AD37+AH37+AL37+AP37+AT37+AX37+BB37+BF37+BJ37+BN37+BR37+BV37+BZ37+CD37+CH37+CL37+CP37+CT37+CX37+DB37+DF37+DJ37+DN37+DR37+DV37+DZ37+ED37+EH37+EL37+EP37+ET37+EX37 -> 0
A38: 625182 | B38: Collectif (intitulé) | F38: 0 | J38: 0 | N38: 0 | R38: 0 | V38: 0 | Z38: 0 | AD38: 0 | AH38: 0 | AL38: 0 | AP38: 0 | AT38: 0 | AX38: 0 | BB38: 0 | BF38: 0 | BJ38: 0 | BN38: 0 | BR38: 0 | BV38: 0 | BZ38: 0 | CD38: 0 | CH38: 0 | CL38: 0 | CP38: 0 | CT38: 0 | CX38: 0 | DB38: 0 | DF38: 0 | DJ38: 0 | DN38: 0 | DR38: 0 | DV38: 0 | DZ38: 0 | ED38: 0 | EH38: 0 | EL38: 0 | EP38: 0 | ET38: 0 | EX38: 0 | EY38: =F38+J38+N38+R38+V38+Z38+AD38+AH38+AL38+AP38+AT38+AX38+BB38+BF38+BJ38+BN38+BR38+BV38+BZ38+CD38+CH38+CL38+CP38+CT38+CX38+DB38+DF38+DJ38+DN38+DR38+DV38+DZ38+ED38+EH38+EL38+EP38+ET38+EX38 -> 0
A39: 625183 | B39: Collectif (intitulé) | F39: 0 | J39: 0 | N39: 0 | R39: 0 | V39: 0 | Z39: 0 | AD39: 0 | AH39: 0 | AL39: 0 | AP39: 0 | AT39: 0 | AX39: 0 | BB39: 0 | BF39: 0 | BJ39: 0 | BN39: 0 | BR39: 0 | BV39: 0 | BZ39: 0 | CD39: 0 | CH39: 0 | CL39: 0 | CP39: 0 | CT39: 0 | CX39: 0 | DB39: 0 | DF39: 0 | DJ39: 0 | DN39: 0 | DR39: 0 | DV39: 0 | DZ39: 0 | ED39: 0 | EH39: 0 | EL39: 0 | EP39: 0 | ET39: 0 | EX39: 0 | EY39: =F39+J39+N39+R39+V39+Z39+AD39+AH39+AL39+AP39+AT39+AX39+BB39+BF39+BJ39+BN39+BR39+BV39+BZ39+CD39+CH39+CL39+CP39+CT39+CX39+DB39+DF39+DJ39+DN39+DR39+DV39+DZ39+ED39+EH39+EL39+EP39+ET39+EX39 -> 0
A40: 625700 | B40: RECEPTION | F40: 0 | J40: 0 | N40: 0 | R40: 0 | V40: 0 | Z40: 0 | AD40: 0 | AH40: 0 | AL40: 0 | AP40: 0 | AT40: 0 | AX40: 0 | BB40: 0 | BF40: 0 | BJ40: 0 | BN40: 0 | BR40: 0 | BV40: 0 | BZ40: 0 | CD40: 0 | CH40: 0 | CL40: 0 | CP40: 0 | CT40: 0 | CX40: 0 | DB40: 0 | DF40: 0 | DJ40: 0 | DN40: 0 | DR40: 0 | DV40: 0 | DZ40: 0 | ED40: 0 | EH40: 0 | EL40: 0 | EP40: 0 | ET40: 0 | EX40: 0 | EY40: =F40+J40+N40+R40+V40+Z40+AD40+AH40+AL40+AP40+AT40+AX40+BB40+BF40+BJ40+BN40+BR40+BV40+BZ40+CD40+CH40+CL40+CP40+CT40+CX40+DB40+DF40+DJ40+DN40+DR40+DV40+DZ40+ED40+EH40+EL40+EP40+ET40+EX40 -> 0
A41: 626100 | B41: TELEPHONE/INTERNET | F41: 0 | J41: 0 | N41: 0 | R41: 0 | V41: 0 | Z41: 0 | AD41: 0 | AH41: 0 | AL41: 0 | AP41: 0 | AT41: 0 | AX41: 0 | BB41: 0 | BF41: 0 | BJ41: 0 | BN41: 0 | BR41: 0 | BV41: 0 | BZ41: 0 | CD41: 0 | CH41: 0 | CL41: 0 | CP41: 0 | CT41: 0 | CX41: 0 | DB41: 0 | DF41: 0 | DJ41: 0 | DN41: 0 | DR41: 0 | DV41: 0 | DZ41: 0 | ED41: 0 | EH41: 0 | EL41: 0 | EP41: 0 | ET41: 0 | EX41: 0 | EY41: =F41+J41+N41+R41+V41+Z41+AD41+AH41+AL41+AP41+AT41+AX41+BB41+BF41+BJ41+BN41+BR41+BV41+BZ41+CD41+CH41+CL41+CP41+CT41+CX41+DB41+DF41+DJ41+DN41+DR41+DV41+DZ41+ED41+EH41+EL41+EP41+ET41+EX41 -> 0
A42: 626200 | B42: AFFRANCHISSEMENT | C42: TIMBRES CB 19/02/2016 | F42: 6 | J42: 0 | N42: 0 | R42: 0 | V42: 0 | Z42: 0 | AD42: 0 | AH42: 0 | AL42: 0 | AP42: 0 | AT42: 0 | AX42: 0 | BB42: 0 | BF42: 0 | BJ42: 0 | BN42: 0 | BR42: 0 | BV42: 0 | BZ42: 0 | CD42: 0 | CH42: 0 | CL42: 0 | CP42: 0 | CT42: 0 | CX42: 0 | DB42: 0 | DF42: 0 | DJ42: 0 | DN42: 0 | DR42: 0 | DV42: 0 | DZ42: 0 | ED42: 0 | EH42: 0 | EL42: 0 | EP42: 0 | ET42: 0 | EX42: 0 | EY42: =F42+J42+N42+R42+V42+Z42+AD42+AH42+AL42+AP42+AT42+AX42+BB42+BF42+BJ42+BN42+BR42+BV42+BZ42+CD42+CH42+CL42+CP42+CT42+CX42+DB42+DF42+DJ42+DN42+DR42+DV42+DZ42+ED42+EH42+EL42+EP42+ET42+EX42 -> 6
A43: 627000 | B43: FRAIS BANCAIRES | C43: FRAIS 10/02/2016 | F43: 12 | J43: 0 | N43: 0 | R43: 0 | V43: 0 | Z43: 0 | AD43: 0 | AH43: 0 | AL43: 0 | AP43: 0 | AT43: 0 | AX43: 0 | BB43: 0 | BF43: 0 | BJ43: 0 | BN43: 0 | BR43: 0 | BV43: 0 | BZ43: 0 | CD43: 0 | CH43: 0 | CL43: 0 | CP43: 0 | CT43: 0 | CX43: 0 | DB43: 0 | DF43: 0 | DJ43: 0 | DN43: 0 | DR43: 0 | DV43: 0 | DZ43: 0 | ED43: 0 | EH43: 0 | EL43: 0 | EP43: 0 | ET43: 0 | EX43: 0 | EY43: =F43+J43+N43+R43+V43+Z43+AD43+AH43+AL43+AP43+AT43+AX43+BB43+BF43+BJ43+BN43+BR43+BV43+BZ43+CD43+CH43+CL43+CP43+CT43+CX43+DB43+DF43+DJ43+DN43+DR43+DV43+DZ43+ED43+EH43+EL43+EP43+ET43+EX43 -> 12
B44: INCONNU | F44: 0 | J44: 0 | N44: 0 | R44: 0 | V44: 0 | Z44: 0 | AD44: 0 | AH44: 0 | AL44: 0 | AP44: 0 | AT44: 0 | AX44: 0 | BB44: 0 | BF44: 0 | BJ44: 0 | BN44: 0 | BR44: 0 | BV44: 0 | BZ44: 0 | CD44: 0 | CH44: 0 | CL44: 0 | CP44: 0 | CT44: 0 | CX44: 0 | DB44: 0 | DF44: 0 | DJ44: 0 | DN44: 0 | DR44: 0 | DV44: 0 | DZ44: 0 | ED44: 0 | EH44: 0 | EL44: 0 | EP44: 0 | ET44: 0 | EX44: 0 | EY44: =F44+J44+N44+R44+V44+Z44+AD44+AH44+AL44+AP44+AT44+AX44+BB44+BF44+BJ44+BN44+BR44+BV44+BZ44+CD44+CH44+CL44+CP44+CT44+CX44+DB44+DF44+DJ44+DN44+DR44+DV44+DZ44+ED44+EH44+EL44+EP44+ET44+EX44 -> 0
A45: COMPTES D'IMMOBILISATION | F45: 0 | J45: 0 | N45: 0 | R45: 0 | V45: 0 | Z45: 0 | AD45: 0 | AH45: 0 | AL45: 0 | AP45: 0 | AT45: 0 | AX45: 0 | BB45: 0 | BF45: 0 | BJ45: 0 | BN45: 0 | BR45: 0 | BV45: 0 | BZ45: 0 | CD45: 0 | CH45: 0 | CL45: 0 | CP45: 0 | CT45: 0 | CX45: 0 | DB45: 0 | DF45: 0 | DJ45: 0 | DN45: 0 | DR45: 0 | DV45: 0 | DZ45: 0 | ED45: 0 | EH45: 0 | EL45: 0 | EP45: 0 | ET45: 0 | EX45: 0 | EY45: =F45+J45+N45+R45+V45+Z45+AD45+AH45+AL45+AP45+AT45+AX45+BB45+BF45+BJ45+BN45+BR45+BV45+BZ45+CD45+CH45+CL45+CP45+CT45+CX45+DB45+DF45+DJ45+DN45+DR45+DV45+DZ45+ED45+EH45+EL45+EP45+ET45+EX45 -> 0
A46: 218300 | B46: MATERIEL DE BUREAU ET INFORMATIQUE (≥ 500€ unitaire) | F46: 0 | J46: 0 | N46: 0 | R46: 0 | V46: 0 | Z46: 0 | AD46: 0 | AH46: 0 | AL46: 0 | AP46: 0 | AT46: 0 | AX46: 0 | BB46: 0 | BF46: 0 | BJ46: 0 | BN46: 0 | BR46: 0 | BV46: 0 | BZ46: 0 | CD46: 0 | CH46: 0 | CL46: 0 | CP46: 0 | CT46: 0 | CX46: 0 | DB46: 0 | DF46: 0 | DJ46: 0 | DN46: 0 | DR46: 0 | DV46: 0 | DZ46: 0 | ED46: 0 | EH46: 0 | EL46: 0 | EP46: 0 | ET46: 0 | EX46: 0 | EY46: =F46+J46+N46+R46+V46+Z46+AD46+AH46+AL46+AP46+AT46+AX46+BB46+BF46+BJ46+BN46+BR46+BV46+BZ46+CD46+CH46+CL46+CP46+CT46+CX46+DB46+DF46+DJ46+DN46+DR46+DV46+DZ46+ED46+EH46+EL46+EP46+ET46+EX46 -> 0
A47: RECAP MENSUEL | EX47: T-Dépenses | EY47: =SUM(EY16:EY46) -> 1125.27
A48: Solde bancaire au 29-02-2016 | B48: Total recettes | D48: =EY12 -> 848.97
B49: Total dépenses | C49: =EY47 -> 1125.27
B50: solde | C50: =C2+D48-C49 -> 2082.79
A52: INFO INCONNU

Sheet Mars
E1: MOIS DE DECEMBRE 2012
A2: Solde bancaire au 29-02-2016 | C2: =Février!C50 -> 2082.79
A4: RECETTES | EY4: TOTAUX
A5: COMPTES | B5: LIBELLES DES COMPTES | C5: LIBELLES RECETTES | F5: MONTANTS | G5: LIBELLES RECETTES | J5: MONTANTS | K5: LIBELLES RECETTES | N5: MONTANTS | O5: LIBELLES RECETTES | R5: MONTANTS | S5: LIBELLES RECETTES | V5: MONTANTS | W5: LIBELLES RECETTES | Z5: MONTANTS | AA5: LIBELLES RECETTES | AD5: MONTANTS | AE5: LIBELLES RECETTES | AH5: MONTANTS | AI5: LIBELLES RECETTES | AL5: MONTANTS | AM5: LIBELLES RECETTES | AP5: MONTANTS | AQ5: LIBELLES RECETTES | AT5: MONTANTS | AU5: LIBELLES RECETTES | AX5: MONTANTS | AY5: LIBELLES RECETTES | BB5: MONTANTS | BC5: LIBELLES RECETTES | BF5: MONTANTS | BG5: LIBELLES RECETTES | BJ5: MONTANTS | BK5: LIBELLES RECETTES | BN5: MONTANTS | BO5: LIBELLES RECETTES | BR5: MONTANTS | BS5: LIBELLES RECETTES | BV5: MONTANTS | BW5: LIBELLES RECETTES | BZ5: MONTANTS | CA5: LIBELLES RECETTES | CD5: MONTANTS | CE5: LIBELLES RECETTES | CH5: MONTANTS | CI5: LIBELLES RECETTES | CL5: MONTANTS | CM5: LIBELLES RECETTES | CP5: MONTANTS | CQ5: LIBELLES RECETTES | CT5: MONTANTS | CU5: LIBELLES RECETTES | CX5: MONTANTS | CY5: LIBELLES RECETTES | DB5: MONTANTS | DC5: LIBELLES RECETTES | DF5: MONTANTS | DG5: LIBELLES RECETTES | DJ5: MONTANTS | DK5: LIBELLES RECETTES | DN5: MONTANTS | DO5: LIBELLES RECETTES | DR5: MONTANTS | DS5: LIBELLES RECETTES | DV5: MONTANTS | DW5: LIBELLES RECETTES | DZ5: MONTANTS | EA5: LIBELLES RECETTES | ED5: MONTANTS | EE5: LIBELLES RECETTES | EH5: MONTANTS | EI5: LIBELLES RECETTES | EL5: MONTANTS | EM5: LIBELLES RECETTES | EP5: MONTANTS | EQ5: LIBELLES RECETTES | ET5: MONTANTS | EU5: LIBELLES RECETTES | EX5: MONTANTS
A6: 707100 | B6: VENTE DE MATERIEL SYNDICAL | F6: 0 | J6: 0 | N6: 0 | R6: 0 | V6: 0 | Z6: 0 | AD6: 0 | AH6: 0 | AL6: 0 | AP6: 0 | AT6: 0 | AX6: 0 | BB6: 0 | BF6: 0 | BJ6: 0 | BN6: 0 | BR6: 0 | BV6: 0 | BZ6: 0 | CD6: 0 | CH6: 0 | CL6: 0 | CP6: 0 | CT6: 0 | CX6: 0 | DB6: 0 | DF6: 0 | DJ6: 0 | DN6: 0 | DR6: 0 | DV6: 0 | DZ6: 0 | ED6: 0 | EH6: 0 | EL6: 0 | EP6: 0 | ET6: 0 | EX6: 0 | EY6: =F6+J6+N6+R6+V6+Z6+AD6+AH6+AL6+AP6+AT6+AX6+BB6+BF6+BJ6+BN6+BR6+BV6+BZ6+CD6+CH6+CL6+CP6+CT6+CX6+DB6+DF6+DJ6+DN6+DR6+DV6+DZ6+ED6+EH6+EL6+EP6+ET6+EX6 -> 0
A7: 741100 | B7: SUBVENTION PUBLIQUE | F7: 0 | J7: 0 | N7: 0 | R7: 0 | V7: 0 | Z7: 0 | AD7: 0 | AH7: 0 | AL7: 0 | AP7: 0 | AT7: 0 | AX7: 0 | BB7: 0 | BF7: 0 | BJ7: 0 | BN7: 0 | BR7: 0 | BV7: 0 | BZ7: 0 | CD7: 0 | CH7: 0 | CL7: 0 | CP7: 0 | CT7: 0 | CX7: 0 | DB7: 0 | DF7: 0 | DJ7: 0 | DN7: 0 | DR7: 0 | DV7: 0 | DZ7: 0 | ED7: 0 | EH7: 0 | EL7: 0 | EP7: 0 | ET7: 0 | EX7: 0 | EY7: =F7+J7+N7+R7+V7+Z7+AD7+AH7+AL7+AP7+AT7+AX7+BB7+BF7+BJ7+BN7+BR7+BV7+BZ7+CD7+CH7+CL7+CP7+CT7+CX7+DB7+DF7+DJ7+DN7+DR7+DV7+DZ7+ED7+EH7+EL7+EP7+ET7+EX7 -> 0
A8: 754000 | B8: COLLECTES DONS SOUSCRIPTIONS | F8: 0 | J8: 0 | N8: 0 | R8: 0 | V8: 0 | Z8: 0 | AD8: 0 | AH8: 0 | AL8: 0 | AP8: 0 | AT8: 0 | AX8: 0 | BB8: 0 | BF8: 0 | BJ8: 0 | BN8: 0 | BR8: 0 | BV8: 0 | BZ8: 0 | CD8: 0 | CH8: 0 | CL8: 0 | CP8: 0 | CT8: 0 | CX8: 0 | DB8: 0 | DF8: 0 | DJ8: 0 | DN8: 0 | DR8: 0 | DV8: 0 | DZ8: 0 | ED8: 0 | EH8: 0 | EL8: 0 | EP8: 0 | ET8: 0 | EX8: 0 | EY8: =F8+J8+N8+R8+V8+Z8+AD8+AH8+AL8+AP8+AT8+AX8+BB8+BF8+BJ8+BN8+BR8+BV8+BZ8+CD8+CH8+CL8+CP8+CT8+CX8+DB8+DF8+DJ8+DN8+DR8+DV8+DZ8+ED8+EH8+EL8+EP8+ET8+EX8 -> 0
A9: 756100 | B9: COTISATION | F9: 0 | J9: 0 | N9: 0 | R9: 0 | V9: 0 | Z9: 0 | AD9: 0 | AH9: 0 | AL9: 0 | AP9: 0 | AT9: 0 | AX9: 0 | BB9: 0 | BF9: 0 | BJ9: 0 | BN9: 0 | BR9: 0 | BV9: 0 | BZ9: 0 | CD9: 0 | CH9: 0 | CL9: 0 | CP9: 0 | CT9: 0 | CX9: 0 | DB9: 0 | DF9: 0 | DJ9: 0 | DN9: 0 | DR9: 0 | DV9: 0 | DZ9: 0 | ED9: 0 | EH9: 0 | EL9: 0 | EP9: 0 | ET9: 0 | EX9: 0 | EY9: =F9+J9+N9+R9+V9+Z9+AD9+AH9+AL9+AP9+AT9+AX9+BB9+BF9+BJ9+BN9+BR9+BV9+BZ9+CD9+CH9+CL9+CP9+CT9+CX9+DB9+DF9+DJ9+DN9+DR9+DV9+DZ9+ED9+EH9+EL9+EP9+ET9+EX9 -> 0
A10: 791100 | B10: REMBOURSEMENT FRAIS DPLCT (FEDE) | C10: RBT FEDE31/03/2016 | F10: 127.26 | J10: 0 | N10: 0 | R10: 0 | V10: 0 | Z10: 0 | AD10: 0 | AH10: 0 | AL10: 0 | AP10: 0 | AT10: 0 | AX10: 0 | BB10: 0 | BF10: 0 | BJ10: 0 | BN10: 0 | BR10: 0 | BV10: 0 | BZ10: 0 | CD10: 0 | CH10: 0 | CL10: 0 | CP10: 0 | CT10: 0 | CX10: 0 | DB10: 0 | DF10: 0 | DJ10: 0 | DN10: 0 | DR10: 0 | DV10: 0 | DZ10: 0 | ED10: 0 | EH10: 0 | EL10: 0 | EP10: 0 | ET10: 0 | EX10: 0 | EY10: =F10+J10+N10+R10+V10+Z10+AD10+AH10+AL10+AP10+AT10+AX10+BB10+BF10+BJ10+BN10+BR10+BV10+BZ10+CD10+CH10+CL10+CP10+CT10+CX10+DB10+DF10+DJ10+DN10+DR10+DV10+DZ10+ED10+EH10+EL10+EP10+ET10+EX10 -> 127.26
B11: INCONNU | F11: 0 | J11: 0 | N11: 0 | R11: 0 | V11: 0 | Z11: 0 | AD11: 0 | AH11: 0 | AL11: 0 | AP11: 0 | AT11: 0 | AX11: 0 | BB11: 0 | BF11: 0 | BJ11: 0 | BN11: 0 | BR11: 0 | BV11: 0 | BZ11: 0 | CD11: 0 | CH11: 0 | CL11: 0 | CP11: 0 | CT11: 0 | CX11: 0 | DB11: 0 | DF11: 0 | DJ11: 0 | DN11: 0 | DR11: 0 | DV11: 0 | DZ11: 0 | ED11: 0 | EH11: 0 | EL11: 0 | EP11: 0 | ET11: 0 | EX11: 0 | EY11: =F11+J11+N11+R11+V11+Z11+AD11+AH11+AL11+AP11+AT11+AX11+BB11+BF11+BJ11+BN11+BR11+BV11+BZ11+CD11+CH11+CL11+CP11+CT11+CX11+DB11+DF11+DJ11+DN11+DR11+DV11+DZ11+ED11+EH11+EL11+EP11+ET11+EX11 -> 0
EX12: T-Recettes | EY12: =SUM(EY6:EY11) -> 127.26
A13: DEPENSES
A14: COMPTES | B14: LIBELLES DES COMPTES | C14: LIBELLES DEPENSES | F14: MONTANTS | G14: LIBELLES DEPENSES | J14: MONTANTS | K14: LIBELLES DEPENSES | N14: MONTANTS | O14: LIBELLES DEPENSES | R14: MONTANTS | S14: LIBELLES DEPENSES | V14: MONTANTS | W14: LIBELLES DEPENSES | Z14: MONTANTS | AA14: LIBELLES DEPENSES | AD14: MONTANTS | AE14: LIBELLES DEPENSES | AH14: MONTANTS | AI14: LIBELLES DEPENSES | AL14: MONTANTS | AM14: LIBELLES DEPENSES | AP14: MONTANTS | AQ14: LIBELLES DEPENSES | AT14: MONTANTS | AU14: LIBELLES DEPENSES | AX14: MONTANTS | AY14: LIBELLES DEPENSES | BB14: MONTANTS | BC14: LIBELLES DEPENSES | BF14: MONTANTS | BG14: LIBELLES DEPENSES | BJ14: MONTANTS | BK14: LIBELLES DEPENSES | BN14: MONTANTS | BO14: LIBELLES DEPENSES | BR14: MONTANTS | BS14: LIBELLES DEPENSES | BV14: MONTANTS | BW14: LIBELLES DEPENSES | BZ14: MONTANTS | CA14: LIBELLES DEPENSES | CD14: MONTANTS | CE14: LIBELLES DEPENSES | CH14: MONTANTS | CI14: LIBELLES DEPENSES | CL14: MONTANTS | CM14: LIBELLES DEPENSES | CP14: MONTANTS | CQ14: LIBELLES DEPENSES | CT14: MONTANTS | CU14: LIBELLES DEPENSES | CX14: MONTANTS | CY14: LIBELLES DEPENSES | DB14: MONTANTS | DC14: LIBELLES DEPENSES | DF14: MONTANTS | DG14: LIBELLES DEPENSES | DJ14: MONTANTS | DK14: LIBELLES DEPENSES | DN14: MONTANTS | DO14: LIBELLES DEPENSES | DR14: MONTANTS | DS14: LIBELLES DEPENSES | DV14: MONTANTS | DW14: LIBELLES DEPENSES | DZ14: MONTANTS | EA14: LIBELLES DEPENSES | ED14: MONTANTS | EE14: LIBELLES DEPENSES | EH14: MONTANTS | EI14: LIBELLES DEPENSES | EL14: MONTANTS | EM14: LIBELLES DEPENSES | EP14: MONTANTS | EQ14: LIBELLES DEPENSES | ET14: MONTANTS | EU14: LIBELLES DEPENSES | EX14: MONTANTS
B15: COGETISE | F15: 0 | J15: 0 | N15: 0 | R15: 0 | V15: 0 | Z15: 0 | AD15: 0 | AH15: 0 | AL15: 0 | AP15: 0 | AT15: 0 | AX15: 0 | BB15: 0 | BF15: 0 | BJ15: 0 | BN15: 0 | BR15: 0 | BV15: 0 | BZ15: 0 | CD15: 0 | CH15: 0 | CL15: 0 | CP15: 0 | CT15: 0 | CX15: 0 | DB15: 0 | DF15: 0 | DJ15: 0 | DN15: 0 | DR15: 0 | DV15: 0 | DZ15: 0 | ED15: 0 | EH15: 0 | EL15: 0 | EP15: 0 | ET15: 0 | EX15: 0 | EY15: =F15+J15+N15+R15+V15+Z15+AD15+AH15+AL15+AP15+AT15+AX15+BB15+BF15+BJ15+BN15+BR15+BV15+BZ15+CD15+CH15+CL15+CP15+CT15+CX15+DB15+DF15+DJ15+DN15+DR15+DV15+DZ15+ED15+EH15+EL15+EP15+ET15+EX15 -> 0
A16: 606100 | B16: FOURNITURES ADMINISTRATIVES | F16: 0 | J16: 0 | N16: 0 | R16: 0 | V16: 0 | Z16: 0 | AD16: 0 | AH16: 0 | AL16: 0 | AP16: 0 | AT16: 0 | AX16: 0 | BB16: 0 | BF16: 0 | BJ16: 0 | BN16: 0 | BR16: 0 | BV16: 0 | BZ16: 0 | CD16: 0 | CH16: 0 | CL16: 0 | CP16: 0 | CT16: 0 | CX16: 0 | DB16: 0 | DF16: 0 | DJ16: 0 | DN16: 0 | DR16: 0 | DV16: 0 | DZ16: 0 | ED16: 0 | EH16: 0 | EL16: 0 | EP16: 0 | ET16: 0 | EX16: 0 | EY16: =F16+J16+N16+R16+V16+Z16+AD16+AH16+AL16+AP16+AT16+AX16+BB16+BF16+BJ16+BN16+BR16+BV16+BZ16+CD16+CH16+CL16+CP16+CT16+CX16+DB16+DF16+DJ16+DN16+DR16+DV16+DZ16+ED16+EH16+EL16+EP16+ET16+EX16 -> 0
A17: 606200 | B17: FRAIS D'IMPRESSION/PHOTOCOPIES | F17: 0 | J17: 0 | N17: 0 | R17: 0 | V17: 0 | Z17: 0 | AD17: 0 | AH17: 0 | AL17: 0 | AP17: 0 | AT17: 0 | AX17: 0 | BB17: 0 | BF17: 0 | BJ17: 0 | BN17: 0 | BR17: 0 | BV17: 0 | BZ17: 0 | CD17: 0 | CH17: 0 | CL17: 0 | CP17: 0 | CT17: 0 | CX17: 0 | DB17: 0 | DF17: 0 | DJ17: 0 | DN17: 0 | DR17: 0 | DV17: 0 | DZ17: 0 | ED17: 0 | EH17: 0 | EL17: 0 | EP17: 0 | ET17: 0 | EX17: 0 | EY17: =F17+J17+N17+R17+V17+Z17+AD17+AH17+AL17+AP17+AT17+AX17+BB17+BF17+BJ17+BN17+BR17+BV17+BZ17+CD17+CH17+CL17+CP17+CT17+CX17+DB17+DF17+DJ17+DN17+DR17+DV17+DZ17+ED17+EH17+EL17+EP17+ET17+EX17 -> 0
A18: 606300 | B18: FOURNITURES PETITS EQUIPEMENTS (≤ 500€ unitaire) | F18: 0 | J18: 0 | N18: 0 | R18: 0 | V18: 0 | Z18: 0 | AD18: 0 | AH18: 0 | AL18: 0 | AP18: 0 | AT18: 0 | AX18: 0 | BB18: 0 | BF18: 0 | BJ18: 0 | BN18: 0 | BR18: 0 | BV18: 0 | BZ18: 0 | CD18: 0 | CH18: 0 | CL18: 0 | CP18: 0 | CT18: 0 | CX18: 0 | DB18: 0 | DF18: 0 | DJ18: 0 | DN18: 0 | DR18: 0 | DV18: 0 | DZ18: 0 | ED18: 0 | EH18: 0 | EL18: 0 | EP18: 0 | ET18: 0 | EX18: 0 | EY18: =F18+J18+N18+R18+V18+Z18+AD18+AH18+AL18+AP18+AT18+AX18+BB18+BF18+BJ18+BN18+BR18+BV18+BZ18+CD18+CH18+CL18+CP18+CT18+CX18+DB18+DF18+DJ18+DN18+DR18+DV18+DZ18+ED18+EH18+EL18+EP18+ET18+EX18 -> 0
A19: 606800 | B19: ACHAT DIVERS | F19: 0 | J19: 0 | N19: 0 | R19: 0 | V19: 0 | Z19: 0 | AD19: 0 | AH19: 0 | AL19: 0 | AP19: 0 | AT19: 0 | AX19: 0 | BB19: 0 | BF19: 0 | BJ19: 0 | BN19: 0 | BR19: 0 | BV19: 0 | BZ19: 0 | CD19: 0 | CH19: 0 | CL19: 0 | CP19: 0 | CT19: 0 | CX19: 0 | DB19: 0 | DF19: 0 | DJ19: 0 | DN19: 0 | DR19: 0 | DV19: 0 | DZ19: 0 | ED19: 0 | EH19: 0 | EL19: 0 | EP19: 0 | ET19: 0 | EX19: 0 | EY19: =F19+J19+N19+R19+V19+Z19+AD19+AH19+AL19+AP19+AT19+AX19+BB19+BF19+BJ19+BN19+BR19+BV19+BZ19+CD19+CH19+CL19+CP19+CT19+CX19+DB19+DF19+DJ19+DN19+DR19+DV19+DZ19+ED19+EH19+EL19+EP19+ET19+EX19 -> 0
A20: 607100 | B20: MATERIEL SYNDICAL | F20: 0 | J20: 0 | N20: 0 | R20: 0 | V20: 0 | Z20: 0 | AD20: 0 | AH20: 0 | AL20: 0 | AP20: 0 | AT20: 0 | AX20: 0 | BB20: 0 | BF20: 0 | BJ20: 0 | BN20: 0 | BR20: 0 | BV20: 0 | BZ20: 0 | CD20: 0 | CH20: 0 | CL20: 0 | CP20: 0 | CT20: 0 | CX20: 0 | DB20: 0 | DF20: 0 | DJ20: 0 | DN20: 0 | DR20: 0 | DV20: 0 | DZ20: 0 | ED20: 0 | EH20: 0 | EL20: 0 | EP20: 0 | ET20: 0 | EX20: 0 | EY20: =F20+J20+N20+R20+V20+Z20+AD20+AH20+AL20+AP20+AT20+AX20+BB20+BF20+BJ20+BN20+BR20+BV20+BZ20+CD20+CH20+CL20+CP20+CT20+CX20+DB20+DF20+DJ20+DN20+DR20+DV20+DZ20+ED20+EH20+EL20+EP20+ET20+EX20 -> 0
A21: 613000 | B21: LOCATION (salles, machines…) | F21: 0 | J21: 0 | N21: 0 | R21: 0 | V21: 0 | Z21: 0 | AD21: 0 | AH21: 0 | AL21: 0 | AP21: 0 | AT21: 0 | AX21: 0 | BB21: 0 | BF21: 0 | BJ21: 0 | BN21: 0 | BR21: 0 | BV21: 0 | BZ21: 0 | CD21: 0 | CH21: 0 | CL21: 0 | CP21: 0 | CT21: 0 | CX21: 0 | DB21: 0 | DF21: 0 | DJ21: 0 | DN21: 0 | DR21: 0 | DV21: 0 | DZ21: 0 | ED21: 0 | EH21: 0 | EL21: 0 | EP21: 0 | ET21: 0 | EX21: 0 | EY21: =F21+J21+N21+R21+V21+Z21+AD21+AH21+AL21+AP21+AT21+AX21+BB21+BF21+BJ21+BN21+BR21+BV21+BZ21+CD21+CH21+CL21+CP21+CT21+CX21+DB21+DF21+DJ21+DN21+DR21+DV21+DZ21+ED21+EH21+EL21+EP21+ET21+EX21 -> 0
A22: 615000 | B22: MAINTENANCE/ENTRETIEN | F22: 0 | J22: 0 | N22: 0 | R22: 0 | V22: 0 | Z22: 0 | AD22: 0 | AH22: 0 | AL22: 0 | AP22: 0 | AT22: 0 | AX22: 0 | BB22: 0 | BF22: 0 | BJ22: 0 | BN22: 0 | BR22: 0 | BV22: 0 | BZ22: 0 | CD22: 0 | CH22: 0 | CL22: 0 | CP22: 0 | CT22: 0 | CX22: 0 | DB22: 0 | DF22: 0 | DJ22: 0 | DN22: 0 | DR22: 0 | DV22: 0 | DZ22: 0 | ED22: 0 | EH22: 0 | EL22: 0 | EP22: 0 | ET22: 0 | EX22: 0 | EY22: =F22+J22+N22+R22+V22+Z22+AD22+AH22+AL22+AP22+AT22+AX22+BB22+BF22+BJ22+BN22+BR22+BV22+BZ22+CD22+CH22+CL22+CP22+CT22+CX22+DB22+DF22+DJ22+DN22+DR22+DV22+DZ22+ED22+EH22+EL22+EP22+ET22+EX22 -> 0
A23: 616000 | B23: ASSURANCES | F23: 0 | J23: 0 | N23: 0 | R23: 0 | V23: 0 | Z23: 0 | AD23: 0 | AH23: 0 | AL23: 0 | AP23: 0 | AT23: 0 | AX23: 0 | BB23: 0 | BF23: 0 | BJ23: 0 | BN23: 0 | BR23: 0 | BV23: 0 | BZ23: 0 | CD23: 0 | CH23: 0 | CL23: 0 | CP23: 0 | CT23: 0 | CX23: 0 | DB23: 0 | DF23: 0 | DJ23: 0 | DN23: 0 | DR23: 0 | DV23: 0 | DZ23: 0 | ED23: 0 | EH23: 0 | EL23: 0 | EP23: 0 | ET23: 0 | EX23: 0 | EY23: =F23+J23+N23+R23+V23+Z23+AD23+AH23+AL23+AP23+AT23+AX23+BB23+BF23+BJ23+BN23+BR23+BV23+BZ23+CD23+CH23+CL23+CP23+CT23+CX23+DB23+DF23+DJ23+DN23+DR23+DV23+DZ23+ED23+EH23+EL23+EP23+ET23+EX23 -> 0
A24: 618100 | B24: DOCUMENTATION/ABONNEMENTS | F24: 0 | J24: 0 | N24: 0 | R24: 0 | V24: 0 | Z24: 0 | AD24: 0 | AH24: 0 | AL24: 0 | AP24: 0 | AT24: 0 | AX24: 0 | BB24: 0 | BF24: 0 | BJ24: 0 | BN24: 0 | BR24: 0 | BV24: 0 | BZ24: 0 | CD24: 0 | CH24: 0 | CL24: 0 | CP24: 0 | CT24: 0 | CX24: 0 | DB24: 0 | DF24: 0 | DJ24: 0 | DN24: 0 | DR24: 0 | DV24: 0 | DZ24: 0 | ED24: 0 | EH24: 0 | EL24: 0 | EP24: 0 | ET24: 0 | EX24: 0 | EY24: =F24+J24+N24+R24+V24+Z24+AD24+AH24+AL24+AP24+AT24+AX24+BB24+BF24+BJ24+BN24+BR24+BV24+BZ24+CD24+CH24+CL24+CP24+CT24+CX24+DB24+DF24+DJ24+DN24+DR24+DV24+DZ24+ED24+EH24+EL24+EP24+ET24+EX24 -> 0
A25: 618600 | B25: FORMATIONS | F25: 0 | J25: 0 | N25: 0 | R25: 0 | V25: 0 | Z25: 0 | AD25: 0 | AH25: 0 | AL25: 0 | AP25: 0 | AT25: 0 | AX25: 0 | BB25: 0 | BF25: 0 | BJ25: 0 | BN25: 0 | BR25: 0 | BV25: 0 | BZ25: 0 | CD25: 0 | CH25: 0 | CL25: 0 | CP25: 0 | CT25: 0 | CX25: 0 | DB25: 0 | DF25: 0 | DJ25: 0 | DN25: 0 | DR25: 0 | DV25: 0 | DZ25: 0 | ED25: 0 | EH25: 0 | EL25: 0 | EP25: 0 | ET25: 0 | EX25: 0 | EY25: =F25+J25+N25+R25+V25+Z25+AD25+AH25+AL25+AP25+AT25+AX25+BB25+BF25+BJ25+BN25+BR25+BV25+BZ25+CD25+CH25+CL25+CP25+CT25+CX25+DB25+DF25+DJ25+DN25+DR25+DV25+DZ25+ED25+EH25+EL25+EP25+ET25+EX25 -> 0
A26: 618610 | B26: Formations (intitulé de la formation) | C26: CHSCT CC 2211581 07/03/2016 | F26: 68 | G26: CHSCT HOTEL FORMA CB 07/03/2016 | J26: 584 | K26: CHSCT CH 2211581 FORM14/03/2016 | N26: 328.4 | O26: CHSCT CH 2211580 16/03/2016 | R26: 68 | S26: CHSCT CH 2211582 17/03/2016 | V26: 68 | W26: CHSCT CH 2211583 21/03/2016 | Z26: 40 | AD26: 0 | AH26: 0 | AL26: 0 | AP26: 0 | AT26: 0 | AX26: 0 | BB26: 0 | BF26: 0 | BJ26: 0 | BN26: 0 | BR26: 0 | BV26: 0 | BZ26: 0 | CD26: 0 | CH26: 0 | CL26: 0 | CP26: 0 | CT26: 0 | CX26: 0 | DB26: 0 | DF26: 0 | DJ26: 0 | DN26: 0 | DR26: 0 | DV26: 0 | DZ26: 0 | ED26: 0 | EH26: 0 | EL26: 0 | EP26: 0 | ET26: 0 | EX26: 0 | EY26: =F26+J26+N26+R26+V26+Z26+AD26+AH26+AL26+AP26+AT26+AX26+BB26+BF26+BJ26+BN26+BR26+BV26+BZ26+CD26+CH26+CL26+CP26+CT26+CX26+DB26+DF26+DJ26+DN26+DR26+DV26+DZ26+ED26+EH26+EL26+EP26+ET26+EX26 -> 1156.4
A27: 618620 | B27: Formations (intitulé de la formation) | F27: 0 | J27: 0 | N27: 0 | R27: 0 | V27: 0 | Z27: 0 | AD27: 0 | AH27: 0 | AL27: 0 | AP27: 0 | AT27: 0 | AX27: 0 | BB27: 0 | BF27: 0 | BJ27: 0 | BN27: 0 | BR27: 0 | BV27: 0 | BZ27: 0 | CD27: 0 | CH27: 0 | CL27: 0 | CP27: 0 | CT27: 0 | CX27: 0 | DB27: 0 | DF27: 0 | DJ27: 0 | DN27: 0 | DR27: 0 | DV27: 0 | DZ27: 0 | ED27: 0 | EH27: 0 | EL27: 0 | EP27: 0 | ET27: 0 | EX27: 0 | EY27: =F27+J27+N27+R27+V27+Z27+AD27+AH27+AL27+AP27+AT27+AX27+BB27+BF27+BJ27+BN27+BR27+BV27+BZ27+CD27+CH27+CL27+CP27+CT27+CX27+DB27+DF27+DJ27+DN27+DR27+DV27+DZ27+ED27+EH27+EL27+EP27+ET27+EX27 -> 0
B28: JOURNEES D'ETUDES | F28: 0 | J28: 0 | N28: 0 | R28: 0 | V28: 0 | Z28: 0 | AD28: 0 | AH28: 0 | AL28: 0 | AP28: 0 | AT28: 0 | AX28: 0 | BB28: 0 | BF28: 0 | BJ28: 0 | BN28: 0 | BR28: 0 | BV28: 0 | BZ28: 0 | CD28: 0 | CH28: 0 | CL28: 0 | CP28: 0 | CT28: 0 | CX28: 0 | DB28: 0 | DF28: 0 | DJ28: 0 | DN28: 0 | DR28: 0 | DV28: 0 | DZ28: 0 | ED28: 0 | EH28: 0 | EL28: 0 | EP28: 0 | ET28: 0 | EX28: 0 | EY28: =F28+J28+N28+R28+V28+Z28+AD28+AH28+AL28+AP28+AT28+AX28+BB28+BF28+BJ28+BN28+BR28+BV28+BZ28+CD28+CH28+CL28+CP28+CT28+CX28+DB28+DF28+DJ28+DN28+DR28+DV28+DZ28+ED28+EH28+EL28+EP28+ET28+EX28 -> 0
A29: 618630 | B29: Journées d'études (intitulé de la journée d'étude) | F29: 0 | J29: 0 | N29: 0 | R29: 0 | V29: 0 | Z29: 0 | AD29: 0 | AH29: 0 | AL29: 0 | AP29: 0 | AT29: 0 | AX29: 0 | BB29: 0 | BF29: 0 | BJ29: 0 | BN29: 0 | BR29: 0 | BV29: 0 | BZ29: 0 | CD29: 0 | CH29: 0 | CL29: 0 | CP29: 0 | CT29: 0 | CX29: 0 | DB29: 0 | DF29: 0 | DJ29: 0 | DN29: 0 | DR29: 0 | DV29: 0 | DZ29: 0 | ED29: 0 | EH29: 0 | EL29: 0 | EP29: 0 | ET29: 0 | EX29: 0 | EY29: =F29+J29+N29+R29+V29+Z29+AD29+AH29+AL29+AP29+AT29+AX29+BB29+BF29+BJ29+BN29+BR29+BV29+BZ29+CD29+CH29+CL29+CP29+CT29+CX29+DB29+DF29+DJ29+DN29+DR29+DV29+DZ29+ED29+EH29+EL29+EP29+ET29+EX29 -> 0
A30: 618640 | B30: Journées d'études (intitulé de la journée d'étude) | F30: 0 | J30: 0 | N30: 0 | R30: 0 | V30: 0 | Z30: 0 | AD30: 0 | AH30: 0 | AL30: 0 | AP30: 0 | AT30: 0 | AX30: 0 | BB30: 0 | BF30: 0 | BJ30: 0 | BN30: 0 | BR30: 0 | BV30: 0 | BZ30: 0 | CD30: 0 | CH30: 0 | CL30: 0 | CP30: 0 | CT30: 0 | CX30: 0 | DB30: 0 | DF30: 0 | DJ30: 0 | DN30: 0 | DR30: 0 | DV30: 0 | DZ30: 0 | ED30: 0 | EH30: 0 | EL30: 0 | EP30: 0 | ET30: 0 | EX30: 0 | EY30: =F30+J30+N30+R30+V30+Z30+AD30+AH30+AL30+AP30+AT30+AX30+BB30+BF30+BJ30+BN30+BR30+BV30+BZ30+CD30+CH30+CL30+CP30+CT30+CX30+DB30+DF30+DJ30+DN30+DR30+DV30+DZ30+ED30+EH30+EL30+EP30+ET30+EX30 -> 0
A31: 623700 | B31: PUBLICATION | F31: 0 | J31: 0 | N31: 0 | R31: 0 | V31: 0 | Z31: 0 | AD31: 0 | AH31: 0 | AL31: 0 | AP31: 0 | AT31: 0 | AX31: 0 | BB31: 0 | BF31: 0 | BJ31: 0 | BN31: 0 | BR31: 0 | BV31: 0 | BZ31: 0 | CD31: 0 | CH31: 0 | CL31: 0 | CP31: 0 | CT31: 0 | CX31: 0 | DB31: 0 | DF31: 0 | DJ31: 0 | DN31: 0 | DR31: 0 | DV31: 0 | DZ31: 0 | ED31: 0 | EH31: 0 | EL31: 0 | EP31: 0 | ET31: 0 | EX31: 0 | EY31: =F31+J31+N31+R31+V31+Z31+AD31+AH31+AL31+AP31+AT31+AX31+BB31+BF31+BJ31+BN31+BR31+BV31+BZ31+CD31+CH31+CL31+CP31+CT31+CX31+DB31+DF31+DJ31+DN31+DR31+DV31+DZ31+ED31+EH31+EL31+EP31+ET31+EX31 -> 0
A32: 623800 | B32: SOLIDARITE/DONS | C32: CONGRES CONFEDERAL CH 2211585 | F32: 443 | J32: 0 | N32: 0 | R32: 0 | V32: 0 | Z32: 0 | AD32: 0 | AH32: 0 | AL32: 0 | AP32: 0 | AT32: 0 | AX32: 0 | BB32: 0 | BF32: 0 | BJ32: 0 | BN32: 0 | BR32: 0 | BV32: 0 | BZ32: 0 | CD32: 0 | CH32: 0 | CL32: 0 | CP32: 0 | CT32: 0 | CX32: 0 | DB32: 0 | DF32: 0 | DJ32: 0 | DN32: 0 | DR32: 0 | DV32: 0 | DZ32: 0 | ED32: 0 | EH32: 0 | EL32: 0 | EP32: 0 | ET32: 0 | EX32: 0 | EY32: =F32+J32+N32+R32+V32+Z32+AD32+AH32+AL32+AP32+AT32+AX32+BB32+BF32+BJ32+BN32+BR32+BV32+BZ32+CD32+CH32+CL32+CP32+CT32+CX32+DB32+DF32+DJ32+DN32+DR32+DV32+DZ32+ED32+EH32+EL32+EP32+ET32+EX32 -> 443
A33: 625100 | B33: FRAIS DE DEPLACEMENTS (repas, essence, train, avion, frais kilométriques, péage…) | C33: REPAS CB 02/03/2016 | F33: 16.4 | G33: REPAS CB 26/03/2016 | J33: 41.4 | K33: REPAS CB 29/03/2016 | N33: 25.95 | O33: ESSENCE CB 29/03/2016 | R33: 25.35 | S33: REPAS MONTREUIL 31/03/2016 | V33: 21.5 | W33: HOTEL MONTREUIL 31/03/2016 | Z33: 64.66 | AA33: REPAS CB 31/03/2016 | AD33: 10.12 | AE33: TAXI CB 31/03/2016 | AH33: 30.4 | AI33: REPAS MONT CB 01/04/2016 | AL33: 20.8 | AM33: REPAS CB 14/3/2016 | AP33: 18 | AT33: 0 | AX33: 0 | BB33: 0 | BF33: 0 | BJ33: 0 | BN33: 0 | BR33: 0 | BV33: 0 | BZ33: 0 | CD33: 0 | CH33: 0 | CL33: 0 | CP33: 0 | CT33: 0 | CX33: 0 | DB33: 0 | DF33: 0 | DJ33: 0 | DN33: 0 | DR33: 0 | DV33: 0 | DZ33: 0 | ED33: 0 | EH33: 0 | EL33: 0 | EP33: 0 | ET33: 0 | EX33: 0 | EY33: =F33+J33+N33+R33+V33+Z33+AD33+AH33+AL33+AP33+AT33+AX33+BB33+BF33+BJ33+BN33+BR33+BV33+BZ33+CD33+CH33+CL33+CP33+CT33+CX33+DB33+DF33+DJ33+DN33+DR33+DV33+DZ33+ED33+EH33+EL33+EP33+ET33+EX33 -> 274.58
A34: 625110 | B34: Réunion du bureau | F34: 0 | J34: 0 | N34: 0 | R34: 0 | V34: 0 | Z34: 0 | AD34: 0 | AH34: 0 | AL34: 0 | AP34: 0 | AT34: 0 | AX34: 0 | BB34: 0 | BF34: 0 | BJ34: 0 | BN34: 0 | BR34: 0 | BV34: 0 | BZ34: 0 | CD34: 0 | CH34: 0 | CL34: 0 | CP34: 0 | CT34: 0 | CX34: 0 | DB34: 0 | DF34: 0 | DJ34: 0 | DN34: 0 | DR34: 0 | DV34: 0 | DZ34: 0 | ED34: 0 | EH34: 0 | EL34: 0 | EP34: 0 | ET34: 0 | EX34: 0 | EY34: =F34+J34+N34+R34+V34+Z34+AD34+AH34+AL34+AP34+AT34+AX34+BB34+BF34+BJ34+BN34+BR34+BV34+BZ34+CD34+CH34+CL34+CP34+CT34+CX34+DB34+DF34+DJ34+DN34+DR34+DV34+DZ34+ED34+EH34+EL34+EP34+ET34+EX34 -> 0
A35: 625120 | B35: Réunion de la commission executive | F35: 0 | J35: 0 | N35: 0 | R35: 0 | V35: 0 | Z35: 0 | AD35: 0 | AH35: 0 | AL35: 0 | AP35: 0 | AT35: 0 | AX35: 0 | BB35: 0 | BF35: 0 | BJ35: 0 | BN35: 0 | BR35: 0 | BV35: 0 | BZ35: 0 | CD35: 0 | CH35: 0 | CL35: 0 | CP35: 0 | CT35: 0 | CX35: 0 | DB35: 0 | DF35: 0 | DJ35: 0 | DN35: 0 | DR35: 0 | DV35: 0 | DZ35: 0 | ED35: 0 | EH35: 0 | EL35: 0 | EP35: 0 | ET35: 0 | EX35: 0 | EY35: =F35+J35+N35+R35+V35+Z35+AD35+AH35+AL35+AP35+AT35+AX35+BB35+BF35+BJ35+BN35+BR35+BV35+BZ35+CD35+CH35+CL35+CP35+CT35+CX35+DB35+DF35+DJ35+DN35+DR35+DV35+DZ35+ED35+EH35+EL35+EP35+ET35+EX35 -> 0
A36: 625180 | B36: Collectif (intitulé) | F36: 0 | J36: 0 | N36: 0 | R36: 0 | V36: 0 | Z36: 0 | AD36: 0 | AH36: 0 | AL36: 0 | AP36: 0 | AT36: 0 | AX36: 0 | BB36: 0 | BF36: 0 | BJ36: 0 | BN36: 0 | BR36: 0 | BV36: 0 | BZ36: 0 | CD36: 0 | CH36: 0 | CL36: 0 | CP36: 0 | CT36: 0 | CX36: 0 | DB36: 0 | DF36: 0 | DJ36: 0 | DN36: 0 | DR36: 0 | DV36: 0 | DZ36: 0 | ED36: 0 | EH36: 0 | EL36: 0 | EP36: 0 | ET36: 0 | EX36: 0 | EY36: =F36+J36+N36+R36+V36+Z36+AD36+AH36+AL36+AP36+AT36+AX36+BB36+BF36+BJ36+BN36+BR36+BV36+BZ36+CD36+CH36+CL36+CP36+CT36+CX36+DB36+DF36+DJ36+DN36+DR36+DV36+DZ36+ED36+EH36+EL36+EP36+ET36+EX36 -> 0
A37: 625181 | B37: Collectif (intitulé) | F37: 0 | J37: 0 | N37: 0 | R37: 0 | V37: 0 | Z37: 0 | AD37: 0 | AH37: 0 | AL37: 0 | AP37: 0 | AT37: 0 | AX37: 0 | BB37: 0 | BF37: 0 | BJ37: 0 | BN37: 0 | BR37: 0 | BV37: 0 | BZ37: 0 | CD37: 0 | CH37: 0 | CL37: 0 | CP37: 0 | CT37: 0 | CX37: 0 | DB37: 0 | DF37: 0 | DJ37: 0 | DN37: 0 | DR37: 0 | DV37: 0 | DZ37: 0 | ED37: 0 | EH37: 0 | EL37: 0 | EP37: 0 | ET37: 0 | EX37: 0 | EY37: =F37+J37+N37+R37+V37+Z37+AD37+AH37+AL37+AP37+AT37+AX37+BB37+BF37+BJ37+BN37+BR37+BV37+BZ37+CD37+CH37+CL37+CP37+CT37+CX37+DB37+DF37+DJ37+DN37+DR37+DV37+DZ37+ED37+EH37+EL37+EP37+ET37+EX37 -> 0
A38: 625182 | B38: Collectif (intitulé) | F38: 0 | J38: 0 | N38: 0 | R38: 0 | V38: 0 | Z38: 0 | AD38: 0 | AH38: 0 | AL38: 0 | AP38: 0 | AT38: 0 | AX38: 0 | BB38: 0 | BF38: 0 | BJ38: 0 | BN38: 0 | BR38: 0 | BV38: 0 | BZ38: 0 | CD38: 0 | CH38: 0 | CL38: 0 | CP38: 0 | CT38: 0 | CX38: 0 | DB38: 0 | DF38: 0 | DJ38: 0 | DN38: 0 | DR38: 0 | DV38: 0 | DZ38: 0 | ED38: 0 | EH38: 0 | EL38: 0 | EP38: 0 | ET38: 0 | EX38: 0 | EY38: =F38+J38+N38+R38+V38+Z38+AD38+AH38+AL38+AP38+AT38+AX38+BB38+BF38+BJ38+BN38+BR38+BV38+BZ38+CD38+CH38+CL38+CP38+CT38+CX38+DB38+DF38+DJ38+DN38+DR38+DV38+DZ38+ED38+EH38+EL38+EP38+ET38+EX38 -> 0
A39: 625183 | B39: Collectif (intitulé) | F39: 0 | J39: 0 | N39: 0 | R39: 0 | V39: 0 | Z39: 0 | AD39: 0 | AH39: 0 | AL39: 0 | AP39: 0 | AT39: 0 | AX39: 0 | BB39: 0 | BF39: 0 | BJ39: 0 | BN39: 0 | BR39: 0 | BV39: 0 | BZ39: 0 | CD39: 0 | CH39: 0 | CL39: 0 | CP39: 0 | CT39: 0 | CX39: 0 | DB39: 0 | DF39: 0 | DJ39: 0 | DN39: 0 | DR39: 0 | DV39: 0 | DZ39: 0 | ED39: 0 | EH39: 0 | EL39: 0 | EP39: 0 | ET39: 0 | EX39: 0 | EY39: =F39+J39+N39+R39+V39+Z39+AD39+AH39+AL39+AP39+AT39+AX39+BB39+BF39+BJ39+BN39+BR39+BV39+BZ39+CD39+CH39+CL39+CP39+CT39+CX39+DB39+DF39+DJ39+DN39+DR39+DV39+DZ39+ED39+EH39+EL39+EP39+ET39+EX39 -> 0
A40: 625700 | B40: RECEPTION | F40: 0 | J40: 0 | N40: 0 | R40: 0 | V40: 0 | Z40: 0 | AD40: 0 | AH40: 0 | AL40: 0 | AP40: 0 | AT40: 0 | AX40: 0 | BB40: 0 | BF40: 0 | BJ40: 0 | BN40: 0 | BR40: 0 | BV40: 0 | BZ40: 0 | CD40: 0 | CH40: 0 | CL40: 0 | CP40: 0 | CT40: 0 | CX40: 0 | DB40: 0 | DF40: 0 | DJ40: 0 | DN40: 0 | DR40: 0 | DV40: 0 | DZ40: 0 | ED40: 0 | EH40: 0 | EL40: 0 | EP40: 0 | ET40: 0 | EX40: 0 | EY40: =F40+J40+N40+R40+V40+Z40+AD40+AH40+AL40+AP40+AT40+AX40+BB40+BF40+BJ40+BN40+BR40+BV40+BZ40+CD40+CH40+CL40+CP40+CT40+CX40+DB40+DF40+DJ40+DN40+DR40+DV40+DZ40+ED40+EH40+EL40+EP40+ET40+EX40 -> 0
A41: 626100 | B41: TELEPHONE/INTERNET | F41: 0 | J41: 0 | N41: 0 | R41: 0 | V41: 0 | Z41: 0 | AD41: 0 | AH41: 0 | AL41: 0 | AP41: 0 | AT41: 0 | AX41: 0 | BB41: 0 | BF41: 0 | BJ41: 0 | BN41: 0 | BR41: 0 | BV41: 0 | BZ41: 0 | CD41: 0 | CH41: 0 | CL41: 0 | CP41: 0 | CT41: 0 | CX41: 0 | DB41: 0 | DF41: 0 | DJ41: 0 | DN41: 0 | DR41: 0 | DV41: 0 | DZ41: 0 | ED41: 0 | EH41: 0 | EL41: 0 | EP41: 0 | ET41: 0 | EX41: 0 | EY41: =F41+J41+N41+R41+V41+Z41+AD41+AH41+AL41+AP41+AT41+AX41+BB41+BF41+BJ41+BN41+BR41+BV41+BZ41+CD41+CH41+CL41+CP41+CT41+CX41+DB41+DF41+DJ41+DN41+DR41+DV41+DZ41+ED41+EH41+EL41+EP41+ET41+EX41 -> 0
A42: 626200 | B42: AFFRANCHISSEMENT | F42: 0 | J42: 0 | N42: 0 | R42: 0 | V42: 0 | Z42: 0 | AD42: 0 | AH42: 0 | AL42: 0 | AP42: 0 | AT42: 0 | AX42: 0 | BB42: 0 | BF42: 0 | BJ42: 0 | BN42: 0 | BR42: 0 | BV42: 0 | BZ42: 0 | CD42: 0 | CH42: 0 | CL42: 0 | CP42: 0 | CT42: 0 | CX42: 0 | DB42: 0 | DF42: 0 | DJ42: 0 | DN42: 0 | DR42: 0 | DV42: 0 | DZ42: 0 | ED42: 0 | EH42: 0 | EL42: 0 | EP42: 0 | ET42: 0 | EX42: 0 | EY42: =F42+J42+N42+R42+V42+Z42+AD42+AH42+AL42+AP42+AT42+AX42+BB42+BF42+BJ42+BN42+BR42+BV42+BZ42+CD42+CH42+CL42+CP42+CT42+CX42+DB42+DF42+DJ42+DN42+DR42+DV42+DZ42+ED42+EH42+EL42+EP42+ET42+EX42 -> 0
A43: 627000 | B43: FRAIS BANCAIRES | C43: FRAIS 10/03/2016 | F43: 12 | J43: 0 | N43: 0 | R43: 0 | V43: 0 | Z43: 0 | AD43: 0 | AH43: 0 | AL43: 0 | AP43: 0 | AT43: 0 | AX43: 0 | BB43: 0 | BF43: 0 | BJ43: 0 | BN43: 0 | BR43: 0 | BV43: 0 | BZ43: 0 | CD43: 0 | CH43: 0 | CL43: 0 | CP43: 0 | CT43: 0 | CX43: 0 | DB43: 0 | DF43: 0 | DJ43: 0 | DN43: 0 | DR43: 0 | DV43: 0 | DZ43: 0 | ED43: 0 | EH43: 0 | EL43: 0 | EP43: 0 | ET43: 0 | EX43: 0 | EY43: =F43+J43+N43+R43+V43+Z43+AD43+AH43+AL43+AP43+AT43+AX43+BB43+BF43+BJ43+BN43+BR43+BV43+BZ43+CD43+CH43+CL43+CP43+CT43+CX43+DB43+DF43+DJ43+DN43+DR43+DV43+DZ43+ED43+EH43+EL43+EP43+ET43+EX43 -> 12
B44: INCONNU | F44: 0 | J44: 0 | N44: 0 | R44: 0 | V44: 0 | Z44: 0 | AD44: 0 | AH44: 0 | AL44: 0 | AP44: 0 | AT44: 0 | AX44: 0 | BB44: 0 | BF44: 0 | BJ44: 0 | BN44: 0 | BR44: 0 | BV44: 0 | BZ44: 0 | CD44: 0 | CH44: 0 | CL44: 0 | CP44: 0 | CT44: 0 | CX44: 0 | DB44: 0 | DF44: 0 | DJ44: 0 | DN44: 0 | DR44: 0 | DV44: 0 | DZ44: 0 | ED44: 0 | EH44: 0 | EL44: 0 | EP44: 0 | ET44: 0 | EX44: 0 | EY44: =F44+J44+N44+R44+V44+Z44+AD44+AH44+AL44+AP44+AT44+AX44+BB44+BF44+BJ44+BN44+BR44+BV44+BZ44+CD44+CH44+CL44+CP44+CT44+CX44+DB44+DF44+DJ44+DN44+DR44+DV44+DZ44+ED44+EH44+EL44+EP44+ET44+EX44 -> 0
A45: COMPTES D'IMMOBILISATION | F45: 0 | J45: 0 | N45: 0 | R45: 0 | V45: 0 | Z45: 0 | AD45: 0 | AH45: 0 | AL45: 0 | AP45: 0 | AT45: 0 | AX45: 0 | BB45: 0 | BF45: 0 | BJ45: 0 | BN45: 0 | BR45: 0 | BV45: 0 | BZ45: 0 | CD45: 0 | CH45: 0 | CL45: 0 | CP45: 0 | CT45: 0 | CX45: 0 | DB45: 0 | DF45: 0 | DJ45: 0 | DN45: 0 | DR45: 0 | DV45: 0 | DZ45: 0 | ED45: 0 | EH45: 0 | EL45: 0 | EP45: 0 | ET45: 0 | EX45: 0 | EY45: =F45+J45+N45+R45+V45+Z45+AD45+AH45+AL45+AP45+AT45+AX45+BB45+BF45+BJ45+BN45+BR45+BV45+BZ45+CD45+CH45+CL45+CP45+CT45+CX45+DB45+DF45+DJ45+DN45+DR45+DV45+DZ45+ED45+EH45+EL45+EP45+ET45+EX45 -> 0
A46: 218300 | B46: MATERIEL DE BUREAU ET INFORMATIQUE (≥ 500€ unitaire) | F46: 0 | J46: 0 | N46: 0 | R46: 0 | V46: 0 | Z46: 0 | AD46: 0 | AH46: 0 | AL46: 0 | AP46: 0 | AT46: 0 | AX46: 0 | BB46: 0 | BF46: 0 | BJ46: 0 | BN46: 0 | BR46: 0 | BV46: 0 | BZ46: 0 | CD46: 0 | CH46: 0 | CL46: 0 | CP46: 0 | CT46: 0 | CX46: 0 | DB46: 0 | DF46: 0 | DJ46: 0 | DN46: 0 | DR46: 0 | DV46: 0 | DZ46: 0 | ED46: 0 | EH46: 0 | EL46: 0 | EP46: 0 | ET46: 0 | EX46: 0 | EY46: =F46+J46+N46+R46+V46+Z46+AD46+AH46+AL46+AP46+AT46+AX46+BB46+BF46+BJ46+BN46+BR46+BV46+BZ46+CD46+CH46+CL46+CP46+CT46+CX46+DB46+DF46+DJ46+DN46+DR46+DV46+DZ46+ED46+EH46+EL46+EP46+ET46+EX46 -> 0
A47: RECAP MENSUEL | EX47: T-Dépenses | EY47: =SUM(EY16:EY46) -> 1885.98
A48: Solde bancaire au 31-03-2016 | B48: Total recettes | D48: =EY12 -> 127.26
B49: Total dépenses | C49: =EY47 -> 1885.98
B50: solde | C50: =C2+D48-C49 -> 324.07
A52: INFO INCONNU

Sheet Avril
E1: MOIS DE DECEMBRE 2012
A2: Solde bancaire au 31-03-2016 | C2: =Mars!C50 -> 324.07
A4: RECETTES | EY4: TOTAUX
A5: COMPTES | B5: LIBELLES DES COMPTES | C5: LIBELLES RECETTES | F5: MONTANTS | G5: LIBELLES RECETTES | J5: MONTANTS | K5: LIBELLES RECETTES | N5: MONTANTS | O5: LIBELLES RECETTES | R5: MONTANTS | S5: LIBELLES RECETTES | V5: MONTANTS | W5: LIBELLES RECETTES | Z5: MONTANTS | AA5: LIBELLES RECETTES | AD5: MONTANTS | AE5: LIBELLES RECETTES | AH5: MONTANTS | AI5: LIBELLES RECETTES | AL5: MONTANTS | AM5: LIBELLES RECETTES | AP5: MONTANTS | AQ5: LIBELLES RECETTES | AT5: MONTANTS | AU5: LIBELLES RECETTES | AX5: MONTANTS | AY5: LIBELLES RECETTES | BB5: MONTANTS | BC5: LIBELLES RECETTES | BF5: MONTANTS | BG5: LIBELLES RECETTES | BJ5: MONTANTS | BK5: LIBELLES RECETTES | BN5: MONTANTS | BO5: LIBELLES RECETTES | BR5: MONTANTS | BS5: LIBELLES RECETTES | BV5: MONTANTS | BW5: LIBELLES RECETTES | BZ5: MONTANTS | CA5: LIBELLES RECETTES | CD5: MONTANTS | CE5: LIBELLES RECETTES | CH5: MONTANTS | CI5: LIBELLES RECETTES | CL5: MONTANTS | CM5: LIBELLES RECETTES | CP5: MONTANTS | CQ5: LIBELLES RECETTES | CT5: MONTANTS | CU5: LIBELLES RECETTES | CX5: MONTANTS | CY5: LIBELLES RECETTES | DB5: MONTANTS | DC5: LIBELLES RECETTES | DF5: MONTANTS | DG5: LIBELLES RECETTES | DJ5: MONTANTS | DK5: LIBELLES RECETTES | DN5: MONTANTS | DO5: LIBELLES RECETTES | DR5: MONTANTS | DS5: LIBELLES RECETTES | DV5: MONTANTS | DW5: LIBELLES RECETTES | DZ5: MONTANTS | EA5: LIBELLES RECETTES | ED5: MONTANTS | EE5: LIBELLES RECETTES | EH5: MONTANTS | EI5: LIBELLES RECETTES | EL5: MONTANTS | EM5: LIBELLES RECETTES | EP5: MONTANTS | EQ5: LIBELLES RECETTES | ET5: MONTANTS | EU5: LIBELLES RECETTES | EX5: MONTANTS
A6: 707100 | B6: VENTE DE MATERIEL SYNDICAL | F6: 0 | J6: 0 | N6: 0 | R6: 0 | V6: 0 | Z6: 0 | AD6: 0 | AH6: 0 | AL6: 0 | AP6: 0 | AT6: 0 | AX6: 0 | BB6: 0 | BF6: 0 | BJ6: 0 | BN6: 0 | BR6: 0 | BV6: 0 | BZ6: 0 | CD6: 0 | CH6: 0 | CL6: 0 | CP6: 0 | CT6: 0 | CX6: 0 | DB6: 0 | DF6: 0 | DJ6: 0 | DN6: 0 | DR6: 0 | DV6: 0 | DZ6: 0 | ED6: 0 | EH6: 0 | EL6: 0 | EP6: 0 | ET6: 0 | EX6: 0 | EY6: =F6+J6+N6+R6+V6+Z6+AD6+AH6+AL6+AP6+AT6+AX6+BB6+BF6+BJ6+BN6+BR6+BV6+BZ6+CD6+CH6+CL6+CP6+CT6+CX6+DB6+DF6+DJ6+DN6+DR6+DV6+DZ6+ED6+EH6+EL6+EP6+ET6+EX6 -> 0
A7: 741100 | B7: SUBVENTION PUBLIQUE | F7: 0 | J7: 0 | N7: 0 | R7: 0 | V7: 0 | Z7: 0 | AD7: 0 | AH7: 0 | AL7: 0 | AP7: 0 | AT7: 0 | AX7: 0 | BB7: 0 | BF7: 0 | BJ7: 0 | BN7: 0 | BR7: 0 | BV7: 0 | BZ7: 0 | CD7: 0 | CH7: 0 | CL7: 0 | CP7: 0 | CT7: 0 | CX7: 0 | DB7: 0 | DF7: 0 | DJ7: 0 | DN7: 0 | DR7: 0 | DV7: 0 | DZ7: 0 | ED7: 0 | EH7: 0 | EL7: 0 | EP7: 0 | ET7: 0 | EX7: 0 | EY7: =F7+J7+N7+R7+V7+Z7+AD7+AH7+AL7+AP7+AT7+AX7+BB7+BF7+BJ7+BN7+BR7+BV7+BZ7+CD7+CH7+CL7+CP7+CT7+CX7+DB7+DF7+DJ7+DN7+DR7+DV7+DZ7+ED7+EH7+EL7+EP7+ET7+EX7 -> 0
A8: 754000 | B8: COLLECTES DONS SOUSCRIPTIONS | C8: MUT CONGRES CONFED REMISE CHE | F8: 218 | J8: 0 | N8: 0 | R8: 0 | V8: 0 | Z8: 0 | AD8: 0 | AH8: 0 | AL8: 0 | AP8: 0 | AT8: 0 | AX8: 0 | BB8: 0 | BF8: 0 | BJ8: 0 | BN8: 0 | BR8: 0 | BV8: 0 | BZ8: 0 | CD8: 0 | CH8: 0 | CL8: 0 | CP8: 0 | CT8: 0 | CX8: 0 | DB8: 0 | DF8: 0 | DJ8: 0 | DN8: 0 | DR8: 0 | DV8: 0 | DZ8: 0 | ED8: 0 | EH8: 0 | EL8: 0 | EP8: 0 | ET8: 0 | EX8: 0 | EY8: =F8+J8+N8+R8+V8+Z8+AD8+AH8+AL8+AP8+AT8+AX8+BB8+BF8+BJ8+BN8+BR8+BV8+BZ8+CD8+CH8+CL8+CP8+CT8+CX8+DB8+DF8+DJ8+DN8+DR8+DV8+DZ8+ED8+EH8+EL8+EP8+ET8+EX8 -> 218
A9: 756100 | B9: COTISATION | F9: 0 | J9: 0 | N9: 0 | R9: 0 | V9: 0 | Z9: 0 | AD9: 0 | AH9: 0 | AL9: 0 | AP9: 0 | AT9: 0 | AX9: 0 | BB9: 0 | BF9: 0 | BJ9: 0 | BN9: 0 | BR9: 0 | BV9: 0 | BZ9: 0 | CD9: 0 | CH9: 0 | CL9: 0 | CP9: 0 | CT9: 0 | CX9: 0 | DB9: 0 | DF9: 0 | DJ9: 0 | DN9: 0 | DR9: 0 | DV9: 0 | DZ9: 0 | ED9: 0 | EH9: 0 | EL9: 0 | EP9: 0 | ET9: 0 | EX9: 0 | EY9: =F9+J9+N9+R9+V9+Z9+AD9+AH9+AL9+AP9+AT9+AX9+BB9+BF9+BJ9+BN9+BR9+BV9+BZ9+CD9+CH9+CL9+CP9+CT9+CX9+DB9+DF9+DJ9+DN9+DR9+DV9+DZ9+ED9+EH9+EL9+EP9+ET9+EX9 -> 0
A10: 791100 | B10: REMBOURSEMENT FRAIS DPLCT (FEDE) | F10: 0 | J10: 0 | N10: 0 | R10: 0 | V10: 0 | Z10: 0 | AD10: 0 | AH10: 0 | AL10: 0 | AP10: 0 | AT10: 0 | AX10: 0 | BB10: 0 | BF10: 0 | BJ10: 0 | BN10: 0 | BR10: 0 | BV10: 0 | BZ10: 0 | CD10: 0 | CH10: 0 | CL10: 0 | CP10: 0 | CT10: 0 | CX10: 0 | DB10: 0 | DF10: 0 | DJ10: 0 | DN10: 0 | DR10: 0 | DV10: 0 | DZ10: 0 | ED10: 0 | EH10: 0 | EL10: 0 | EP10: 0 | ET10: 0 | EX10: 0 | EY10: =F10+J10+N10+R10+V10+Z10+AD10+AH10+AL10+AP10+AT10+AX10+BB10+BF10+BJ10+BN10+BR10+BV10+BZ10+CD10+CH10+CL10+CP10+CT10+CX10+DB10+DF10+DJ10+DN10+DR10+DV10+DZ10+ED10+EH10+EL10+EP10+ET10+EX10 -> 0
B11: INCONNU | F11: 0 | J11: 0 | N11: 0 | R11: 0 | V11: 0 | Z11: 0 | AD11: 0 | AH11: 0 | AL11: 0 | AP11: 0 | AT11: 0 | AX11: 0 | BB11: 0 | BF11: 0 | BJ11: 0 | BN11: 0 | BR11: 0 | BV11: 0 | BZ11: 0 | CD11: 0 | CH11: 0 | CL11: 0 | CP11: 0 | CT11: 0 | CX11: 0 | DB11: 0 | DF11: 0 | DJ11: 0 | DN11: 0 | DR11: 0 | DV11: 0 | DZ11: 0 | ED11: 0 | EH11: 0 | EL11: 0 | EP11: 0 | ET11: 0 | EX11: 0 | EY11: =F11+J11+N11+R11+V11+Z11+AD11+AH11+AL11+AP11+AT11+AX11+BB11+BF11+BJ11+BN11+BR11+BV11+BZ11+CD11+CH11+CL11+CP11+CT11+CX11+DB11+DF11+DJ11+DN11+DR11+DV11+DZ11+ED11+EH11+EL11+EP11+ET11+EX11 -> 0
EX12: T-Recettes | EY12: =SUM(EY6:EY11) -> 218
A13: DEPENSES
A14: COMPTES | B14: LIBELLES DES COMPTES | C14: LIBELLES DEPENSES | F14: MONTANTS | G14: LIBELLES DEPENSES | J14: MONTANTS | K14: LIBELLES DEPENSES | N14: MONTANTS | O14: LIBELLES DEPENSES | R14: MONTANTS | S14: LIBELLES DEPENSES | V14: MONTANTS | W14: LIBELLES DEPENSES | Z14: MONTANTS | AA14: LIBELLES DEPENSES | AD14: MONTANTS | AE14: LIBELLES DEPENSES | AH14: MONTANTS | AI14: LIBELLES DEPENSES | AL14: MONTANTS | AM14: LIBELLES DEPENSES | AP14: MONTANTS | AQ14: LIBELLES DEPENSES | AT14: MONTANTS | AU14: LIBELLES DEPENSES | AX14: MONTANTS | AY14: LIBELLES DEPENSES | BB14: MONTANTS | BC14: LIBELLES DEPENSES | BF14: MONTANTS | BG14: LIBELLES DEPENSES | BJ14: MONTANTS | BK14: LIBELLES DEPENSES | BN14: MONTANTS | BO14: LIBELLES DEPENSES | BR14: MONTANTS | BS14: LIBELLES DEPENSES | BV14: MONTANTS | BW14: LIBELLES DEPENSES | BZ14: MONTANTS | CA14: LIBELLES DEPENSES | CD14: MONTANTS | CE14: LIBELLES DEPENSES | CH14: MONTANTS | CI14: LIBELLES DEPENSES | CL14: MONTANTS | CM14: LIBELLES DEPENSES | CP14: MONTANTS | CQ14: LIBELLES DEPENSES | CT14: MONTANTS | CU14: LIBELLES DEPENSES | CX14: MONTANTS | CY14: LIBELLES DEPENSES | DB14: MONTANTS | DC14: LIBELLES DEPENSES | DF14: MONTANTS | DG14: LIBELLES DEPENSES | DJ14: MONTANTS | DK14: LIBELLES DEPENSES | DN14: MONTANTS | DO14: LIBELLES DEPENSES | DR14: MONTANTS | DS14: LIBELLES DEPENSES | DV14: MONTANTS | DW14: LIBELLES DEPENSES | DZ14: MONTANTS | EA14: LIBELLES DEPENSES | ED14: MONTANTS | EE14: LIBELLES DEPENSES | EH14: MONTANTS | EI14: LIBELLES DEPENSES | EL14: MONTANTS | EM14: LIBELLES DEPENSES | EP14: MONTANTS | EQ14: LIBELLES DEPENSES | ET14: MONTANTS | EU14: LIBELLES DEPENSES | EX14: MONTANTS
B15: COGETISE | F15: 0 | J15: 0 | N15: 0 | R15: 0 | V15: 0 | Z15: 0 | AD15: 0 | AH15: 0 | AL15: 0 | AP15: 0 | AT15: 0 | AX15: 0 | BB15: 0 | BF15: 0 | BJ15: 0 | BN15: 0 | BR15: 0 | BV15: 0 | BZ15: 0 | CD15: 0 | CH15: 0 | CL15: 0 | CP15: 0 | CT15: 0 | CX15: 0 | DB15: 0 | DF15: 0 | DJ15: 0 | DN15: 0 | DR15: 0 | DV15: 0 | DZ15: 0 | ED15: 0 | EH15: 0 | EL15: 0 | EP15: 0 | ET15: 0 | EX15: 0 | EY15: =F15+J15+N15+R15+V15+Z15+AD15+AH15+AL15+AP15+AT15+AX15+BB15+BF15+BJ15+BN15+BR15+BV15+BZ15+CD15+CH15+CL15+CP15+CT15+CX15+DB15+DF15+DJ15+DN15+DR15+DV15+DZ15+ED15+EH15+EL15+EP15+ET15+EX15 -> 0
A16: 606100 | B16: FOURNITURES ADMINISTRATIVES | C16: CLASSEURS CB 04/04/2016 | F16: 14.31 | J16: 0 | N16: 0 | R16: 0 | V16: 0 | Z16: 0 | AD16: 0 | AH16: 0 | AL16: 0 | AP16: 0 | AT16: 0 | AX16: 0 | BB16: 0 | BF16: 0 | BJ16: 0 | BN16: 0 | BR16: 0 | BV16: 0 | BZ16: 0 | CD16: 0 | CH16: 0 | CL16: 0 | CP16: 0 | CT16: 0 | CX16: 0 | DB16: 0 | DF16: 0 | DJ16: 0 | DN16: 0 | DR16: 0 | DV16: 0 | DZ16: 0 | ED16: 0 | EH16: 0 | EL16: 0 | EP16: 0 | ET16: 0 | EX16: 0 | EY16: =F16+J16+N16+R16+V16+Z16+AD16+AH16+AL16+AP16+AT16+AX16+BB16+BF16+BJ16+BN16+BR16+BV16+BZ16+CD16+CH16+CL16+CP16+CT16+CX16+DB16+DF16+DJ16+DN16+DR16+DV16+DZ16+ED16+EH16+EL16+EP16+ET16+EX16 -> 14.31
A17: 606200 | B17: FRAIS D'IMPRESSION/PHOTOCOPIES | F17: 0 | J17: 0 | N17: 0 | R17: 0 | V17: 0 | Z17: 0 | AD17: 0 | AH17: 0 | AL17: 0 | AP17: 0 | AT17: 0 | AX17: 0 | BB17: 0 | BF17: 0 | BJ17: 0 | BN17: 0 | BR17: 0 | BV17: 0 | BZ17: 0 | CD17: 0 | CH17: 0 | CL17: 0 | CP17: 0 | CT17: 0 | CX17: 0 | DB17: 0 | DF17: 0 | DJ17: 0 | DN17: 0 | DR17: 0 | DV17: 0 | DZ17: 0 | ED17: 0 | EH17: 0 | EL17: 0 | EP17: 0 | ET17: 0 | EX17: 0 | EY17: =F17+J17+N17+R17+V17+Z17+AD17+AH17+AL17+AP17+AT17+AX17+BB17+BF17+BJ17+BN17+BR17+BV17+BZ17+CD17+CH17+CL17+CP17+CT17+CX17+DB17+DF17+DJ17+DN17+DR17+DV17+DZ17+ED17+EH17+EL17+EP17+ET17+EX17 -> 0
A18: 606300 | B18: FOURNITURES PETITS EQUIPEMENTS (≤ 500€ unitaire) | F18: 0 | J18: 0 | N18: 0 | R18: 0 | V18: 0 | Z18: 0 | AD18: 0 | AH18: 0 | AL18: 0 | AP18: 0 | AT18: 0 | AX18: 0 | BB18: 0 | BF18: 0 | BJ18: 0 | BN18: 0 | BR18: 0 | BV18: 0 | BZ18: 0 | CD18: 0 | CH18: 0 | CL18: 0 | CP18: 0 | CT18: 0 | CX18: 0 | DB18: 0 | DF18: 0 | DJ18: 0 | DN18: 0 | DR18: 0 | DV18: 0 | DZ18: 0 | ED18: 0 | EH18: 0 | EL18: 0 | EP18: 0 | ET18: 0 | EX18: 0 | EY18: =F18+J18+N18+R18+V18+Z18+AD18+AH18+AL18+AP18+AT18+AX18+BB18+BF18+BJ18+BN18+BR18+BV18+BZ18+CD18+CH18+CL18+CP18+CT18+CX18+DB18+DF18+DJ18+DN18+DR18+DV18+DZ18+ED18+EH18+EL18+EP18+ET18+EX18 -> 0
A19: 606800 | B19: ACHAT DIVERS | F19: 0 | J19: 0 | N19: 0 | R19: 0 | V19: 0 | Z19: 0 | AD19: 0 | AH19: 0 | AL19: 0 | AP19: 0 | AT19: 0 | AX19: 0 | BB19: 0 | BF19: 0 | BJ19: 0 | BN19: 0 | BR19: 0 | BV19: 0 | BZ19: 0 | CD19: 0 | CH19: 0 | CL19: 0 | CP19: 0 | CT19: 0 | CX19: 0 | DB19: 0 | DF19: 0 | DJ19: 0 | DN19: 0 | DR19: 0 | DV19: 0 | DZ19: 0 | ED19: 0 | EH19: 0 | EL19: 0 | EP19: 0 | ET19: 0 | EX19: 0 | EY19: =F19+J19+N19+R19+V19+Z19+AD19+AH19+AL19+AP19+AT19+AX19+BB19+BF19+BJ19+BN19+BR19+BV19+BZ19+CD19+CH19+CL19+CP19+CT19+CX19+DB19+DF19+DJ19+DN19+DR19+DV19+DZ19+ED19+EH19+EL19+EP19+ET19+EX19 -> 0
A20: 607100 | B20: MATERIEL SYNDICAL | F20: 0 | J20: 0 | N20: 0 | R20: 0 | V20: 0 | Z20: 0 | AD20: 0 | AH20: 0 | AL20: 0 | AP20: 0 | AT20: 0 | AX20: 0 | BB20: 0 | BF20: 0 | BJ20: 0 | BN20: 0 | BR20: 0 | BV20: 0 | BZ20: 0 | CD20: 0 | CH20: 0 | CL20: 0 | CP20: 0 | CT20: 0 | CX20: 0 | DB20: 0 | DF20: 0 | DJ20: 0 | DN20: 0 | DR20: 0 | DV20: 0 | DZ20: 0 | ED20: 0 | EH20: 0 | EL20: 0 | EP20: 0 | ET20: 0 | EX20: 0 | EY20: =F20+J20+N20+R20+V20+Z20+AD20+AH20+AL20+AP20+AT20+AX20+BB20+BF20+BJ20+BN20+BR20+BV20+BZ20+CD20+CH20+CL20+CP20+CT20+CX20+DB20+DF20+DJ20+DN20+DR20+DV20+DZ20+ED20+EH20+EL20+EP20+ET20+EX20 -> 0
A21: 613000 | B21: LOCATION (salles, machines…) | F21: 0 | J21: 0 | N21: 0 | R21: 0 | V21: 0 | Z21: 0 | AD21: 0 | AH21: 0 | AL21: 0 | AP21: 0 | AT21: 0 | AX21: 0 | BB21: 0 | BF21: 0 | BJ21: 0 | BN21: 0 | BR21: 0 | BV21: 0 | BZ21: 0 | CD21: 0 | CH21: 0 | CL21: 0 | CP21: 0 | CT21: 0 | CX21: 0 | DB21: 0 | DF21: 0 | DJ21: 0 | DN21: 0 | DR21: 0 | DV21: 0 | DZ21: 0 | ED21: 0 | EH21: 0 | EL21: 0 | EP21: 0 | ET21: 0 | EX21: 0 | EY21: =F21+J21+N21+R21+V21+Z21+AD21+AH21+AL21+AP21+AT21+AX21+BB21+BF21+BJ21+BN21+BR21+BV21+BZ21+CD21+CH21+CL21+CP21+CT21+CX21+DB21+DF21+DJ21+DN21+DR21+DV21+DZ21+ED21+EH21+EL21+EP21+ET21+EX21 -> 0
A22: 615000 | B22: MAINTENANCE/ENTRETIEN | F22: 0 | J22: 0 | N22: 0 | R22: 0 | V22: 0 | Z22: 0 | AD22: 0 | AH22: 0 | AL22: 0 | AP22: 0 | AT22: 0 | AX22: 0 | BB22: 0 | BF22: 0 | BJ22: 0 | BN22: 0 | BR22: 0 | BV22: 0 | BZ22: 0 | CD22: 0 | CH22: 0 | CL22: 0 | CP22: 0 | CT22: 0 | CX22: 0 | DB22: 0 | DF22: 0 | DJ22: 0 | DN22: 0 | DR22: 0 | DV22: 0 | DZ22: 0 | ED22: 0 | EH22: 0 | EL22: 0 | EP22: 0 | ET22: 0 | EX22: 0 | EY22: =F22+J22+N22+R22+V22+Z22+AD22+AH22+AL22+AP22+AT22+AX22+BB22+BF22+BJ22+BN22+BR22+BV22+BZ22+CD22+CH22+CL22+CP22+CT22+CX22+DB22+DF22+DJ22+DN22+DR22+DV22+DZ22+ED22+EH22+EL22+EP22+ET22+EX22 -> 0
A23: 616000 | B23: ASSURANCES | F23: 0 | J23: 0 | N23: 0 | R23: 0 | V23: 0 | Z23: 0 | AD23: 0 | AH23: 0 | AL23: 0 | AP23: 0 | AT23: 0 | AX23: 0 | BB23: 0 | BF23: 0 | BJ23: 0 | BN23: 0 | BR23: 0 | BV23: 0 | BZ23: 0 | CD23: 0 | CH23: 0 | CL23: 0 | CP23: 0 | CT23: 0 | CX23: 0 | DB23: 0 | DF23: 0 | DJ23: 0 | DN23: 0 | DR23: 0 | DV23: 0 | DZ23: 0 | ED23: 0 | EH23: 0 | EL23: 0 | EP23: 0 | ET23: 0 | EX23: 0 | EY23: =F23+J23+N23+R23+V23+Z23+AD23+AH23+AL23+AP23+AT23+AX23+BB23+BF23+BJ23+BN23+BR23+BV23+BZ23+CD23+CH23+CL23+CP23+CT23+CX23+DB23+DF23+DJ23+DN23+DR23+DV23+DZ23+ED23+EH23+EL23+EP23+ET23+EX23 -> 0
A24: 618100 | B24: DOCUMENTATION/ABONNEMENTS | F24: 0 | J24: 0 | N24: 0 | R24: 0 | V24: 0 | Z24: 0 | AD24: 0 | AH24: 0 | AL24: 0 | AP24: 0 | AT24: 0 | AX24: 0 | BB24: 0 | BF24: 0 | BJ24: 0 | BN24: 0 | BR24: 0 | BV24: 0 | BZ24: 0 | CD24: 0 | CH24: 0 | CL24: 0 | CP24: 0 | CT24: 0 | CX24: 0 | DB24: 0 | DF24: 0 | DJ24: 0 | DN24: 0 | DR24: 0 | DV24: 0 | DZ24: 0 | ED24: 0 | EH24: 0 | EL24: 0 | EP24: 0 | ET24: 0 | EX24: 0 | EY24: =F24+J24+N24+R24+V24+Z24+AD24+AH24+AL24+AP24+AT24+AX24+BB24+BF24+BJ24+BN24+BR24+BV24+BZ24+CD24+CH24+CL24+CP24+CT24+CX24+DB24+DF24+DJ24+DN24+DR24+DV24+DZ24+ED24+EH24+EL24+EP24+ET24+EX24 -> 0
A25: 618600 | B25: FORMATIONS | F25: 0 | J25: 0 | N25: 0 | R25: 0 | V25: 0 | Z25: 0 | AD25: 0 | AH25: 0 | AL25: 0 | AP25: 0 | AT25: 0 | AX25: 0 | BB25: 0 | BF25: 0 | BJ25: 0 | BN25: 0 | BR25: 0 | BV25: 0 | BZ25: 0 | CD25: 0 | CH25: 0 | CL25: 0 | CP25: 0 | CT25: 0 | CX25: 0 | DB25: 0 | DF25: 0 | DJ25: 0 | DN25: 0 | DR25: 0 | DV25: 0 | DZ25: 0 | ED25: 0 | EH25: 0 | EL25: 0 | EP25: 0 | ET25: 0 | EX25: 0 | EY25: =F25+J25+N25+R25+V25+Z25+AD25+AH25+AL25+AP25+AT25+AX25+BB25+BF25+BJ25+BN25+BR25+BV25+BZ25+CD25+CH25+CL25+CP25+CT25+CX25+DB25+DF25+DJ25+DN25+DR25+DV25+DZ25+ED25+EH25+EL25+EP25+ET25+EX25 -> 0
A26: 618610 | B26: Formations (intitulé de la formation) | F26: 0 | J26: 0 | N26: 0 | R26: 0 | V26: 0 | Z26: 0 | AD26: 0 | AH26: 0 | AL26: 0 | AP26: 0 | AT26: 0 | AX26: 0 | BB26: 0 | BF26: 0 | BJ26: 0 | BN26: 0 | BR26: 0 | BV26: 0 | BZ26: 0 | CD26: 0 | CH26: 0 | CL26: 0 | CP26: 0 | CT26: 0 | CX26: 0 | DB26: 0 | DF26: 0 | DJ26: 0 | DN26: 0 | DR26: 0 | DV26: 0 | DZ26: 0 | ED26: 0 | EH26: 0 | EL26: 0 | EP26: 0 | ET26: 0 | EX26: 0 | EY26: =F26+J26+N26+R26+V26+Z26+AD26+AH26+AL26+AP26+AT26+AX26+BB26+BF26+BJ26+BN26+BR26+BV26+BZ26+CD26+CH26+CL26+CP26+CT26+CX26+DB26+DF26+DJ26+DN26+DR26+DV26+DZ26+ED26+EH26+EL26+EP26+ET26+EX26 -> 0
A27: 618620 | B27: Formations (intitulé de la formation) | F27: 0 | J27: 0 | N27: 0 | R27: 0 | V27: 0 | Z27: 0 | AD27: 0 | AH27: 0 | AL27: 0 | AP27: 0 | AT27: 0 | AX27: 0 | BB27: 0 | BF27: 0 | BJ27: 0 | BN27: 0 | BR27: 0 | BV27: 0 | BZ27: 0 | CD27: 0 | CH27: 0 | CL27: 0 | CP27: 0 | CT27: 0 | CX27: 0 | DB27: 0 | DF27: 0 | DJ27: 0 | DN27: 0 | DR27: 0 | DV27: 0 | DZ27: 0 | ED27: 0 | EH27: 0 | EL27: 0 | EP27: 0 | ET27: 0 | EX27: 0 | EY27: =F27+J27+N27+R27+V27+Z27+AD27+AH27+AL27+AP27+AT27+AX27+BB27+BF27+BJ27+BN27+BR27+BV27+BZ27+CD27+CH27+CL27+CP27+CT27+CX27+DB27+DF27+DJ27+DN27+DR27+DV27+DZ27+ED27+EH27+EL27+EP27+ET27+EX27 -> 0
B28: JOURNEES D'ETUDES | F28: 0 | J28: 0 | N28: 0 | R28: 0 | V28: 0 | Z28: 0 | AD28: 0 | AH28: 0 | AL28: 0 | AP28: 0 | AT28: 0 | AX28: 0 | BB28: 0 | BF28: 0 | BJ28: 0 | BN28: 0 | BR28: 0 | BV28: 0 | BZ28: 0 | CD28: 0 | CH28: 0 | CL28: 0 | CP28: 0 | CT28: 0 | CX28: 0 | DB28: 0 | DF28: 0 | DJ28: 0 | DN28: 0 | DR28: 0 | DV28: 0 | DZ28: 0 | ED28: 0 | EH28: 0 | EL28: 0 | EP28: 0 | ET28: 0 | EX28: 0 | EY28: =F28+J28+N28+R28+V28+Z28+AD28+AH28+AL28+AP28+AT28+AX28+BB28+BF28+BJ28+BN28+BR28+BV28+BZ28+CD28+CH28+CL28+CP28+CT28+CX28+DB28+DF28+DJ28+DN28+DR28+DV28+DZ28+ED28+EH28+EL28+EP28+ET28+EX28 -> 0
A29: 618630 | B29: Journées d'études (intitulé de la journée d'étude) | F29: 0 | J29: 0 | N29: 0 | R29: 0 | V29: 0 | Z29: 0 | AD29: 0 | AH29: 0 | AL29: 0 | AP29: 0 | AT29: 0 | AX29: 0 | BB29: 0 | BF29: 0 | BJ29: 0 | BN29: 0 | BR29: 0 | BV29: 0 | BZ29: 0 | CD29: 0 | CH29: 0 | CL29: 0 | CP29: 0 | CT29: 0 | CX29: 0 | DB29: 0 | DF29: 0 | DJ29: 0 | DN29: 0 | DR29: 0 | DV29: 0 | DZ29: 0 | ED29: 0 | EH29: 0 | EL29: 0 | EP29: 0 | ET29: 0 | EX29: 0 | EY29: =F29+J29+N29+R29+V29+Z29+AD29+AH29+AL29+AP29+AT29+AX29+BB29+BF29+BJ29+BN29+BR29+BV29+BZ29+CD29+CH29+CL29+CP29+CT29+CX29+DB29+DF29+DJ29+DN29+DR29+DV29+DZ29+ED29+EH29+EL29+EP29+ET29+EX29 -> 0
A30: 618640 | B30: Journées d'études (intitulé de la journée d'étude) | F30: 0 | J30: 0 | N30: 0 | R30: 0 | V30: 0 | Z30: 0 | AD30: 0 | AH30: 0 | AL30: 0 | AP30: 0 | AT30: 0 | AX30: 0 | BB30: 0 | BF30: 0 | BJ30: 0 | BN30: 0 | BR30: 0 | BV30: 0 | BZ30: 0 | CD30: 0 | CH30: 0 | CL30: 0 | CP30: 0 | CT30: 0 | CX30: 0 | DB30: 0 | DF30: 0 | DJ30: 0 | DN30: 0 | DR30: 0 | DV30: 0 | DZ30: 0 | ED30: 0 | EH30: 0 | EL30: 0 | EP30: 0 | ET30: 0 | EX30: 0 | EY30: =F30+J30+N30+R30+V30+Z30+AD30+AH30+AL30+AP30+AT30+AX30+BB30+BF30+BJ30+BN30+BR30+BV30+BZ30+CD30+CH30+CL30+CP30+CT30+CX30+DB30+DF30+DJ30+DN30+DR30+DV30+DZ30+ED30+EH30+EL30+EP30+ET30+EX30 -> 0
A31: 623700 | B31: PUBLICATION | F31: 0 | J31: 0 | N31: 0 | R31: 0 | V31: 0 | Z31: 0 | AD31: 0 | AH31: 0 | AL31: 0 | AP31: 0 | AT31: 0 | AX31: 0 | BB31: 0 | BF31: 0 | BJ31: 0 | BN31: 0 | BR31: 0 | BV31: 0 | BZ31: 0 | CD31: 0 | CH31: 0 | CL31: 0 | CP31: 0 | CT31: 0 | CX31: 0 | DB31: 0 | DF31: 0 | DJ31: 0 | DN31: 0 | DR31: 0 | DV31: 0 | DZ31: 0 | ED31: 0 | EH31: 0 | EL31: 0 | EP31: 0 | ET31: 0 | EX31: 0 | EY31: =F31+J31+N31+R31+V31+Z31+AD31+AH31+AL31+AP31+AT31+AX31+BB31+BF31+BJ31+BN31+BR31+BV31+BZ31+CD31+CH31+CL31+CP31+CT31+CX31+DB31+DF31+DJ31+DN31+DR31+DV31+DZ31+ED31+EH31+EL31+EP31+ET31+EX31 -> 0
A32: 623800 | B32: SOLIDARITE/DONS | F32: 0 | J32: 0 | N32: 0 | R32: 0 | V32: 0 | Z32: 0 | AD32: 0 | AH32: 0 | AL32: 0 | AP32: 0 | AT32: 0 | AX32: 0 | BB32: 0 | BF32: 0 | BJ32: 0 | BN32: 0 | BR32: 0 | BV32: 0 | BZ32: 0 | CD32: 0 | CH32: 0 | CL32: 0 | CP32: 0 | CT32: 0 | CX32: 0 | DB32: 0 | DF32: 0 | DJ32: 0 | DN32: 0 | DR32: 0 | DV32: 0 | DZ32: 0 | ED32: 0 | EH32: 0 | EL32: 0 | EP32: 0 | ET32: 0 | EX32: 0 | EY32: =F32+J32+N32+R32+V32+Z32+AD32+AH32+AL32+AP32+AT32+AX32+BB32+BF32+BJ32+BN32+BR32+BV32+BZ32+CD32+CH32+CL32+CP32+CT32+CX32+DB32+DF32+DJ32+DN32+DR32+DV32+DZ32+ED32+EH32+EL32+EP32+ET32+EX32 -> 0
A33: 625100 | B33: FRAIS DE DEPLACEMENTS (repas, essence, train, avion, frais kilométriques, péage…) | C33: HOTEL MONTCB 07/04/2016 | F33: 59.05 | G33: REPAS CB 15/04/2016 | J33: 27.9 | N33: 0 | R33: 0 | V33: 0 | Z33: 0 | AD33: 0 | AH33: 0 | AL33: 0 | AP33: 0 | AT33: 0 | AX33: 0 | BB33: 0 | BF33: 0 | BJ33: 0 | BN33: 0 | BR33: 0 | BV33: 0 | BZ33: 0 | CD33: 0 | CH33: 0 | CL33: 0 | CP33: 0 | CT33: 0 | CX33: 0 | DB33: 0 | DF33: 0 | DJ33: 0 | DN33: 0 | DR33: 0 | DV33: 0 | DZ33: 0 | ED33: 0 | EH33: 0 | EL33: 0 | EP33: 0 | ET33: 0 | EX33: 0 | EY33: =F33+J33+N33+R33+V33+Z33+AD33+AH33+AL33+AP33+AT33+AX33+BB33+BF33+BJ33+BN33+BR33+BV33+BZ33+CD33+CH33+CL33+CP33+CT33+CX33+DB33+DF33+DJ33+DN33+DR33+DV33+DZ33+ED33+EH33+EL33+EP33+ET33+EX33 -> 86.95
A34: 625110 | B34: Réunion du bureau | F34: 0 | J34: 0 | N34: 0 | R34: 0 | V34: 0 | Z34: 0 | AD34: 0 | AH34: 0 | AL34: 0 | AP34: 0 | AT34: 0 | AX34: 0 | BB34: 0 | BF34: 0 | BJ34: 0 | BN34: 0 | BR34: 0 | BV34: 0 | BZ34: 0 | CD34: 0 | CH34: 0 | CL34: 0 | CP34: 0 | CT34: 0 | CX34: 0 | DB34: 0 | DF34: 0 | DJ34: 0 | DN34: 0 | DR34: 0 | DV34: 0 | DZ34: 0 | ED34: 0 | EH34: 0 | EL34: 0 | EP34: 0 | ET34: 0 | EX34: 0 | EY34: =F34+J34+N34+R34+V34+Z34+AD34+AH34+AL34+AP34+AT34+AX34+BB34+BF34+BJ34+BN34+BR34+BV34+BZ34+CD34+CH34+CL34+CP34+CT34+CX34+DB34+DF34+DJ34+DN34+DR34+DV34+DZ34+ED34+EH34+EL34+EP34+ET34+EX34 -> 0
A35: 625120 | B35: Réunion de la commission executive | F35: 0 | J35: 0 | N35: 0 | R35: 0 | V35: 0 | Z35: 0 | AD35: 0 | AH35: 0 | AL35: 0 | AP35: 0 | AT35: 0 | AX35: 0 | BB35: 0 | BF35: 0 | BJ35: 0 | BN35: 0 | BR35: 0 | BV35: 0 | BZ35: 0 | CD35: 0 | CH35: 0 | CL35: 0 | CP35: 0 | CT35: 0 | CX35: 0 | DB35: 0 | DF35: 0 | DJ35: 0 | DN35: 0 | DR35: 0 | DV35: 0 | DZ35: 0 | ED35: 0 | EH35: 0 | EL35: 0 | EP35: 0 | ET35: 0 | EX35: 0 | EY35: =F35+J35+N35+R35+V35+Z35+AD35+AH35+AL35+AP35+AT35+AX35+BB35+BF35+BJ35+BN35+BR35+BV35+BZ35+CD35+CH35+CL35+CP35+CT35+CX35+DB35+DF35+DJ35+DN35+DR35+DV35+DZ35+ED35+EH35+EL35+EP35+ET35+EX35 -> 0
A36: 625180 | B36: Collectif (intitulé) | F36: 0 | J36: 0 | N36: 0 | R36: 0 | V36: 0 | Z36: 0 | AD36: 0 | AH36: 0 | AL36: 0 | AP36: 0 | AT36: 0 | AX36: 0 | BB36: 0 | BF36: 0 | BJ36: 0 | BN36: 0 | BR36: 0 | BV36: 0 | BZ36: 0 | CD36: 0 | CH36: 0 | CL36: 0 | CP36: 0 | CT36: 0 | CX36: 0 | DB36: 0 | DF36: 0 | DJ36: 0 | DN36: 0 | DR36: 0 | DV36: 0 | DZ36: 0 | ED36: 0 | EH36: 0 | EL36: 0 | EP36: 0 | ET36: 0 | EX36: 0 | EY36: =F36+J36+N36+R36+V36+Z36+AD36+AH36+AL36+AP36+AT36+AX36+BB36+BF36+BJ36+BN36+BR36+BV36+BZ36+CD36+CH36+CL36+CP36+CT36+CX36+DB36+DF36+DJ36+DN36+DR36+DV36+DZ36+ED36+EH36+EL36+EP36+ET36+EX36 -> 0
A37: 625181 | B37: Collectif (intitulé) | F37: 0 | J37: 0 | N37: 0 | R37: 0 | V37: 0 | Z37: 0 | AD37: 0 | AH37: 0 | AL37: 0 | AP37: 0 | AT37: 0 | AX37: 0 | BB37: 0 | BF37: 0 | BJ37: 0 | BN37: 0 | BR37: 0 | BV37: 0 | BZ37: 0 | CD37: 0 | CH37: 0 | CL37: 0 | CP37: 0 | CT37: 0 | CX37: 0 | DB37: 0 | DF37: 0 | DJ37: 0 | DN37: 0 | DR37: 0 | DV37: 0 | DZ37: 0 | ED37: 0 | EH37: 0 | EL37: 0 | EP37: 0 | ET37: 0 | EX37: 0 | EY37: =F37+J37+N37+R37+V37+Z37+AD37+AH37+AL37+AP37+AT37+AX37+BB37+BF37+BJ37+BN37+BR37+BV37+BZ37+CD37+CH37+CL37+CP37+CT37+CX37+DB37+DF37+DJ37+DN37+DR37+DV37+DZ37+ED37+EH37+EL37+EP37+ET37+EX37 -> 0
A38: 625182 | B38: Collectif (intitulé) | F38: 0 | J38: 0 | N38: 0 | R38: 0 | V38: 0 | Z38: 0 | AD38: 0 | AH38: 0 | AL38: 0 | AP38: 0 | AT38: 0 | AX38: 0 | BB38: 0 | BF38: 0 | BJ38: 0 | BN38: 0 | BR38: 0 | BV38: 0 | BZ38: 0 | CD38: 0 | CH38: 0 | CL38: 0 | CP38: 0 | CT38: 0 | CX38: 0 | DB38: 0 | DF38: 0 | DJ38: 0 | DN38: 0 | DR38: 0 | DV38: 0 | DZ38: 0 | ED38: 0 | EH38: 0 | EL38: 0 | EP38: 0 | ET38: 0 | EX38: 0 | EY38: =F38+J38+N38+R38+V38+Z38+AD38+AH38+AL38+AP38+AT38+AX38+BB38+BF38+BJ38+BN38+BR38+BV38+BZ38+CD38+CH38+CL38+CP38+CT38+CX38+DB38+DF38+DJ38+DN38+DR38+DV38+DZ38+ED38+EH38+EL38+EP38+ET38+EX38 -> 0
A39: 625183 | B39: Collectif (intitulé) | F39: 0 | J39: 0 | N39: 0 | R39: 0 | V39: 0 | Z39: 0 | AD39: 0 | AH39: 0 | AL39: 0 | AP39: 0 | AT39: 0 | AX39: 0 | BB39: 0 | BF39: 0 | BJ39: 0 | BN39: 0 | BR39: 0 | BV39: 0 | BZ39: 0 | CD39: 0 | CH39: 0 | CL39: 0 | CP39: 0 | CT39: 0 | CX39: 0 | DB39: 0 | DF39: 0 | DJ39: 0 | DN39: 0 | DR39: 0 | DV39: 0 | DZ39: 0 | ED39: 0 | EH39: 0 | EL39: 0 | EP39: 0 | ET39: 0 | EX39: 0 | EY39: =F39+J39+N39+R39+V39+Z39+AD39+AH39+AL39+AP39+AT39+AX39+BB39+BF39+BJ39+BN39+BR39+BV39+BZ39+CD39+CH39+CL39+CP39+CT39+CX39+DB39+DF39+DJ39+DN39+DR39+DV39+DZ39+ED39+EH39+EL39+EP39+ET39+EX39 -> 0
A40: 625700 | B40: RECEPTION | F40: 0 | J40: 0 | N40: 0 | R40: 0 | V40: 0 | Z40: 0 | AD40: 0 | AH40: 0 | AL40: 0 | AP40: 0 | AT40: 0 | AX40: 0 | BB40: 0 | BF40: 0 | BJ40: 0 | BN40: 0 | BR40: 0 | BV40: 0 | BZ40: 0 | CD40: 0 | CH40: 0 | CL40: 0 | CP40: 0 | CT40: 0 | CX40: 0 | DB40: 0 | DF40: 0 | DJ40: 0 | DN40: 0 | DR40: 0 | DV40: 0 | DZ40: 0 | ED40: 0 | EH40: 0 | EL40: 0 | EP40: 0 | ET40: 0 | EX40: 0 | EY40: =F40+J40+N40+R40+V40+Z40+AD40+AH40+AL40+AP40+AT40+AX40+BB40+BF40+BJ40+BN40+BR40+BV40+BZ40+CD40+CH40+CL40+CP40+CT40+CX40+DB40+DF40+DJ40+DN40+DR40+DV40+DZ40+ED40+EH40+EL40+EP40+ET40+EX40 -> 0
A41: 626100 | B41: TELEPHONE/INTERNET | C41: ACHAT TELEPHONE 18/04/2016 C | F41: 19.9 | J41: 0 | N41: 0 | R41: 0 | V41: 0 | Z41: 0 | AD41: 0 | AH41: 0 | AL41: 0 | AP41: 0 | AT41: 0 | AX41: 0 | BB41: 0 | BF41: 0 | BJ41: 0 | BN41: 0 | BR41: 0 | BV41: 0 | BZ41: 0 | CD41: 0 | CH41: 0 | CL41: 0 | CP41: 0 | CT41: 0 | CX41: 0 | DB41: 0 | DF41: 0 | DJ41: 0 | DN41: 0 | DR41: 0 | DV41: 0 | DZ41: 0 | ED41: 0 | EH41: 0 | EL41: 0 | EP41: 0 | ET41: 0 | EX41: 0 | EY41: =F41+J41+N41+R41+V41+Z41+AD41+AH41+AL41+AP41+AT41+AX41+BB41+BF41+BJ41+BN41+BR41+BV41+BZ41+CD41+CH41+CL41+CP41+CT41+CX41+DB41+DF41+DJ41+DN41+DR41+DV41+DZ41+ED41+EH41+EL41+EP41+ET41+EX41 -> 19.9
A42: 626200 | B42: AFFRANCHISSEMENT | F42: 0 | J42: 0 | N42: 0 | R42: 0 | V42: 0 | Z42: 0 | AD42: 0 | AH42: 0 | AL42: 0 | AP42: 0 | AT42: 0 | AX42: 0 | BB42: 0 | BF42: 0 | BJ42: 0 | BN42: 0 | BR42: 0 | BV42: 0 | BZ42: 0 | CD42: 0 | CH42: 0 | CL42: 0 | CP42: 0 | CT42: 0 | CX42: 0 | DB42: 0 | DF42: 0 | DJ42: 0 | DN42: 0 | DR42: 0 | DV42: 0 | DZ42: 0 | ED42: 0 | EH42: 0 | EL42: 0 | EP42: 0 | ET42: 0 | EX42: 0 | EY42: =F42+J42+N42+R42+V42+Z42+AD42+AH42+AL42+AP42+AT42+AX42+BB42+BF42+BJ42+BN42+BR42+BV42+BZ42+CD42+CH42+CL42+CP42+CT42+CX42+DB42+DF42+DJ42+DN42+DR42+DV42+DZ42+ED42+EH42+EL42+EP42+ET42+EX42 -> 0
A43: 627000 | B43: FRAIS BANCAIRES | C43: FRAIS 1104/2016 | F43: 12 | J43: 0 | N43: 0 | R43: 0 | V43: 0 | Z43: 0 | AD43: 0 | AH43: 0 | AL43: 0 | AP43: 0 | AT43: 0 | AX43: 0 | BB43: 0 | BF43: 0 | BJ43: 0 | BN43: 0 | BR43: 0 | BV43: 0 | BZ43: 0 | CD43: 0 | CH43: 0 | CL43: 0 | CP43: 0 | CT43: 0 | CX43: 0 | DB43: 0 | DF43: 0 | DJ43: 0 | DN43: 0 | DR43: 0 | DV43: 0 | DZ43: 0 | ED43: 0 | EH43: 0 | EL43: 0 | EP43: 0 | ET43: 0 | EX43: 0 | EY43: =F43+J43+N43+R43+V43+Z43+AD43+AH43+AL43+AP43+AT43+AX43+BB43+BF43+BJ43+BN43+BR43+BV43+BZ43+CD43+CH43+CL43+CP43+CT43+CX43+DB43+DF43+DJ43+DN43+DR43+DV43+DZ43+ED43+EH43+EL43+EP43+ET43+EX43 -> 12
B44: INCONNU | F44: 0 | J44: 0 | N44: 0 | R44: 0 | V44: 0 | Z44: 0 | AD44: 0 | AH44: 0 | AL44: 0 | AP44: 0 | AT44: 0 | AX44: 0 | BB44: 0 | BF44: 0 | BJ44: 0 | BN44: 0 | BR44: 0 | BV44: 0 | BZ44: 0 | CD44: 0 | CH44: 0 | CL44: 0 | CP44: 0 | CT44: 0 | CX44: 0 | DB44: 0 | DF44: 0 | DJ44: 0 | DN44: 0 | DR44: 0 | DV44: 0 | DZ44: 0 | ED44: 0 | EH44: 0 | EL44: 0 | EP44: 0 | ET44: 0 | EX44: 0 | EY44: =F44+J44+N44+R44+V44+Z44+AD44+AH44+AL44+AP44+AT44+AX44+BB44+BF44+BJ44+BN44+BR44+BV44+BZ44+CD44+CH44+CL44+CP44+CT44+CX44+DB44+DF44+DJ44+DN44+DR44+DV44+DZ44+ED44+EH44+EL44+EP44+ET44+EX44 -> 0
A45: COMPTES D'IMMOBILISATION | F45: 0 | J45: 0 | N45: 0 | R45: 0 | V45: 0 | Z45: 0 | AD45: 0 | AH45: 0 | AL45: 0 | AP45: 0 | AT45: 0 | AX45: 0 | BB45: 0 | BF45: 0 | BJ45: 0 | BN45: 0 | BR45: 0 | BV45: 0 | BZ45: 0 | CD45: 0 | CH45: 0 | CL45: 0 | CP45: 0 | CT45: 0 | CX45: 0 | DB45: 0 | DF45: 0 | DJ45: 0 | DN45: 0 | DR45: 0 | DV45: 0 | DZ45: 0 | ED45: 0 | EH45: 0 | EL45: 0 | EP45: 0 | ET45: 0 | EX45: 0 | EY45: =F45+J45+N45+R45+V45+Z45+AD45+AH45+AL45+AP45+AT45+AX45+BB45+BF45+BJ45+BN45+BR45+BV45+BZ45+CD45+CH45+CL45+CP45+CT45+CX45+DB45+DF45+DJ45+DN45+DR45+DV45+DZ45+ED45+EH45+EL45+EP45+ET45+EX45 -> 0
A46: 218300 | B46: MATERIEL DE BUREAU ET INFORMATIQUE (≥ 500€ unitaire) | F46: 0 | J46: 0 | N46: 0 | R46: 0 | V46: 0 | Z46: 0 | AD46: 0 | AH46: 0 | AL46: 0 | AP46: 0 | AT46: 0 | AX46: 0 | BB46: 0 | BF46: 0 | BJ46: 0 | BN46: 0 | BR46: 0 | BV46: 0 | BZ46: 0 | CD46: 0 | CH46: 0 | CL46: 0 | CP46: 0 | CT46: 0 | CX46: 0 | DB46: 0 | DF46: 0 | DJ46: 0 | DN46: 0 | DR46: 0 | DV46: 0 | DZ46: 0 | ED46: 0 | EH46: 0 | EL46: 0 | EP46: 0 | ET46: 0 | EX46: 0 | EY46: =F46+J46+N46+R46+V46+Z46+AD46+AH46+AL46+AP46+AT46+AX46+BB46+BF46+BJ46+BN46+BR46+BV46+BZ46+CD46+CH46+CL46+CP46+CT46+CX46+DB46+DF46+DJ46+DN46+DR46+DV46+DZ46+ED46+EH46+EL46+EP46+ET46+EX46 -> 0
A47: RECAP MENSUEL | EX47: T-Dépenses | EY47: =SUM(EY16:EY46) -> 133.16
A48: Solde bancaire au 31-04-2016 | B48: Total recettes | D48: =EY12 -> 218
B49: Total dépenses | C49: =EY47 -> 133.16
B50: solde | C50: =C2+D48-C49 -> 408.91
A52: INFO INCONNU

Sheet Mai
E1: MOIS DE DECEMBRE 2012
A2: Solde bancaire au 30-04-2016 | C2: =Avril!C50 -> 408.91
A4: RECETTES | EY4: TOTAUX
A5: COMPTES | B5: LIBELLES DES COMPTES | C5: LIBELLES RECETTES | F5: MONTANTS | G5: LIBELLES RECETTES | J5: MONTANTS | K5: LIBELLES RECETTES | N5: MONTANTS | O5: LIBELLES RECETTES | R5: MONTANTS | S5: LIBELLES RECETTES | V5: MONTANTS | W5: LIBELLES RECETTES | Z5: MONTANTS | AA5: LIBELLES RECETTES | AD5: MONTANTS | AE5: LIBELLES RECETTES | AH5: MONTANTS | AI5: LIBELLES RECETTES | AL5: MONTANTS | AM5: LIBELLES RECETTES | AP5: MONTANTS | AQ5: LIBELLES RECETTES | AT5: MONTANTS | AU5: LIBELLES RECETTES | AX5: MONTANTS | AY5: LIBELLES RECETTES | BB5: MONTANTS | BC5: LIBELLES RECETTES | BF5: MONTANTS | BG5: LIBELLES RECETTES | BJ5: MONTANTS | BK5: LIBELLES RECETTES | BN5: MONTANTS | BO5: LIBELLES RECETTES | BR5: MONTANTS | BS5: LIBELLES RECETTES | BV5: MONTANTS | BW5: LIBELLES RECETTES | BZ5: MONTANTS | CA5: LIBELLES RECETTES | CD5: MONTANTS | CE5: LIBELLES RECETTES | CH5: MONTANTS | CI5: LIBELLES RECETTES | CL5: MONTANTS | CM5: LIBELLES RECETTES | CP5: MONTANTS | CQ5: LIBELLES RECETTES | CT5: MONTANTS | CU5: LIBELLES RECETTES | CX5: MONTANTS | CY5: LIBELLES RECETTES | DB5: MONTANTS | DC5: LIBELLES RECETTES | DF5: MONTANTS | DG5: LIBELLES RECETTES | DJ5: MONTANTS | DK5: LIBELLES RECETTES | DN5: MONTANTS | DO5: LIBELLES RECETTES | DR5: MONTANTS | DS5: LIBELLES RECETTES | DV5: MONTANTS | DW5: LIBELLES RECETTES | DZ5: MONTANTS | EA5: LIBELLES RECETTES | ED5: MONTANTS | EE5: LIBELLES RECETTES | EH5: MONTANTS | EI5: LIBELLES RECETTES | EL5: MONTANTS | EM5: LIBELLES RECETTES | EP5: MONTANTS | EQ5: LIBELLES RECETTES | ET5: MONTANTS | EU5: LIBELLES RECETTES | EX5: MONTANTS
A6: 707100 | B6: VENTE DE MATERIEL SYNDICAL | F6: 0 | J6: 0 | N6: 0 | R6: 0 | V6: 0 | Z6: 0 | AD6: 0 | AH6: 0 | AL6: 0 | AP6: 0 | AT6: 0 | AX6: 0 | BB6: 0 | BF6: 0 | BJ6: 0 | BN6: 0 | BR6: 0 | BV6: 0 | BZ6: 0 | CD6: 0 | CH6: 0 | CL6: 0 | CP6: 0 | CT6: 0 | CX6: 0 | DB6: 0 | DF6: 0 | DJ6: 0 | DN6: 0 | DR6: 0 | DV6: 0 | DZ6: 0 | ED6: 0 | EH6: 0 | EL6: 0 | EP6: 0 | ET6: 0 | EX6: 0 | EY6: =F6+J6+N6+R6+V6+Z6+AD6+AH6+AL6+AP6+AT6+AX6+BB6+BF6+BJ6+BN6+BR6+BV6+BZ6+CD6+CH6+CL6+CP6+CT6+CX6+DB6+DF6+DJ6+DN6+DR6+DV6+DZ6+ED6+EH6+EL6+EP6+ET6+EX6 -> 0
A7: 741100 | B7: SUBVENTION PUBLIQUE | F7: 0 | J7: 0 | N7: 0 | R7: 0 | V7: 0 | Z7: 0 | AD7: 0 | AH7: 0 | AL7: 0 | AP7: 0 | AT7: 0 | AX7: 0 | BB7: 0 | BF7: 0 | BJ7: 0 | BN7: 0 | BR7: 0 | BV7: 0 | BZ7: 0 | CD7: 0 | CH7: 0 | CL7: 0 | CP7: 0 | CT7: 0 | CX7: 0 | DB7: 0 | DF7: 0 | DJ7: 0 | DN7: 0 | DR7: 0 | DV7: 0 | DZ7: 0 | ED7: 0 | EH7: 0 | EL7: 0 | EP7: 0 | ET7: 0 | EX7: 0 | EY7: =F7+J7+N7+R7+V7+Z7+AD7+AH7+AL7+AP7+AT7+AX7+BB7+BF7+BJ7+BN7+BR7+BV7+BZ7+CD7+CH7+CL7+CP7+CT7+CX7+DB7+DF7+DJ7+DN7+DR7+DV7+DZ7+ED7+EH7+EL7+EP7+ET7+EX7 -> 0
A8: 754000 | B8: COLLECTES DONS SOUSCRIPTIONS | C8: RBT MUTUA CONG CON 04/05/2016 | F8: 153 | J8: 0 | N8: 0 | R8: 0 | V8: 0 | Z8: 0 | AD8: 0 | AH8: 0 | AL8: 0 | AP8: 0 | AT8: 0 | AX8: 0 | BB8: 0 | BF8: 0 | BJ8: 0 | BN8: 0 | BR8: 0 | BV8: 0 | BZ8: 0 | CD8: 0 | CH8: 0 | CL8: 0 | CP8: 0 | CT8: 0 | CX8: 0 | DB8: 0 | DF8: 0 | DJ8: 0 | DN8: 0 | DR8: 0 | DV8: 0 | DZ8: 0 | ED8: 0 | EH8: 0 | EL8: 0 | EP8: 0 | ET8: 0 | EX8: 0 | EY8: =F8+J8+N8+R8+V8+Z8+AD8+AH8+AL8+AP8+AT8+AX8+BB8+BF8+BJ8+BN8+BR8+BV8+BZ8+CD8+CH8+CL8+CP8+CT8+CX8+DB8+DF8+DJ8+DN8+DR8+DV8+DZ8+ED8+EH8+EL8+EP8+ET8+EX8 -> 153
A9: 756100 | B9: COTISATION | F9: 0 | J9: 0 | N9: 0 | R9: 0 | V9: 0 | Z9: 0 | AD9: 0 | AH9: 0 | AL9: 0 | AP9: 0 | AT9: 0 | AX9: 0 | BB9: 0 | BF9: 0 | BJ9: 0 | BN9: 0 | BR9: 0 | BV9: 0 | BZ9: 0 | CD9: 0 | CH9: 0 | CL9: 0 | CP9: 0 | CT9: 0 | CX9: 0 | DB9: 0 | DF9: 0 | DJ9: 0 | DN9: 0 | DR9: 0 | DV9: 0 | DZ9: 0 | ED9: 0 | EH9: 0 | EL9: 0 | EP9: 0 | ET9: 0 | EX9: 0 | EY9: =F9+J9+N9+R9+V9+Z9+AD9+AH9+AL9+AP9+AT9+AX9+BB9+BF9+BJ9+BN9+BR9+BV9+BZ9+CD9+CH9+CL9+CP9+CT9+CX9+DB9+DF9+DJ9+DN9+DR9+DV9+DZ9+ED9+EH9+EL9+EP9+ET9+EX9 -> 0
A10: 791100 | B10: REMBOURSEMENT FRAIS DPLCT (FEDE) | C10: RBT FEDE 13/05/2016 | F10: 165.42 | J10: 0 | N10: 0 | R10: 0 | V10: 0 | Z10: 0 | AD10: 0 | AH10: 0 | AL10: 0 | AP10: 0 | AT10: 0 | AX10: 0 | BB10: 0 | BF10: 0 | BJ10: 0 | BN10: 0 | BR10: 0 | BV10: 0 | BZ10: 0 | CD10: 0 | CH10: 0 | CL10: 0 | CP10: 0 | CT10: 0 | CX10: 0 | DB10: 0 | DF10: 0 | DJ10: 0 | DN10: 0 | DR10: 0 | DV10: 0 | DZ10: 0 | ED10: 0 | EH10: 0 | EL10: 0 | EP10: 0 | ET10: 0 | EX10: 0 | EY10: =F10+J10+N10+R10+V10+Z10+AD10+AH10+AL10+AP10+AT10+AX10+BB10+BF10+BJ10+BN10+BR10+BV10+BZ10+CD10+CH10+CL10+CP10+CT10+CX10+DB10+DF10+DJ10+DN10+DR10+DV10+DZ10+ED10+EH10+EL10+EP10+ET10+EX10 -> 165.42
B11: INCONNU | F11: 0 | J11: 0 | N11: 0 | R11: 0 | V11: 0 | Z11: 0 | AD11: 0 | AH11: 0 | AL11: 0 | AP11: 0 | AT11: 0 | AX11: 0 | BB11: 0 | BF11: 0 | BJ11: 0 | BN11: 0 | BR11: 0 | BV11: 0 | BZ11: 0 | CD11: 0 | CH11: 0 | CL11: 0 | CP11: 0 | CT11: 0 | CX11: 0 | DB11: 0 | DF11: 0 | DJ11: 0 | DN11: 0 | DR11: 0 | DV11: 0 | DZ11: 0 | ED11: 0 | EH11: 0 | EL11: 0 | EP11: 0 | ET11: 0 | EX11: 0 | EY11: =F11+J11+N11+R11+V11+Z11+AD11+AH11+AL11+AP11+AT11+AX11+BB11+BF11+BJ11+BN11+BR11+BV11+BZ11+CD11+CH11+CL11+CP11+CT11+CX11+DB11+DF11+DJ11+DN11+DR11+DV11+DZ11+ED11+EH11+EL11+EP11+ET11+EX11 -> 0
EX12: T-Recettes | EY12: =SUM(EY6:EY11) -> 318.42
A13: DEPENSES
A14: COMPTES | B14: LIBELLES DES COMPTES | C14: LIBELLES DEPENSES | F14: MONTANTS | G14: LIBELLES DEPENSES | J14: MONTANTS | K14: LIBELLES DEPENSES | N14: MONTANTS | O14: LIBELLES DEPENSES | R14: MONTANTS | S14: LIBELLES DEPENSES | V14: MONTANTS | W14: LIBELLES DEPENSES | Z14: MONTANTS | AA14: LIBELLES DEPENSES | AD14: MONTANTS | AE14: LIBELLES DEPENSES | AH14: MONTANTS | AI14: LIBELLES DEPENSES | AL14: MONTANTS | AM14: LIBELLES DEPENSES | AP14: MONTANTS | AQ14: LIBELLES DEPENSES | AT14: MONTANTS | AU14: LIBELLES DEPENSES | AX14: MONTANTS | AY14: LIBELLES DEPENSES | BB14: MONTANTS | BC14: LIBELLES DEPENSES | BF14: MONTANTS | BG14: LIBELLES DEPENSES | BJ14: MONTANTS | BK14: LIBELLES DEPENSES | BN14: MONTANTS | BO14: LIBELLES DEPENSES | BR14: MONTANTS | BS14: LIBELLES DEPENSES | BV14: MONTANTS | BW14: LIBELLES DEPENSES | BZ14: MONTANTS | CA14: LIBELLES DEPENSES | CD14: MONTANTS | CE14: LIBELLES DEPENSES | CH14: MONTANTS | CI14: LIBELLES DEPENSES | CL14: MONTANTS | CM14: LIBELLES DEPENSES | CP14: MONTANTS | CQ14: LIBELLES DEPENSES | CT14: MONTANTS | CU14: LIBELLES DEPENSES | CX14: MONTANTS | CY14: LIBELLES DEPENSES | DB14: MONTANTS | DC14: LIBELLES DEPENSES | DF14: MONTANTS | DG14: LIBELLES DEPENSES | DJ14: MONTANTS | DK14: LIBELLES DEPENSES | DN14: MONTANTS | DO14: LIBELLES DEPENSES | DR14: MONTANTS | DS14: LIBELLES DEPENSES | DV14: MONTANTS | DW14: LIBELLES DEPENSES | DZ14: MONTANTS | EA14: LIBELLES DEPENSES | ED14: MONTANTS | EE14: LIBELLES DEPENSES | EH14: MONTANTS | EI14: LIBELLES DEPENSES | EL14: MONTANTS | EM14: LIBELLES DEPENSES | EP14: MONTANTS | EQ14: LIBELLES DEPENSES | ET14: MONTANTS | EU14: LIBELLES DEPENSES | EX14: MONTANTS
B15: COGETISE | F15: 0 | J15: 0 | N15: 0 | R15: 0 | V15: 0 | Z15: 0 | AD15: 0 | AH15: 0 | AL15: 0 | AP15: 0 | AT15: 0 | AX15: 0 | BB15: 0 | BF15: 0 | BJ15: 0 | BN15: 0 | BR15: 0 | BV15: 0 | BZ15: 0 | CD15: 0 | CH15: 0 | CL15: 0 | CP15: 0 | CT15: 0 | CX15: 0 | DB15: 0 | DF15: 0 | DJ15: 0 | DN15: 0 | DR15: 0 | DV15: 0 | DZ15: 0 | ED15: 0 | EH15: 0 | EL15: 0 | EP15: 0 | ET15: 0 | EX15: 0 | EY15: =F15+J15+N15+R15+V15+Z15+AD15+AH15+AL15+AP15+AT15+AX15+BB15+BF15+BJ15+BN15+BR15+BV15+BZ15+CD15+CH15+CL15+CP15+CT15+CX15+DB15+DF15+DJ15+DN15+DR15+DV15+DZ15+ED15+EH15+EL15+EP15+ET15+EX15 -> 0
A16: 606100 | B16: FOURNITURES ADMINISTRATIVES | F16: 0 | J16: 0 | N16: 0 | R16: 0 | V16: 0 | Z16: 0 | AD16: 0 | AH16: 0 | AL16: 0 | AP16: 0 | AT16: 0 | AX16: 0 | BB16: 0 | BF16: 0 | BJ16: 0 | BN16: 0 | BR16: 0 | BV16: 0 | BZ16: 0 | CD16: 0 | CH16: 0 | CL16: 0 | CP16: 0 | CT16: 0 | CX16: 0 | DB16: 0 | DF16: 0 | DJ16: 0 | DN16: 0 | DR16: 0 | DV16: 0 | DZ16: 0 | ED16: 0 | EH16: 0 | EL16: 0 | EP16: 0 | ET16: 0 | EX16: 0 | EY16: =F16+J16+N16+R16+V16+Z16+AD16+AH16+AL16+AP16+AT16+AX16+BB16+BF16+BJ16+BN16+BR16+BV16+BZ16+CD16+CH16+CL16+CP16+CT16+CX16+DB16+DF16+DJ16+DN16+DR16+DV16+DZ16+ED16+EH16+EL16+EP16+ET16+EX16 -> 0
A17: 606200 | B17: FRAIS D'IMPRESSION/PHOTOCOPIES | F17: 0 | J17: 0 | N17: 0 | R17: 0 | V17: 0 | Z17: 0 | AD17: 0 | AH17: 0 | AL17: 0 | AP17: 0 | AT17: 0 | AX17: 0 | BB17: 0 | BF17: 0 | BJ17: 0 | BN17: 0 | BR17: 0 | BV17: 0 | BZ17: 0 | CD17: 0 | CH17: 0 | CL17: 0 | CP17: 0 | CT17: 0 | CX17: 0 | DB17: 0 | DF17: 0 | DJ17: 0 | DN17: 0 | DR17: 0 | DV17: 0 | DZ17: 0 | ED17: 0 | EH17: 0 | EL17: 0 | EP17: 0 | ET17: 0 | EX17: 0 | EY17: =F17+J17+N17+R17+V17+Z17+AD17+AH17+AL17+AP17+AT17+AX17+BB17+BF17+BJ17+BN17+BR17+BV17+BZ17+CD17+CH17+CL17+CP17+CT17+CX17+DB17+DF17+DJ17+DN17+DR17+DV17+DZ17+ED17+EH17+EL17+EP17+ET17+EX17 -> 0
A18: 606300 | B18: FOURNITURES PETITS EQUIPEMENTS (≤ 500€ unitaire) | F18: 0 | J18: 0 | N18: 0 | R18: 0 | V18: 0 | Z18: 0 | AD18: 0 | AH18: 0 | AL18: 0 | AP18: 0 | AT18: 0 | AX18: 0 | BB18: 0 | BF18: 0 | BJ18: 0 | BN18: 0 | BR18: 0 | BV18: 0 | BZ18: 0 | CD18: 0 | CH18: 0 | CL18: 0 | CP18: 0 | CT18: 0 | CX18: 0 | DB18: 0 | DF18: 0 | DJ18: 0 | DN18: 0 | DR18: 0 | DV18: 0 | DZ18: 0 | ED18: 0 | EH18: 0 | EL18: 0 | EP18: 0 | ET18: 0 | EX18: 0 | EY18: =F18+J18+N18+R18+V18+Z18+AD18+AH18+AL18+AP18+AT18+AX18+BB18+BF18+BJ18+BN18+BR18+BV18+BZ18+CD18+CH18+CL18+CP18+CT18+CX18+DB18+DF18+DJ18+DN18+DR18+DV18+DZ18+ED18+EH18+EL18+EP18+ET18+EX18 -> 0
A19: 606800 | B19: ACHAT DIVERS | F19: 0 | J19: 0 | N19: 0 | R19: 0 | V19: 0 | Z19: 0 | AD19: 0 | AH19: 0 | AL19: 0 | AP19: 0 | AT19: 0 | AX19: 0 | BB19: 0 | BF19: 0 | BJ19: 0 | BN19: 0 | BR19: 0 | BV19: 0 | BZ19: 0 | CD19: 0 | CH19: 0 | CL19: 0 | CP19: 0 | CT19: 0 | CX19: 0 | DB19: 0 | DF19: 0 | DJ19: 0 | DN19: 0 | DR19: 0 | DV19: 0 | DZ19: 0 | ED19: 0 | EH19: 0 | EL19: 0 | EP19: 0 | ET19: 0 | EX19: 0 | EY19: =F19+J19+N19+R19+V19+Z19+AD19+AH19+AL19+AP19+AT19+AX19+BB19+BF19+BJ19+BN19+BR19+BV19+BZ19+CD19+CH19+CL19+CP19+CT19+CX19+DB19+DF19+DJ19+DN19+DR19+DV19+DZ19+ED19+EH19+EL19+EP19+ET19+EX19 -> 0
A20: 607100 | B20: MATERIEL SYNDICAL | F20: 0 | J20: 0 | N20: 0 | R20: 0 | V20: 0 | Z20: 0 | AD20: 0 | AH20: 0 | AL20: 0 | AP20: 0 | AT20: 0 | AX20: 0 | BB20: 0 | BF20: 0 | BJ20: 0 | BN20: 0 | BR20: 0 | BV20: 0 | BZ20: 0 | CD20: 0 | CH20: 0 | CL20: 0 | CP20: 0 | CT20: 0 | CX20: 0 | DB20: 0 | DF20: 0 | DJ20: 0 | DN20: 0 | DR20: 0 | DV20: 0 | DZ20: 0 | ED20: 0 | EH20: 0 | EL20: 0 | EP20: 0 | ET20: 0 | EX20: 0 | EY20: =F20+J20+N20+R20+V20+Z20+AD20+AH20+AL20+AP20+AT20+AX20+BB20+BF20+BJ20+BN20+BR20+BV20+BZ20+CD20+CH20+CL20+CP20+CT20+CX20+DB20+DF20+DJ20+DN20+DR20+DV20+DZ20+ED20+EH20+EL20+EP20+ET20+EX20 -> 0
A21: 613000 | B21: LOCATION (salles, machines…) | F21: 0 | J21: 0 | N21: 0 | R21: 0 | V21: 0 | Z21: 0 | AD21: 0 | AH21: 0 | AL21: 0 | AP21: 0 | AT21: 0 | AX21: 0 | BB21: 0 | BF21: 0 | BJ21: 0 | BN21: 0 | BR21: 0 | BV21: 0 | BZ21: 0 | CD21: 0 | CH21: 0 | CL21: 0 | CP21: 0 | CT21: 0 | CX21: 0 | DB21: 0 | DF21: 0 | DJ21: 0 | DN21: 0 | DR21: 0 | DV21: 0 | DZ21: 0 | ED21: 0 | EH21: 0 | EL21: 0 | EP21: 0 | ET21: 0 | EX21: 0 | EY21: =F21+J21+N21+R21+V21+Z21+AD21+AH21+AL21+AP21+AT21+AX21+BB21+BF21+BJ21+BN21+BR21+BV21+BZ21+CD21+CH21+CL21+CP21+CT21+CX21+DB21+DF21+DJ21+DN21+DR21+DV21+DZ21+ED21+EH21+EL21+EP21+ET21+EX21 -> 0
A22: 615000 | B22: MAINTENANCE/ENTRETIEN | F22: 0 | J22: 0 | N22: 0 | R22: 0 | V22: 0 | Z22: 0 | AD22: 0 | AH22: 0 | AL22: 0 | AP22: 0 | AT22: 0 | AX22: 0 | BB22: 0 | BF22: 0 | BJ22: 0 | BN22: 0 | BR22: 0 | BV22: 0 | BZ22: 0 | CD22: 0 | CH22: 0 | CL22: 0 | CP22: 0 | CT22: 0 | CX22: 0 | DB22: 0 | DF22: 0 | DJ22: 0 | DN22: 0 | DR22: 0 | DV22: 0 | DZ22: 0 | ED22: 0 | EH22: 0 | EL22: 0 | EP22: 0 | ET22: 0 | EX22: 0 | EY22: =F22+J22+N22+R22+V22+Z22+AD22+AH22+AL22+AP22+AT22+AX22+BB22+BF22+BJ22+BN22+BR22+BV22+BZ22+CD22+CH22+CL22+CP22+CT22+CX22+DB22+DF22+DJ22+DN22+DR22+DV22+DZ22+ED22+EH22+EL22+EP22+ET22+EX22 -> 0
A23: 616000 | B23: ASSURANCES | F23: 0 | J23: 0 | N23: 0 | R23: 0 | V23: 0 | Z23: 0 | AD23: 0 | AH23: 0 | AL23: 0 | AP23: 0 | AT23: 0 | AX23: 0 | BB23: 0 | BF23: 0 | BJ23: 0 | BN23: 0 | BR23: 0 | BV23: 0 | BZ23: 0 | CD23: 0 | CH23: 0 | CL23: 0 | CP23: 0 | CT23: 0 | CX23: 0 | DB23: 0 | DF23: 0 | DJ23: 0 | DN23: 0 | DR23: 0 | DV23: 0 | DZ23: 0 | ED23: 0 | EH23: 0 | EL23: 0 | EP23: 0 | ET23: 0 | EX23: 0 | EY23: =F23+J23+N23+R23+V23+Z23+AD23+AH23+AL23+AP23+AT23+AX23+BB23+BF23+BJ23+BN23+BR23+BV23+BZ23+CD23+CH23+CL23+CP23+CT23+CX23+DB23+DF23+DJ23+DN23+DR23+DV23+DZ23+ED23+EH23+EL23+EP23+ET23+EX23 -> 0
A24: 618100 | B24: DOCUMENTATION/ABONNEMENTS | F24: 0 | J24: 0 | N24: 0 | R24: 0 | V24: 0 | Z24: 0 | AD24: 0 | AH24: 0 | AL24: 0 | AP24: 0 | AT24: 0 | AX24: 0 | BB24: 0 | BF24: 0 | BJ24: 0 | BN24: 0 | BR24: 0 | BV24: 0 | BZ24: 0 | CD24: 0 | CH24: 0 | CL24: 0 | CP24: 0 | CT24: 0 | CX24: 0 | DB24: 0 | DF24: 0 | DJ24: 0 | DN24: 0 | DR24: 0 | DV24: 0 | DZ24: 0 | ED24: 0 | EH24: 0 | EL24: 0 | EP24: 0 | ET24: 0 | EX24: 0 | EY24: =F24+J24+N24+R24+V24+Z24+AD24+AH24+AL24+AP24+AT24+AX24+BB24+BF24+BJ24+BN24+BR24+BV24+BZ24+CD24+CH24+CL24+CP24+CT24+CX24+DB24+DF24+DJ24+DN24+DR24+DV24+DZ24+ED24+EH24+EL24+EP24+ET24+EX24 -> 0
A25: 618600 | B25: FORMATIONS | F25: 0 | J25: 0 | N25: 0 | R25: 0 | V25: 0 | Z25: 0 | AD25: 0 | AH25: 0 | AL25: 0 | AP25: 0 | AT25: 0 | AX25: 0 | BB25: 0 | BF25: 0 | BJ25: 0 | BN25: 0 | BR25: 0 | BV25: 0 | BZ25: 0 | CD25: 0 | CH25: 0 | CL25: 0 | CP25: 0 | CT25: 0 | CX25: 0 | DB25: 0 | DF25: 0 | DJ25: 0 | DN25: 0 | DR25: 0 | DV25: 0 | DZ25: 0 | ED25: 0 | EH25: 0 | EL25: 0 | EP25: 0 | ET25: 0 | EX25: 0 | EY25: =F25+J25+N25+R25+V25+Z25+AD25+AH25+AL25+AP25+AT25+AX25+BB25+BF25+BJ25+BN25+BR25+BV25+BZ25+CD25+CH25+CL25+CP25+CT25+CX25+DB25+DF25+DJ25+DN25+DR25+DV25+DZ25+ED25+EH25+EL25+EP25+ET25+EX25 -> 0
A26: 618610 | B26: Formations (intitulé de la formation) | F26: 0 | J26: 0 | N26: 0 | R26: 0 | V26: 0 | Z26: 0 | AD26: 0 | AH26: 0 | AL26: 0 | AP26: 0 | AT26: 0 | AX26: 0 | BB26: 0 | BF26: 0 | BJ26: 0 | BN26: 0 | BR26: 0 | BV26: 0 | BZ26: 0 | CD26: 0 | CH26: 0 | CL26: 0 | CP26: 0 | CT26: 0 | CX26: 0 | DB26: 0 | DF26: 0 | DJ26: 0 | DN26: 0 | DR26: 0 | DV26: 0 | DZ26: 0 | ED26: 0 | EH26: 0 | EL26: 0 | EP26: 0 | ET26: 0 | EX26: 0 | EY26: =F26+J26+N26+R26+V26+Z26+AD26+AH26+AL26+AP26+AT26+AX26+BB26+BF26+BJ26+BN26+BR26+BV26+BZ26+CD26+CH26+CL26+CP26+CT26+CX26+DB26+DF26+DJ26+DN26+DR26+DV26+DZ26+ED26+EH26+EL26+EP26+ET26+EX26 -> 0
A27: 618620 | B27: Formations (intitulé de la formation) | F27: 0 | J27: 0 | N27: 0 | R27: 0 | V27: 0 | Z27: 0 | AD27: 0 | AH27: 0 | AL27: 0 | AP27: 0 | AT27: 0 | AX27: 0 | BB27: 0 | BF27: 0 | BJ27: 0 | BN27: 0 | BR27: 0 | BV27: 0 | BZ27: 0 | CD27: 0 | CH27: 0 | CL27: 0 | CP27: 0 | CT27: 0 | CX27: 0 | DB27: 0 | DF27: 0 | DJ27: 0 | DN27: 0 | DR27: 0 | DV27: 0 | DZ27: 0 | ED27: 0 | EH27: 0 | EL27: 0 | EP27: 0 | ET27: 0 | EX27: 0 | EY27: =F27+J27+N27+R27+V27+Z27+AD27+AH27+AL27+AP27+AT27+AX27+BB27+BF27+BJ27+BN27+BR27+BV27+BZ27+CD27+CH27+CL27+CP27+CT27+CX27+DB27+DF27+DJ27+DN27+DR27+DV27+DZ27+ED27+EH27+EL27+EP27+ET27+EX27 -> 0
B28: JOURNEES D'ETUDES | F28: 0 | J28: 0 | N28: 0 | R28: 0 | V28: 0 | Z28: 0 | AD28: 0 | AH28: 0 | AL28: 0 | AP28: 0 | AT28: 0 | AX28: 0 | BB28: 0 | BF28: 0 | BJ28: 0 | BN28: 0 | BR28: 0 | BV28: 0 | BZ28: 0 | CD28: 0 | CH28: 0 | CL28: 0 | CP28: 0 | CT28: 0 | CX28: 0 | DB28: 0 | DF28: 0 | DJ28: 0 | DN28: 0 | DR28: 0 | DV28: 0 | DZ28: 0 | ED28: 0 | EH28: 0 | EL28: 0 | EP28: 0 | ET28: 0 | EX28: 0 | EY28: =F28+J28+N28+R28+V28+Z28+AD28+AH28+AL28+AP28+AT28+AX28+BB28+BF28+BJ28+BN28+BR28+BV28+BZ28+CD28+CH28+CL28+CP28+CT28+CX28+DB28+DF28+DJ28+DN28+DR28+DV28+DZ28+ED28+EH28+EL28+EP28+ET28+EX28 -> 0
A29: 618630 | B29: Journées d'études (intitulé de la journée d'étude) | F29: 0 | J29: 0 | N29: 0 | R29: 0 | V29: 0 | Z29: 0 | AD29: 0 | AH29: 0 | AL29: 0 | AP29: 0 | AT29: 0 | AX29: 0 | BB29: 0 | BF29: 0 | BJ29: 0 | BN29: 0 | BR29: 0 | BV29: 0 | BZ29: 0 | CD29: 0 | CH29: 0 | CL29: 0 | CP29: 0 | CT29: 0 | CX29: 0 | DB29: 0 | DF29: 0 | DJ29: 0 | DN29: 0 | DR29: 0 | DV29: 0 | DZ29: 0 | ED29: 0 | EH29: 0 | EL29: 0 | EP29: 0 | ET29: 0 | EX29: 0 | EY29: =F29+J29+N29+R29+V29+Z29+AD29+AH29+AL29+AP29+AT29+AX29+BB29+BF29+BJ29+BN29+BR29+BV29+BZ29+CD29+CH29+CL29+CP29+CT29+CX29+DB29+DF29+DJ29+DN29+DR29+DV29+DZ29+ED29+EH29+EL29+EP29+ET29+EX29 -> 0
A30: 618640 | B30: Journées d'études (intitulé de la journée d'étude) | F30: 0 | J30: 0 | N30: 0 | R30: 0 | V30: 0 | Z30: 0 | AD30: 0 | AH30: 0 | AL30: 0 | AP30: 0 | AT30: 0 | AX30: 0 | BB30: 0 | BF30: 0 | BJ30: 0 | BN30: 0 | BR30: 0 | BV30: 0 | BZ30: 0 | CD30: 0 | CH30: 0 | CL30: 0 | CP30: 0 | CT30: 0 | CX30: 0 | DB30: 0 | DF30: 0 | DJ30: 0 | DN30: 0 | DR30: 0 | DV30: 0 | DZ30: 0 | ED30: 0 | EH30: 0 | EL30: 0 | EP30: 0 | ET30: 0 | EX30: 0 | EY30: =F30+J30+N30+R30+V30+Z30+AD30+AH30+AL30+AP30+AT30+AX30+BB30+BF30+BJ30+BN30+BR30+BV30+BZ30+CD30+CH30+CL30+CP30+CT30+CX30+DB30+DF30+DJ30+DN30+DR30+DV30+DZ30+ED30+EH30+EL30+EP30+ET30+EX30 -> 0
A31: 623700 | B31: PUBLICATION | F31: 0 | J31: 0 | N31: 0 | R31: 0 | V31: 0 | Z31: 0 | AD31: 0 | AH31: 0 | AL31: 0 | AP31: 0 | AT31: 0 | AX31: 0 | BB31: 0 | BF31: 0 | BJ31: 0 | BN31: 0 | BR31: 0 | BV31: 0 | BZ31: 0 | CD31: 0 | CH31: 0 | CL31: 0 | CP31: 0 | CT31: 0 | CX31: 0 | DB31: 0 | DF31: 0 | DJ31: 0 | DN31: 0 | DR31: 0 | DV31: 0 | DZ31: 0 | ED31: 0 | EH31: 0 | EL31: 0 | EP31: 0 | ET31: 0 | EX31: 0 | EY31: =F31+J31+N31+R31+V31+Z31+AD31+AH31+AL31+AP31+AT31+AX31+BB31+BF31+BJ31+BN31+BR31+BV31+BZ31+CD31+CH31+CL31+CP31+CT31+CX31+DB31+DF31+DJ31+DN31+DR31+DV31+DZ31+ED31+EH31+EL31+EP31+ET31+EX31 -> 0
A32: 623800 | B32: SOLIDARITE/DONS | F32: 0 | J32: 0 | N32: 0 | R32: 0 | V32: 0 | Z32: 0 | AD32: 0 | AH32: 0 | AL32: 0 | AP32: 0 | AT32: 0 | AX32: 0 | BB32: 0 | BF32: 0 | BJ32: 0 | BN32: 0 | BR32: 0 | BV32: 0 | BZ32: 0 | CD32: 0 | CH32: 0 | CL32: 0 | CP32: 0 | CT32: 0 | CX32: 0 | DB32: 0 | DF32: 0 | DJ32: 0 | DN32: 0 | DR32: 0 | DV32: 0 | DZ32: 0 | ED32: 0 | EH32: 0 | EL32: 0 | EP32: 0 | ET32: 0 | EX32: 0 | EY32: =F32+J32+N32+R32+V32+Z32+AD32+AH32+AL32+AP32+AT32+AX32+BB32+BF32+BJ32+BN32+BR32+BV32+BZ32+CD32+CH32+CL32+CP32+CT32+CX32+DB32+DF32+DJ32+DN32+DR32+DV32+DZ32+ED32+EH32+EL32+EP32+ET32+EX32 -> 0
A33: 625100 | B33: FRAIS DE DEPLACEMENTS (repas, essence, train, avion, frais kilométriques, péage…) | C33: REPAS CB 02/05/2016 | F33: 30.1 | G33: REPS CB MONTREUIL 11/05/2016 | J33: 14 | K33: TAXI CB 11/05/2016 | N33: 35 | O33: HOTEL CB MONTREUIL 12/05/2016 | R33: 129.32 | S33: ESSENCE CB 17/05/2016 | V33: 49.31 | W33: REPAS CB 20/05/2016 | Z33: 66.71 | AD33: 0 | AH33: 0 | AL33: 0 | AP33: 0 | AT33: 0 | AX33: 0 | BB33: 0 | BF33: 0 | BJ33: 0 | BN33: 0 | BR33: 0 | BV33: 0 | BZ33: 0 | CD33: 0 | CH33: 0 | CL33: 0 | CP33: 0 | CT33: 0 | CX33: 0 | DB33: 0 | DF33: 0 | DJ33: 0 | DN33: 0 | DR33: 0 | DV33: 0 | DZ33: 0 | ED33: 0 | EH33: 0 | EL33: 0 | EP33: 0 | ET33: 0 | EX33: 0 | EY33: =F33+J33+N33+R33+V33+Z33+AD33+AH33+AL33+AP33+AT33+AX33+BB33+BF33+BJ33+BN33+BR33+BV33+BZ33+CD33+CH33+CL33+CP33+CT33+CX33+DB33+DF33+DJ33+DN33+DR33+DV33+DZ33+ED33+EH33+EL33+EP33+ET33+EX33 -> 324.44
A34: 625110 | B34: Réunion du bureau | F34: 0 | J34: 0 | N34: 0 | R34: 0 | V34: 0 | Z34: 0 | AD34: 0 | AH34: 0 | AL34: 0 | AP34: 0 | AT34: 0 | AX34: 0 | BB34: 0 | BF34: 0 | BJ34: 0 | BN34: 0 | BR34: 0 | BV34: 0 | BZ34: 0 | CD34: 0 | CH34: 0 | CL34: 0 | CP34: 0 | CT34: 0 | CX34: 0 | DB34: 0 | DF34: 0 | DJ34: 0 | DN34: 0 | DR34: 0 | DV34: 0 | DZ34: 0 | ED34: 0 | EH34: 0 | EL34: 0 | EP34: 0 | ET34: 0 | EX34: 0 | EY34: =F34+J34+N34+R34+V34+Z34+AD34+AH34+AL34+AP34+AT34+AX34+BB34+BF34+BJ34+BN34+BR34+BV34+BZ34+CD34+CH34+CL34+CP34+CT34+CX34+DB34+DF34+DJ34+DN34+DR34+DV34+DZ34+ED34+EH34+EL34+EP34+ET34+EX34 -> 0
A35: 625120 | B35: Réunion de la commission executive | F35: 0 | J35: 0 | N35: 0 | R35: 0 | V35: 0 | Z35: 0 | AD35: 0 | AH35: 0 | AL35: 0 | AP35: 0 | AT35: 0 | AX35: 0 | BB35: 0 | BF35: 0 | BJ35: 0 | BN35: 0 | BR35: 0 | BV35: 0 | BZ35: 0 | CD35: 0 | CH35: 0 | CL35: 0 | CP35: 0 | CT35: 0 | CX35: 0 | DB35: 0 | DF35: 0 | DJ35: 0 | DN35: 0 | DR35: 0 | DV35: 0 | DZ35: 0 | ED35: 0 | EH35: 0 | EL35: 0 | EP35: 0 | ET35: 0 | EX35: 0 | EY35: =F35+J35+N35+R35+V35+Z35+AD35+AH35+AL35+AP35+AT35+AX35+BB35+BF35+BJ35+BN35+BR35+BV35+BZ35+CD35+CH35+CL35+CP35+CT35+CX35+DB35+DF35+DJ35+DN35+DR35+DV35+DZ35+ED35+EH35+EL35+EP35+ET35+EX35 -> 0
A36: 625180 | B36: Collectif (intitulé) | F36: 0 | J36: 0 | N36: 0 | R36: 0 | V36: 0 | Z36: 0 | AD36: 0 | AH36: 0 | AL36: 0 | AP36: 0 | AT36: 0 | AX36: 0 | BB36: 0 | BF36: 0 | BJ36: 0 | BN36: 0 | BR36: 0 | BV36: 0 | BZ36: 0 | CD36: 0 | CH36: 0 | CL36: 0 | CP36: 0 | CT36: 0 | CX36: 0 | DB36: 0 | DF36: 0 | DJ36: 0 | DN36: 0 | DR36: 0 | DV36: 0 | DZ36: 0 | ED36: 0 | EH36: 0 | EL36: 0 | EP36: 0 | ET36: 0 | EX36: 0 | EY36: =F36+J36+N36+R36+V36+Z36+AD36+AH36+AL36+AP36+AT36+AX36+BB36+BF36+BJ36+BN36+BR36+BV36+BZ36+CD36+CH36+CL36+CP36+CT36+CX36+DB36+DF36+DJ36+DN36+DR36+DV36+DZ36+ED36+EH36+EL36+EP36+ET36+EX36 -> 0
A37: 625181 | B37: Collectif (intitulé) | F37: 0 | J37: 0 | N37: 0 | R37: 0 | V37: 0 | Z37: 0 | AD37: 0 | AH37: 0 | AL37: 0 | AP37: 0 | AT37: 0 | AX37: 0 | BB37: 0 | BF37: 0 | BJ37: 0 | BN37: 0 | BR37: 0 | BV37: 0 | BZ37: 0 | CD37: 0 | CH37: 0 | CL37: 0 | CP37: 0 | CT37: 0 | CX37: 0 | DB37: 0 | DF37: 0 | DJ37: 0 | DN37: 0 | DR37: 0 | DV37: 0 | DZ37: 0 | ED37: 0 | EH37: 0 | EL37: 0 | EP37: 0 | ET37: 0 | EX37: 0 | EY37: =F37+J37+N37+R37+V37+Z37+AD37+AH37+AL37+AP37+AT37+AX37+BB37+BF37+BJ37+BN37+BR37+BV37+BZ37+CD37+CH37+CL37+CP37+CT37+CX37+DB37+DF37+DJ37+DN37+DR37+DV37+DZ37+ED37+EH37+EL37+EP37+ET37+EX37 -> 0
A38: 625182 | B38: Collectif (intitulé) | F38: 0 | J38: 0 | N38: 0 | R38: 0 | V38: 0 | Z38: 0 | AD38: 0 | AH38: 0 | AL38: 0 | AP38: 0 | AT38: 0 | AX38: 0 | BB38: 0 | BF38: 0 | BJ38: 0 | BN38: 0 | BR38: 0 | BV38: 0 | BZ38: 0 | CD38: 0 | CH38: 0 | CL38: 0 | CP38: 0 | CT38: 0 | CX38: 0 | DB38: 0 | DF38: 0 | DJ38: 0 | DN38: 0 | DR38: 0 | DV38: 0 | DZ38: 0 | ED38: 0 | EH38: 0 | EL38: 0 | EP38: 0 | ET38: 0 | EX38: 0 | EY38: =F38+J38+N38+R38+V38+Z38+AD38+AH38+AL38+AP38+AT38+AX38+BB38+BF38+BJ38+BN38+BR38+BV38+BZ38+CD38+CH38+CL38+CP38+CT38+CX38+DB38+DF38+DJ38+DN38+DR38+DV38+DZ38+ED38+EH38+EL38+EP38+ET38+EX38 -> 0
A39: 625183 | B39: Collectif (intitulé) | F39: 0 | J39: 0 | N39: 0 | R39: 0 | V39: 0 | Z39: 0 | AD39: 0 | AH39: 0 | AL39: 0 | AP39: 0 | AT39: 0 | AX39: 0 | BB39: 0 | BF39: 0 | BJ39: 0 | BN39: 0 | BR39: 0 | BV39: 0 | BZ39: 0 | CD39: 0 | CH39: 0 | CL39: 0 | CP39: 0 | CT39: 0 | CX39: 0 | DB39: 0 | DF39: 0 | DJ39: 0 | DN39: 0 | DR39: 0 | DV39: 0 | DZ39: 0 | ED39: 0 | EH39: 0 | EL39: 0 | EP39: 0 | ET39: 0 | EX39: 0 | EY39: =F39+J39+N39+R39+V39+Z39+AD39+AH39+AL39+AP39+AT39+AX39+BB39+BF39+BJ39+BN39+BR39+BV39+BZ39+CD39+CH39+CL39+CP39+CT39+CX39+DB39+DF39+DJ39+DN39+DR39+DV39+DZ39+ED39+EH39+EL39+EP39+ET39+EX39 -> 0
A40: 625700 | B40: RECEPTION | F40: 0 | J40: 0 | N40: 0 | R40: 0 | V40: 0 | Z40: 0 | AD40: 0 | AH40: 0 | AL40: 0 | AP40: 0 | AT40: 0 | AX40: 0 | BB40: 0 | BF40: 0 | BJ40: 0 | BN40: 0 | BR40: 0 | BV40: 0 | BZ40: 0 | CD40: 0 | CH40: 0 | CL40: 0 | CP40: 0 | CT40: 0 | CX40: 0 | DB40: 0 | DF40: 0 | DJ40: 0 | DN40: 0 | DR40: 0 | DV40: 0 | DZ40: 0 | ED40: 0 | EH40: 0 | EL40: 0 | EP40: 0 | ET40: 0 | EX40: 0 | EY40: =F40+J40+N40+R40+V40+Z40+AD40+AH40+AL40+AP40+AT40+AX40+BB40+BF40+BJ40+BN40+BR40+BV40+BZ40+CD40+CH40+CL40+CP40+CT40+CX40+DB40+DF40+DJ40+DN40+DR40+DV40+DZ40+ED40+EH40+EL40+EP40+ET40+EX40 -> 0
A41: 626100 | B41: TELEPHONE/INTERNET | F41: 0 | J41: 0 | N41: 0 | R41: 0 | V41: 0 | Z41: 0 | AD41: 0 | AH41: 0 | AL41: 0 | AP41: 0 | AT41: 0 | AX41: 0 | BB41: 0 | BF41: 0 | BJ41: 0 | BN41: 0 | BR41: 0 | BV41: 0 | BZ41: 0 | CD41: 0 | CH41: 0 | CL41: 0 | CP41: 0 | CT41: 0 | CX41: 0 | DB41: 0 | DF41: 0 | DJ41: 0 | DN41: 0 | DR41: 0 | DV41: 0 | DZ41: 0 | ED41: 0 | EH41: 0 | EL41: 0 | EP41: 0 | ET41: 0 | EX41: 0 | EY41: =F41+J41+N41+R41+V41+Z41+AD41+AH41+AL41+AP41+AT41+AX41+BB41+BF41+BJ41+BN41+BR41+BV41+BZ41+CD41+CH41+CL41+CP41+CT41+CX41+DB41+DF41+DJ41+DN41+DR41+DV41+DZ41+ED41+EH41+EL41+EP41+ET41+EX41 -> 0
A42: 626200 | B42: AFFRANCHISSEMENT | F42: 0 | J42: 0 | N42: 0 | R42: 0 | V42: 0 | Z42: 0 | AD42: 0 | AH42: 0 | AL42: 0 | AP42: 0 | AT42: 0 | AX42: 0 | BB42: 0 | BF42: 0 | BJ42: 0 | BN42: 0 | BR42: 0 | BV42: 0 | BZ42: 0 | CD42: 0 | CH42: 0 | CL42: 0 | CP42: 0 | CT42: 0 | CX42: 0 | DB42: 0 | DF42: 0 | DJ42: 0 | DN42: 0 | DR42: 0 | DV42: 0 | DZ42: 0 | ED42: 0 | EH42: 0 | EL42: 0 | EP42: 0 | ET42: 0 | EX42: 0 | EY42: =F42+J42+N42+R42+V42+Z42+AD42+AH42+AL42+AP42+AT42+AX42+BB42+BF42+BJ42+BN42+BR42+BV42+BZ42+CD42+CH42+CL42+CP42+CT42+CX42+DB42+DF42+DJ42+DN42+DR42+DV42+DZ42+ED42+EH42+EL42+EP42+ET42+EX42 -> 0
A43: 627000 | B43: FRAIS BANCAIRES | C43: FRAIS 10/05/2016 | F43: 12 | J43: 0 | N43: 0 | R43: 0 | V43: 0 | Z43: 0 | AD43: 0 | AH43: 0 | AL43: 0 | AP43: 0 | AT43: 0 | AX43: 0 | BB43: 0 | BF43: 0 | BJ43: 0 | BN43: 0 | BR43: 0 | BV43: 0 | BZ43: 0 | CD43: 0 | CH43: 0 | CL43: 0 | CP43: 0 | CT43: 0 | CX43: 0 | DB43: 0 | DF43: 0 | DJ43: 0 | DN43: 0 | DR43: 0 | DV43: 0 | DZ43: 0 | ED43: 0 | EH43: 0 | EL43: 0 | EP43: 0 | ET43: 0 | EX43: 0 | EY43: =F43+J43+N43+R43+V43+Z43+AD43+AH43+AL43+AP43+AT43+AX43+BB43+BF43+BJ43+BN43+BR43+BV43+BZ43+CD43+CH43+CL43+CP43+CT43+CX43+DB43+DF43+DJ43+DN43+DR43+DV43+DZ43+ED43+EH43+EL43+EP43+ET43+EX43 -> 12
B44: INCONNU | F44: 0 | J44: 0 | N44: 0 | R44: 0 | V44: 0 | Z44: 0 | AD44: 0 | AH44: 0 | AL44: 0 | AP44: 0 | AT44: 0 | AX44: 0 | BB44: 0 | BF44: 0 | BJ44: 0 | BN44: 0 | BR44: 0 | BV44: 0 | BZ44: 0 | CD44: 0 | CH44: 0 | CL44: 0 | CP44: 0 | CT44: 0 | CX44: 0 | DB44: 0 | DF44: 0 | DJ44: 0 | DN44: 0 | DR44: 0 | DV44: 0 | DZ44: 0 | ED44: 0 | EH44: 0 | EL44: 0 | EP44: 0 | ET44: 0 | EX44: 0 | EY44: =F44+J44+N44+R44+V44+Z44+AD44+AH44+AL44+AP44+AT44+AX44+BB44+BF44+BJ44+BN44+BR44+BV44+BZ44+CD44+CH44+CL44+CP44+CT44+CX44+DB44+DF44+DJ44+DN44+DR44+DV44+DZ44+ED44+EH44+EL44+EP44+ET44+EX44 -> 0
A45: COMPTES D'IMMOBILISATION | F45: 0 | J45: 0 | N45: 0 | R45: 0 | V45: 0 | Z45: 0 | AD45: 0 | AH45: 0 | AL45: 0 | AP45: 0 | AT45: 0 | AX45: 0 | BB45: 0 | BF45: 0 | BJ45: 0 | BN45: 0 | BR45: 0 | BV45: 0 | BZ45: 0 | CD45: 0 | CH45: 0 | CL45: 0 | CP45: 0 | CT45: 0 | CX45: 0 | DB45: 0 | DF45: 0 | DJ45: 0 | DN45: 0 | DR45: 0 | DV45: 0 | DZ45: 0 | ED45: 0 | EH45: 0 | EL45: 0 | EP45: 0 | ET45: 0 | EX45: 0 | EY45: =F45+J45+N45+R45+V45+Z45+AD45+AH45+AL45+AP45+AT45+AX45+BB45+BF45+BJ45+BN45+BR45+BV45+BZ45+CD45+CH45+CL45+CP45+CT45+CX45+DB45+DF45+DJ45+DN45+DR45+DV45+DZ45+ED45+EH45+EL45+EP45+ET45+EX45 -> 0
A46: 218300 | B46: MATERIEL DE BUREAU ET INFORMATIQUE (≥ 500€ unitaire) | F46: 0 | J46: 0 | N46: 0 | R46: 0 | V46: 0 | Z46: 0 | AD46: 0 | AH46: 0 | AL46: 0 | AP46: 0 | AT46: 0 | AX46: 0 | BB46: 0 | BF46: 0 | BJ46: 0 | BN46: 0 | BR46: 0 | BV46: 0 | BZ46: 0 | CD46: 0 | CH46: 0 | CL46: 0 | CP46: 0 | CT46: 0 | CX46: 0 | DB46: 0 | DF46: 0 | DJ46: 0 | DN46: 0 | DR46: 0 | DV46: 0 | DZ46: 0 | ED46: 0 | EH46: 0 | EL46: 0 | EP46: 0 | ET46: 0 | EX46: 0 | EY46: =F46+J46+N46+R46+V46+Z46+AD46+AH46+AL46+AP46+AT46+AX46+BB46+BF46+BJ46+BN46+BR46+BV46+BZ46+CD46+CH46+CL46+CP46+CT46+CX46+DB46+DF46+DJ46+DN46+DR46+DV46+DZ46+ED46+EH46+EL46+EP46+ET46+EX46 -> 0
A47: RECAP MENSUEL | EX47: T-Dépenses | EY47: =SUM(EY16:EY46) -> 336.44
A48: Solde bancaire au 31-05-2016 | B48: Total recettes | D48: =EY12 -> 318.42
B49: Total dépenses | C49: =EY47 -> 336.44
B50: solde | C50: =C2+D48-C49 -> 390.89
A52: INFO INCONNU

Sheet Juin
E1: MOIS DE DECEMBRE 2012
A2: Solde bancaire au 31-05-2016 | C2: =Mai!C50 -> 390.89
A4: RECETTES | EY4: TOTAUX
A5: COMPTES | B5: LIBELLES DES COMPTES | C5: LIBELLES RECETTES | F5: MONTANTS | G5: LIBELLES RECETTES | J5: MONTANTS | K5: LIBELLES RECETTES | N5: MONTANTS | O5: LIBELLES RECETTES | R5: MONTANTS | S5: LIBELLES RECETTES | V5: MONTANTS | W5: LIBELLES RECETTES | Z5: MONTANTS | AA5: LIBELLES RECETTES | AD5: MONTANTS | AE5: LIBELLES RECETTES | AH5: MONTANTS | AI5: LIBELLES RECETTES | AL5: MONTANTS | AM5: LIBELLES RECETTES | AP5: MONTANTS | AQ5: LIBELLES RECETTES | AT5: MONTANTS | AU5: LIBELLES RECETTES | AX5: MONTANTS | AY5: LIBELLES RECETTES | BB5: MONTANTS | BC5: LIBELLES RECETTES | BF5: MONTANTS | BG5: LIBELLES RECETTES | BJ5: MONTANTS | BK5: LIBELLES RECETTES | BN5: MONTANTS | BO5: LIBELLES RECETTES | BR5: MONTANTS | BS5: LIBELLES RECETTES | BV5: MONTANTS | BW5: LIBELLES RECETTES | BZ5: MONTANTS | CA5: LIBELLES RECETTES | CD5: MONTANTS | CE5: LIBELLES RECETTES | CH5: MONTANTS | CI5: LIBELLES RECETTES | CL5: MONTANTS | CM5: LIBELLES RECETTES | CP5: MONTANTS | CQ5: LIBELLES RECETTES | CT5: MONTANTS | CU5: LIBELLES RECETTES | CX5: MONTANTS | CY5: LIBELLES RECETTES | DB5: MONTANTS | DC5: LIBELLES RECETTES | DF5: MONTANTS | DG5: LIBELLES RECETTES | DJ5: MONTANTS | DK5: LIBELLES RECETTES | DN5: MONTANTS | DO5: LIBELLES RECETTES | DR5: MONTANTS | DS5: LIBELLES RECETTES | DV5: MONTANTS | DW5: LIBELLES RECETTES | DZ5: MONTANTS | EA5: LIBELLES RECETTES | ED5: MONTANTS | EE5: LIBELLES RECETTES | EH5: MONTANTS | EI5: LIBELLES RECETTES | EL5: MONTANTS | EM5: LIBELLES RECETTES | EP5: MONTANTS | EQ5: LIBELLES RECETTES | ET5: MONTANTS | EU5: LIBELLES RECETTES | EX5: MONTANTS
A6: 707100 | B6: VENTE DE MATERIEL SYNDICAL | F6: 0 | J6: 0 | N6: 0 | R6: 0 | V6: 0 | Z6: 0 | AD6: 0 | AH6: 0 | AL6: 0 | AP6: 0 | AT6: 0 | AX6: 0 | BB6: 0 | BF6: 0 | BJ6: 0 | BN6: 0 | BR6: 0 | BV6: 0 | BZ6: 0 | CD6: 0 | CH6: 0 | CL6: 0 | CP6: 0 | CT6: 0 | CX6: 0 | DB6: 0 | DF6: 0 | DJ6: 0 | DN6: 0 | DR6: 0 | DV6: 0 | DZ6: 0 | ED6: 0 | EH6: 0 | EL6: 0 | EP6: 0 | ET6: 0 | EX6: 0 | EY6: =F6+J6+N6+R6+V6+Z6+AD6+AH6+AL6+AP6+AT6+AX6+BB6+BF6+BJ6+BN6+BR6+BV6+BZ6+CD6+CH6+CL6+CP6+CT6+CX6+DB6+DF6+DJ6+DN6+DR6+DV6+DZ6+ED6+EH6+EL6+EP6+ET6+EX6 -> 0
A7: 741100 | B7: SUBVENTION PUBLIQUE | F7: 0 | J7: 0 | N7: 0 | R7: 0 | V7: 0 | Z7: 0 | AD7: 0 | AH7: 0 | AL7: 0 | AP7: 0 | AT7: 0 | AX7: 0 | BB7: 0 | BF7: 0 | BJ7: 0 | BN7: 0 | BR7: 0 | BV7: 0 | BZ7: 0 | CD7: 0 | CH7: 0 | CL7: 0 | CP7: 0 | CT7: 0 | CX7: 0 | DB7: 0 | DF7: 0 | DJ7: 0 | DN7: 0 | DR7: 0 | DV7: 0 | DZ7: 0 | ED7: 0 | EH7: 0 | EL7: 0 | EP7: 0 | ET7: 0 | EX7: 0 | EY7: =F7+J7+N7+R7+V7+Z7+AD7+AH7+AL7+AP7+AT7+AX7+BB7+BF7+BJ7+BN7+BR7+BV7+BZ7+CD7+CH7+CL7+CP7+CT7+CX7+DB7+DF7+DJ7+DN7+DR7+DV7+DZ7+ED7+EH7+EL7+EP7+ET7+EX7 -> 0
A8: 754000 | B8: COLLECTES DONS SOUSCRIPTIONS | F8: 0 | J8: 0 | N8: 0 | R8: 0 | V8: 0 | Z8: 0 | AD8: 0 | AH8: 0 | AL8: 0 | AP8: 0 | AT8: 0 | AX8: 0 | BB8: 0 | BF8: 0 | BJ8: 0 | BN8: 0 | BR8: 0 | BV8: 0 | BZ8: 0 | CD8: 0 | CH8: 0 | CL8: 0 | CP8: 0 | CT8: 0 | CX8: 0 | DB8: 0 | DF8: 0 | DJ8: 0 | DN8: 0 | DR8: 0 | DV8: 0 | DZ8: 0 | ED8: 0 | EH8: 0 | EL8: 0 | EP8: 0 | ET8: 0 | EX8: 0 | EY8: =F8+J8+N8+R8+V8+Z8+AD8+AH8+AL8+AP8+AT8+AX8+BB8+BF8+BJ8+BN8+BR8+BV8+BZ8+CD8+CH8+CL8+CP8+CT8+CX8+DB8+DF8+DJ8+DN8+DR8+DV8+DZ8+ED8+EH8+EL8+EP8+ET8+EX8 -> 0
A9: 756100 | B9: COTISATION | F9: 0 | J9: 0 | N9: 0 | R9: 0 | V9: 0 | Z9: 0 | AD9: 0 | AH9: 0 | AL9: 0 | AP9: 0 | AT9: 0 | AX9: 0 | BB9: 0 | BF9: 0 | BJ9: 0 | BN9: 0 | BR9: 0 | BV9: 0 | BZ9: 0 | CD9: 0 | CH9: 0 | CL9: 0 | CP9: 0 | CT9: 0 | CX9: 0 | DB9: 0 | DF9: 0 | DJ9: 0 | DN9: 0 | DR9: 0 | DV9: 0 | DZ9: 0 | ED9: 0 | EH9: 0 | EL9: 0 | EP9: 0 | ET9: 0 | EX9: 0 | EY9: =F9+J9+N9+R9+V9+Z9+AD9+AH9+AL9+AP9+AT9+AX9+BB9+BF9+BJ9+BN9+BR9+BV9+BZ9+CD9+CH9+CL9+CP9+CT9+CX9+DB9+DF9+DJ9+DN9+DR9+DV9+DZ9+ED9+EH9+EL9+EP9+ET9+EX9 -> 0
A10: 791100 | B10: REMBOURSEMENT FRAIS DPLCT (FEDE) | F10: 0 | J10: 0 | N10: 0 | R10: 0 | V10: 0 | Z10: 0 | AD10: 0 | AH10: 0 | AL10: 0 | AP10: 0 | AT10: 0 | AX10: 0 | BB10: 0 | BF10: 0 | BJ10: 0 | BN10: 0 | BR10: 0 | BV10: 0 | BZ10: 0 | CD10: 0 | CH10: 0 | CL10: 0 | CP10: 0 | CT10: 0 | CX10: 0 | DB10: 0 | DF10: 0 | DJ10: 0 | DN10: 0 | DR10: 0 | DV10: 0 | DZ10: 0 | ED10: 0 | EH10: 0 | EL10: 0 | EP10: 0 | ET10: 0 | EX10: 0 | EY10: =F10+J10+N10+R10+V10+Z10+AD10+AH10+AL10+AP10+AT10+AX10+BB10+BF10+BJ10+BN10+BR10+BV10+BZ10+CD10+CH10+CL10+CP10+CT10+CX10+DB10+DF10+DJ10+DN10+DR10+DV10+DZ10+ED10+EH10+EL10+EP10+ET10+EX10 -> 0
B11: INCONNU | F11: 0 | J11: 0 | N11: 0 | R11: 0 | V11: 0 | Z11: 0 | AD11: 0 | AH11: 0 | AL11: 0 | AP11: 0 | AT11: 0 | AX11: 0 | BB11: 0 | BF11: 0 | BJ11: 0 | BN11: 0 | BR11: 0 | BV11: 0 | BZ11: 0 | CD11: 0 | CH11: 0 | CL11: 0 | CP11: 0 | CT11: 0 | CX11: 0 | DB11: 0 | DF11: 0 | DJ11: 0 | DN11: 0 | DR11: 0 | DV11: 0 | DZ11: 0 | ED11: 0 | EH11: 0 | EL11: 0 | EP11: 0 | ET11: 0 | EX11: 0 | EY11: =F11+J11+N11+R11+V11+Z11+AD11+AH11+AL11+AP11+AT11+AX11+BB11+BF11+BJ11+BN11+BR11+BV11+BZ11+CD11+CH11+CL11+CP11+CT11+CX11+DB11+DF11+DJ11+DN11+DR11+DV11+DZ11+ED11+EH11+EL11+EP11+ET11+EX11 -> 0
EX12: T-Recettes | EY12: =SUM(EY6:EY11) -> 0
A13: DEPENSES
A14: COMPTES | B14: LIBELLES DES COMPTES | C14: LIBELLES DEPENSES | F14: MONTANTS | G14: LIBELLES DEPENSES | J14: MONTANTS | K14: LIBELLES DEPENSES | N14: MONTANTS | O14: LIBELLES DEPENSES | R14: MONTANTS | S14: LIBELLES DEPENSES | V14: MONTANTS | W14: LIBELLES DEPENSES | Z14: MONTANTS | AA14: LIBELLES DEPENSES | AD14: MONTANTS | AE14: LIBELLES DEPENSES | AH14: MONTANTS | AI14: LIBELLES DEPENSES | AL14: MONTANTS | AM14: LIBELLES DEPENSES | AP14: MONTANTS | AQ14: LIBELLES DEPENSES | AT14: MONTANTS | AU14: LIBELLES DEPENSES | AX14: MONTANTS | AY14: LIBELLES DEPENSES | BB14: MONTANTS | BC14: LIBELLES DEPENSES | BF14: MONTANTS | BG14: LIBELLES DEPENSES | BJ14: MONTANTS | BK14: LIBELLES DEPENSES | BN14: MONTANTS | BO14: LIBELLES DEPENSES | BR14: MONTANTS | BS14: LIBELLES DEPENSES | BV14: MONTANTS | BW14: LIBELLES DEPENSES | BZ14: MONTANTS | CA14: LIBELLES DEPENSES | CD14: MONTANTS | CE14: LIBELLES DEPENSES | CH14: MONTANTS | CI14: LIBELLES DEPENSES | CL14: MONTANTS | CM14: LIBELLES DEPENSES | CP14: MONTANTS | CQ14: LIBELLES DEPENSES | CT14: MONTANTS | CU14: LIBELLES DEPENSES | CX14: MONTANTS | CY14: LIBELLES DEPENSES | DB14: MONTANTS | DC14: LIBELLES DEPENSES | DF14: MONTANTS | DG14: LIBELLES DEPENSES | DJ14: MONTANTS | DK14: LIBELLES DEPENSES | DN14: MONTANTS | DO14: LIBELLES DEPENSES | DR14: MONTANTS | DS14: LIBELLES DEPENSES | DV14: MONTANTS | DW14: LIBELLES DEPENSES | DZ14: MONTANTS | EA14: LIBELLES DEPENSES | ED14: MONTANTS | EE14: LIBELLES DEPENSES | EH14: MONTANTS | EI14: LIBELLES DEPENSES | EL14: MONTANTS | EM14: LIBELLES DEPENSES | EP14: MONTANTS | EQ14: LIBELLES DEPENSES | ET14: MONTANTS | EU14: LIBELLES DEPENSES | EX14: MONTANTS
B15: COGETISE | F15: 0 | J15: 0 | N15: 0 | R15: 0 | V15: 0 | Z15: 0 | AD15: 0 | AH15: 0 | AL15: 0 | AP15: 0 | AT15: 0 | AX15: 0 | BB15: 0 | BF15: 0 | BJ15: 0 | BN15: 0 | BR15: 0 | BV15: 0 | BZ15: 0 | CD15: 0 | CH15: 0 | CL15: 0 | CP15: 0 | CT15: 0 | CX15: 0 | DB15: 0 | DF15: 0 | DJ15: 0 | DN15: 0 | DR15: 0 | DV15: 0 | DZ15: 0 | ED15: 0 | EH15: 0 | EL15: 0 | EP15: 0 | ET15: 0 | EX15: 0 | EY15: =F15+J15+N15+R15+V15+Z15+AD15+AH15+AL15+AP15+AT15+AX15+BB15+BF15+BJ15+BN15+BR15+BV15+BZ15+CD15+CH15+CL15+CP15+CT15+CX15+DB15+DF15+DJ15+DN15+DR15+DV15+DZ15+ED15+EH15+EL15+EP15+ET15+EX15 -> 0
A16: 606100 | B16: FOURNITURES ADMINISTRATIVES | F16: 0 | J16: 0 | N16: 0 | R16: 0 | V16: 0 | Z16: 0 | AD16: 0 | AH16: 0 | AL16: 0 | AP16: 0 | AT16: 0 | AX16: 0 | BB16: 0 | BF16: 0 | BJ16: 0 | BN16: 0 | BR16: 0 | BV16: 0 | BZ16: 0 | CD16: 0 | CH16: 0 | CL16: 0 | CP16: 0 | CT16: 0 | CX16: 0 | DB16: 0 | DF16: 0 | DJ16: 0 | DN16: 0 | DR16: 0 | DV16: 0 | DZ16: 0 | ED16: 0 | EH16: 0 | EL16: 0 | EP16: 0 | ET16: 0 | EX16: 0 | EY16: =F16+J16+N16+R16+V16+Z16+AD16+AH16+AL16+AP16+AT16+AX16+BB16+BF16+BJ16+BN16+BR16+BV16+BZ16+CD16+CH16+CL16+CP16+CT16+CX16+DB16+DF16+DJ16+DN16+DR16+DV16+DZ16+ED16+EH16+EL16+EP16+ET16+EX16 -> 0
A17: 606200 | B17: FRAIS D'IMPRESSION/PHOTOCOPIES | F17: 0 | J17: 0 | N17: 0 | R17: 0 | V17: 0 | Z17: 0 | AD17: 0 | AH17: 0 | AL17: 0 | AP17: 0 | AT17: 0 | AX17: 0 | BB17: 0 | BF17: 0 | BJ17: 0 | BN17: 0 | BR17: 0 | BV17: 0 | BZ17: 0 | CD17: 0 | CH17: 0 | CL17: 0 | CP17: 0 | CT17: 0 | CX17: 0 | DB17: 0 | DF17: 0 | DJ17: 0 | DN17: 0 | DR17: 0 | DV17: 0 | DZ17: 0 | ED17: 0 | EH17: 0 | EL17: 0 | EP17: 0 | ET17: 0 | EX17: 0 | EY17: =F17+J17+N17+R17+V17+Z17+AD17+AH17+AL17+AP17+AT17+AX17+BB17+BF17+BJ17+BN17+BR17+BV17+BZ17+CD17+CH17+CL17+CP17+CT17+CX17+DB17+DF17+DJ17+DN17+DR17+DV17+DZ17+ED17+EH17+EL17+EP17+ET17+EX17 -> 0
A18: 606300 | B18: FOURNITURES PETITS EQUIPEMENTS (≤ 500€ unitaire) | F18: 0 | J18: 0 | N18: 0 | R18: 0 | V18: 0 | Z18: 0 | AD18: 0 | AH18: 0 | AL18: 0 | AP18: 0 | AT18: 0 | AX18: 0 | BB18: 0 | BF18: 0 | BJ18: 0 | BN18: 0 | BR18: 0 | BV18: 0 | BZ18: 0 | CD18: 0 | CH18: 0 | CL18: 0 | CP18: 0 | CT18: 0 | CX18: 0 | DB18: 0 | DF18: 0 | DJ18: 0 | DN18: 0 | DR18: 0 | DV18: 0 | DZ18: 0 | ED18: 0 | EH18: 0 | EL18: 0 | EP18: 0 | ET18: 0 | EX18: 0 | EY18: =F18+J18+N18+R18+V18+Z18+AD18+AH18+AL18+AP18+AT18+AX18+BB18+BF18+BJ18+BN18+BR18+BV18+BZ18+CD18+CH18+CL18+CP18+CT18+CX18+DB18+DF18+DJ18+DN18+DR18+DV18+DZ18+ED18+EH18+EL18+EP18+ET18+EX18 -> 0
A19: 606800 | B19: ACHAT DIVERS | F19: 0 | J19: 0 | N19: 0 | R19: 0 | V19: 0 | Z19: 0 | AD19: 0 | AH19: 0 | AL19: 0 | AP19: 0 | AT19: 0 | AX19: 0 | BB19: 0 | BF19: 0 | BJ19: 0 | BN19: 0 | BR19: 0 | BV19: 0 | BZ19: 0 | CD19: 0 | CH19: 0 | CL19: 0 | CP19: 0 | CT19: 0 | CX19: 0 | DB19: 0 | DF19: 0 | DJ19: 0 | DN19: 0 | DR19: 0 | DV19: 0 | DZ19: 0 | ED19: 0 | EH19: 0 | EL19: 0 | EP19: 0 | ET19: 0 | EX19: 0 | EY19: =F19+J19+N19+R19+V19+Z19+AD19+AH19+AL19+AP19+AT19+AX19+BB19+BF19+BJ19+BN19+BR19+BV19+BZ19+CD19+CH19+CL19+CP19+CT19+CX19+DB19+DF19+DJ19+DN19+DR19+DV19+DZ19+ED19+EH19+EL19+EP19+ET19+EX19 -> 0
A20: 607100 | B20: MATERIEL SYNDICAL | F20: 0 | J20: 0 | N20: 0 | R20: 0 | V20: 0 | Z20: 0 | AD20: 0 | AH20: 0 | AL20: 0 | AP20: 0 | AT20: 0 | AX20: 0 | BB20: 0 | BF20: 0 | BJ20: 0 | BN20: 0 | BR20: 0 | BV20: 0 | BZ20: 0 | CD20: 0 | CH20: 0 | CL20: 0 | CP20: 0 | CT20: 0 | CX20: 0 | DB20: 0 | DF20: 0 | DJ20: 0 | DN20: 0 | DR20: 0 | DV20: 0 | DZ20: 0 | ED20: 0 | EH20: 0 | EL20: 0 | EP20: 0 | ET20: 0 | EX20: 0 | EY20: =F20+J20+N20+R20+V20+Z20+AD20+AH20+AL20+AP20+AT20+AX20+BB20+BF20+BJ20+BN20+BR20+BV20+BZ20+CD20+CH20+CL20+CP20+CT20+CX20+DB20+DF20+DJ20+DN20+DR20+DV20+DZ20+ED20+EH20+EL20+EP20+ET20+EX20 -> 0
A21: 613000 | B21: LOCATION (salles, machines…) | F21: 0 | J21: 0 | N21: 0 | R21: 0 | V21: 0 | Z21: 0 | AD21: 0 | AH21: 0 | AL21: 0 | AP21: 0 | AT21: 0 | AX21: 0 | BB21: 0 | BF21: 0 | BJ21: 0 | BN21: 0 | BR21: 0 | BV21: 0 | BZ21: 0 | CD21: 0 | CH21: 0 | CL21: 0 | CP21: 0 | CT21: 0 | CX21: 0 | DB21: 0 | DF21: 0 | DJ21: 0 | DN21: 0 | DR21: 0 | DV21: 0 | DZ21: 0 | ED21: 0 | EH21: 0 | EL21: 0 | EP21: 0 | ET21: 0 | EX21: 0 | EY21: =F21+J21+N21+R21+V21+Z21+AD21+AH21+AL21+AP21+AT21+AX21+BB21+BF21+BJ21+BN21+BR21+BV21+BZ21+CD21+CH21+CL21+CP21+CT21+CX21+DB21+DF21+DJ21+DN21+DR21+DV21+DZ21+ED21+EH21+EL21+EP21+ET21+EX21 -> 0
A22: 615000 | B22: MAINTENANCE/ENTRETIEN | F22: 0 | J22: 0 | N22: 0 | R22: 0 | V22: 0 | Z22: 0 | AD22: 0 | AH22: 0 | AL22: 0 | AP22: 0 | AT22: 0 | AX22: 0 | BB22: 0 | BF22: 0 | BJ22: 0 | BN22: 0 | BR22: 0 | BV22: 0 | BZ22: 0 | CD22: 0 | CH22: 0 | CL22: 0 | CP22: 0 | CT22: 0 | CX22: 0 | DB22: 0 | DF22: 0 | DJ22: 0 | DN22: 0 | DR22: 0 | DV22: 0 | DZ22: 0 | ED22: 0 | EH22: 0 | EL22: 0 | EP22: 0 | ET22: 0 | EX22: 0 | EY22: =F22+J22+N22+R22+V22+Z22+AD22+AH22+AL22+AP22+AT22+AX22+BB22+BF22+BJ22+BN22+BR22+BV22+BZ22+CD22+CH22+CL22+CP22+CT22+CX22+DB22+DF22+DJ22+DN22+DR22+DV22+DZ22+ED22+EH22+EL22+EP22+ET22+EX22 -> 0
A23: 616000 | B23: ASSURANCES | F23: 0 | J23: 0 | N23: 0 | R23: 0 | V23: 0 | Z23: 0 | AD23: 0 | AH23: 0 | AL23: 0 | AP23: 0 | AT23: 0 | AX23: 0 | BB23: 0 | BF23: 0 | BJ23: 0 | BN23: 0 | BR23: 0 | BV23: 0 | BZ23: 0 | CD23: 0 | CH23: 0 | CL23: 0 | CP23: 0 | CT23: 0 | CX23: 0 | DB23: 0 | DF23: 0 | DJ23: 0 | DN23: 0 | DR23: 0 | DV23: 0 | DZ23: 0 | ED23: 0 | EH23: 0 | EL23: 0 | EP23: 0 | ET23: 0 | EX23: 0 | EY23: =F23+J23+N23+R23+V23+Z23+AD23+AH23+AL23+AP23+AT23+AX23+BB23+BF23+BJ23+BN23+BR23+BV23+BZ23+CD23+CH23+CL23+CP23+CT23+CX23+DB23+DF23+DJ23+DN23+DR23+DV23+DZ23+ED23+EH23+EL23+EP23+ET23+EX23 -> 0
A24: 618100 | B24: DOCUMENTATION/ABONNEMENTS | F24: 0 | J24: 0 | N24: 0 | R24: 0 | V24: 0 | Z24: 0 | AD24: 0 | AH24: 0 | AL24: 0 | AP24: 0 | AT24: 0 | AX24: 0 | BB24: 0 | BF24: 0 | BJ24: 0 | BN24: 0 | BR24: 0 | BV24: 0 | BZ24: 0 | CD24: 0 | CH24: 0 | CL24: 0 | CP24: 0 | CT24: 0 | CX24: 0 | DB24: 0 | DF24: 0 | DJ24: 0 | DN24: 0 | DR24: 0 | DV24: 0 | DZ24: 0 | ED24: 0 | EH24: 0 | EL24: 0 | EP24: 0 | ET24: 0 | EX24: 0 | EY24: =F24+J24+N24+R24+V24+Z24+AD24+AH24+AL24+AP24+AT24+AX24+BB24+BF24+BJ24+BN24+BR24+BV24+BZ24+CD24+CH24+CL24+CP24+CT24+CX24+DB24+DF24+DJ24+DN24+DR24+DV24+DZ24+ED24+EH24+EL24+EP24+ET24+EX24 -> 0
A25: 618600 | B25: FORMATIONS | F25: 0 | J25: 0 | N25: 0 | R25: 0 | V25: 0 | Z25: 0 | AD25: 0 | AH25: 0 | AL25: 0 | AP25: 0 | AT25: 0 | AX25: 0 | BB25: 0 | BF25: 0 | BJ25: 0 | BN25: 0 | BR25: 0 | BV25: 0 | BZ25: 0 | CD25: 0 | CH25: 0 | CL25: 0 | CP25: 0 | CT25: 0 | CX25: 0 | DB25: 0 | DF25: 0 | DJ25: 0 | DN25: 0 | DR25: 0 | DV25: 0 | DZ25: 0 | ED25: 0 | EH25: 0 | EL25: 0 | EP25: 0 | ET25: 0 | EX25: 0 | EY25: =F25+J25+N25+R25+V25+Z25+AD25+AH25+AL25+AP25+AT25+AX25+BB25+BF25+BJ25+BN25+BR25+BV25+BZ25+CD25+CH25+CL25+CP25+CT25+CX25+DB25+DF25+DJ25+DN25+DR25+DV25+DZ25+ED25+EH25+EL25+EP25+ET25+EX25 -> 0
A26: 618610 | B26: Formations (intitulé de la formation) | C26: ENJEUX STATUTAIRES 06/06/2016 | F26: 294.4 | J26: 0 | N26: 0 | R26: 0 | V26: 0 | Z26: 0 | AD26: 0 | AH26: 0 | AL26: 0 | AP26: 0 | AT26: 0 | AX26: 0 | BB26: 0 | BF26: 0 | BJ26: 0 | BN26: 0 | BR26: 0 | BV26: 0 | BZ26: 0 | CD26: 0 | CH26: 0 | CL26: 0 | CP26: 0 | CT26: 0 | CX26: 0 | DB26: 0 | DF26: 0 | DJ26: 0 | DN26: 0 | DR26: 0 | DV26: 0 | DZ26: 0 | ED26: 0 | EH26: 0 | EL26: 0 | EP26: 0 | ET26: 0 | EX26: 0 | EY26: =F26+J26+N26+R26+V26+Z26+AD26+AH26+AL26+AP26+AT26+AX26+BB26+BF26+BJ26+BN26+BR26+BV26+BZ26+CD26+CH26+CL26+CP26+CT26+CX26+DB26+DF26+DJ26+DN26+DR26+DV26+DZ26+ED26+EH26+EL26+EP26+ET26+EX26 -> 294.4
A27: 618620 | B27: Formations (intitulé de la formation) | F27: 0 | J27: 0 | N27: 0 | R27: 0 | V27: 0 | Z27: 0 | AD27: 0 | AH27: 0 | AL27: 0 | AP27: 0 | AT27: 0 | AX27: 0 | BB27: 0 | BF27: 0 | BJ27: 0 | BN27: 0 | BR27: 0 | BV27: 0 | BZ27: 0 | CD27: 0 | CH27: 0 | CL27: 0 | CP27: 0 | CT27: 0 | CX27: 0 | DB27: 0 | DF27: 0 | DJ27: 0 | DN27: 0 | DR27: 0 | DV27: 0 | DZ27: 0 | ED27: 0 | EH27: 0 | EL27: 0 | EP27: 0 | ET27: 0 | EX27: 0 | EY27: =F27+J27+N27+R27+V27+Z27+AD27+AH27+AL27+AP27+AT27+AX27+BB27+BF27+BJ27+BN27+BR27+BV27+BZ27+CD27+CH27+CL27+CP27+CT27+CX27+DB27+DF27+DJ27+DN27+DR27+DV27+DZ27+ED27+EH27+EL27+EP27+ET27+EX27 -> 0
B28: JOURNEES D'ETUDES | F28: 0 | J28: 0 | N28: 0 | R28: 0 | V28: 0 | Z28: 0 | AD28: 0 | AH28: 0 | AL28: 0 | AP28: 0 | AT28: 0 | AX28: 0 | BB28: 0 | BF28: 0 | BJ28: 0 | BN28: 0 | BR28: 0 | BV28: 0 | BZ28: 0 | CD28: 0 | CH28: 0 | CL28: 0 | CP28: 0 | CT28: 0 | CX28: 0 | DB28: 0 | DF28: 0 | DJ28: 0 | DN28: 0 | DR28: 0 | DV28: 0 | DZ28: 0 | ED28: 0 | EH28: 0 | EL28: 0 | EP28: 0 | ET28: 0 | EX28: 0 | EY28: =F28+J28+N28+R28+V28+Z28+AD28+AH28+AL28+AP28+AT28+AX28+BB28+BF28+BJ28+BN28+BR28+BV28+BZ28+CD28+CH28+CL28+CP28+CT28+CX28+DB28+DF28+DJ28+DN28+DR28+DV28+DZ28+ED28+EH28+EL28+EP28+ET28+EX28 -> 0
A29: 618630 | B29: Journées d'études (intitulé de la journée d'étude) | F29: 0 | J29: 0 | N29: 0 | R29: 0 | V29: 0 | Z29: 0 | AD29: 0 | AH29: 0 | AL29: 0 | AP29: 0 | AT29: 0 | AX29: 0 | BB29: 0 | BF29: 0 | BJ29: 0 | BN29: 0 | BR29: 0 | BV29: 0 | BZ29: 0 | CD29: 0 | CH29: 0 | CL29: 0 | CP29: 0 | CT29: 0 | CX29: 0 | DB29: 0 | DF29: 0 | DJ29: 0 | DN29: 0 | DR29: 0 | DV29: 0 | DZ29: 0 | ED29: 0 | EH29: 0 | EL29: 0 | EP29: 0 | ET29: 0 | EX29: 0 | EY29: =F29+J29+N29+R29+V29+Z29+AD29+AH29+AL29+AP29+AT29+AX29+BB29+BF29+BJ29+BN29+BR29+BV29+BZ29+CD29+CH29+CL29+CP29+CT29+CX29+DB29+DF29+DJ29+DN29+DR29+DV29+DZ29+ED29+EH29+EL29+EP29+ET29+EX29 -> 0
A30: 618640 | B30: Journées d'études (intitulé de la journée d'étude) | F30: 0 | J30: 0 | N30: 0 | R30: 0 | V30: 0 | Z30: 0 | AD30: 0 | AH30: 0 | AL30: 0 | AP30: 0 | AT30: 0 | AX30: 0 | BB30: 0 | BF30: 0 | BJ30: 0 | BN30: 0 | BR30: 0 | BV30: 0 | BZ30: 0 | CD30: 0 | CH30: 0 | CL30: 0 | CP30: 0 | CT30: 0 | CX30: 0 | DB30: 0 | DF30: 0 | DJ30: 0 | DN30: 0 | DR30: 0 | DV30: 0 | DZ30: 0 | ED30: 0 | EH30: 0 | EL30: 0 | EP30: 0 | ET30: 0 | EX30: 0 | EY30: =F30+J30+N30+R30+V30+Z30+AD30+AH30+AL30+AP30+AT30+AX30+BB30+BF30+BJ30+BN30+BR30+BV30+BZ30+CD30+CH30+CL30+CP30+CT30+CX30+DB30+DF30+DJ30+DN30+DR30+DV30+DZ30+ED30+EH30+EL30+EP30+ET30+EX30 -> 0
A31: 623700 | B31: PUBLICATION | F31: 0 | J31: 0 | N31: 0 | R31: 0 | V31: 0 | Z31: 0 | AD31: 0 | AH31: 0 | AL31: 0 | AP31: 0 | AT31: 0 | AX31: 0 | BB31: 0 | BF31: 0 | BJ31: 0 | BN31: 0 | BR31: 0 | BV31: 0 | BZ31: 0 | CD31: 0 | CH31: 0 | CL31: 0 | CP31: 0 | CT31: 0 | CX31: 0 | DB31: 0 | DF31: 0 | DJ31: 0 | DN31: 0 | DR31: 0 | DV31: 0 | DZ31: 0 | ED31: 0 | EH31: 0 | EL31: 0 | EP31: 0 | ET31: 0 | EX31: 0 | EY31: =F31+J31+N31+R31+V31+Z31+AD31+AH31+AL31+AP31+AT31+AX31+BB31+BF31+BJ31+BN31+BR31+BV31+BZ31+CD31+CH31+CL31+CP31+CT31+CX31+DB31+DF31+DJ31+DN31+DR31+DV31+DZ31+ED31+EH31+EL31+EP31+ET31+EX31 -> 0
A32: 623800 | B32: SOLIDARITE/DONS | F32: 0 | J32: 0 | N32: 0 | R32: 0 | V32: 0 | Z32: 0 | AD32: 0 | AH32: 0 | AL32: 0 | AP32: 0 | AT32: 0 | AX32: 0 | BB32: 0 | BF32: 0 | BJ32: 0 | BN32: 0 | BR32: 0 | BV32: 0 | BZ32: 0 | CD32: 0 | CH32: 0 | CL32: 0 | CP32: 0 | CT32: 0 | CX32: 0 | DB32: 0 | DF32: 0 | DJ32: 0 | DN32: 0 | DR32: 0 | DV32: 0 | DZ32: 0 | ED32: 0 | EH32: 0 | EL32: 0 | EP32: 0 | ET32: 0 | EX32: 0 | EY32: =F32+J32+N32+R32+V32+Z32+AD32+AH32+AL32+AP32+AT32+AX32+BB32+BF32+BJ32+BN32+BR32+BV32+BZ32+CD32+CH32+CL32+CP32+CT32+CX32+DB32+DF32+DJ32+DN32+DR32+DV32+DZ32+ED32+EH32+EL32+EP32+ET32+EX32 -> 0
A33: 625100 | B33: FRAIS DE DEPLACEMENTS (repas, essence, train, avion, frais kilométriques, péage…) | F33: 0 | J33: 0 | N33: 0 | R33: 0 | V33: 0 | Z33: 0 | AD33: 0 | AH33: 0 | AL33: 0 | AP33: 0 | AT33: 0 | AX33: 0 | BB33: 0 | BF33: 0 | BJ33: 0 | BN33: 0 | BR33: 0 | BV33: 0 | BZ33: 0 | CD33: 0 | CH33: 0 | CL33: 0 | CP33: 0 | CT33: 0 | CX33: 0 | DB33: 0 | DF33: 0 | DJ33: 0 | DN33: 0 | DR33: 0 | DV33: 0 | DZ33: 0 | ED33: 0 | EH33: 0 | EL33: 0 | EP33: 0 | ET33: 0 | EX33: 0 | EY33: =F33+J33+N33+R33+V33+Z33+AD33+AH33+AL33+AP33+AT33+AX33+BB33+BF33+BJ33+BN33+BR33+BV33+BZ33+CD33+CH33+CL33+CP33+CT33+CX33+DB33+DF33+DJ33+DN33+DR33+DV33+DZ33+ED33+EH33+EL33+EP33+ET33+EX33 -> 0
A34: 625110 | B34: Réunion du bureau | F34: 0 | J34: 0 | N34: 0 | R34: 0 | V34: 0 | Z34: 0 | AD34: 0 | AH34: 0 | AL34: 0 | AP34: 0 | AT34: 0 | AX34: 0 | BB34: 0 | BF34: 0 | BJ34: 0 | BN34: 0 | BR34: 0 | BV34: 0 | BZ34: 0 | CD34: 0 | CH34: 0 | CL34: 0 | CP34: 0 | CT34: 0 | CX34: 0 | DB34: 0 | DF34: 0 | DJ34: 0 | DN34: 0 | DR34: 0 | DV34: 0 | DZ34: 0 | ED34: 0 | EH34: 0 | EL34: 0 | EP34: 0 | ET34: 0 | EX34: 0 | EY34: =F34+J34+N34+R34+V34+Z34+AD34+AH34+AL34+AP34+AT34+AX34+BB34+BF34+BJ34+BN34+BR34+BV34+BZ34+CD34+CH34+CL34+CP34+CT34+CX34+DB34+DF34+DJ34+DN34+DR34+DV34+DZ34+ED34+EH34+EL34+EP34+ET34+EX34 -> 0
A35: 625120 | B35: Réunion de la commission executive | F35: 0 | J35: 0 | N35: 0 | R35: 0 | V35: 0 | Z35: 0 | AD35: 0 | AH35: 0 | AL35: 0 | AP35: 0 | AT35: 0 | AX35: 0 | BB35: 0 | BF35: 0 | BJ35: 0 | BN35: 0 | BR35: 0 | BV35: 0 | BZ35: 0 | CD35: 0 | CH35: 0 | CL35: 0 | CP35: 0 | CT35: 0 | CX35: 0 | DB35: 0 | DF35: 0 | DJ35: 0 | DN35: 0 | DR35: 0 | DV35: 0 | DZ35: 0 | ED35: 0 | EH35: 0 | EL35: 0 | EP35: 0 | ET35: 0 | EX35: 0 | EY35: =F35+J35+N35+R35+V35+Z35+AD35+AH35+AL35+AP35+AT35+AX35+BB35+BF35+BJ35+BN35+BR35+BV35+BZ35+CD35+CH35+CL35+CP35+CT35+CX35+DB35+DF35+DJ35+DN35+DR35+DV35+DZ35+ED35+EH35+EL35+EP35+ET35+EX35 -> 0
A36: 625180 | B36: Collectif (intitulé) | F36: 0 | J36: 0 | N36: 0 | R36: 0 | V36: 0 | Z36: 0 | AD36: 0 | AH36: 0 | AL36: 0 | AP36: 0 | AT36: 0 | AX36: 0 | BB36: 0 | BF36: 0 | BJ36: 0 | BN36: 0 | BR36: 0 | BV36: 0 | BZ36: 0 | CD36: 0 | CH36: 0 | CL36: 0 | CP36: 0 | CT36: 0 | CX36: 0 | DB36: 0 | DF36: 0 | DJ36: 0 | DN36: 0 | DR36: 0 | DV36: 0 | DZ36: 0 | ED36: 0 | EH36: 0 | EL36: 0 | EP36: 0 | ET36: 0 | EX36: 0 | EY36: =F36+J36+N36+R36+V36+Z36+AD36+AH36+AL36+AP36+AT36+AX36+BB36+BF36+BJ36+BN36+BR36+BV36+BZ36+CD36+CH36+CL36+CP36+CT36+CX36+DB36+DF36+DJ36+DN36+DR36+DV36+DZ36+ED36+EH36+EL36+EP36+ET36+EX36 -> 0
A37: 625181 | B37: Collectif (intitulé) | F37: 0 | J37: 0 | N37: 0 | R37: 0 | V37: 0 | Z37: 0 | AD37: 0 | AH37: 0 | AL37: 0 | AP37: 0 | AT37: 0 | AX37: 0 | BB37: 0 | BF37: 0 | BJ37: 0 | BN37: 0 | BR37: 0 | BV37: 0 | BZ37: 0 | CD37: 0 | CH37: 0 | CL37: 0 | CP37: 0 | CT37: 0 | CX37: 0 | DB37: 0 | DF37: 0 | DJ37: 0 | DN37: 0 | DR37: 0 | DV37: 0 | DZ37: 0 | ED37: 0 | EH37: 0 | EL37: 0 | EP37: 0 | ET37: 0 | EX37: 0 | EY37: =F37+J37+N37+R37+V37+Z37+AD37+AH37+AL37+AP37+AT37+AX37+BB37+BF37+BJ37+BN37+BR37+BV37+BZ37+CD37+CH37+CL37+CP37+CT37+CX37+DB37+DF37+DJ37+DN37+DR37+DV37+DZ37+ED37+EH37+EL37+EP37+ET37+EX37 -> 0
A38: 625182 | B38: Collectif (intitulé) | F38: 0 | J38: 0 | N38: 0 | R38: 0 | V38: 0 | Z38: 0 | AD38: 0 | AH38: 0 | AL38: 0 | AP38: 0 | AT38: 0 | AX38: 0 | BB38: 0 | BF38: 0 | BJ38: 0 | BN38: 0 | BR38: 0 | BV38: 0 | BZ38: 0 | CD38: 0 | CH38: 0 | CL38: 0 | CP38: 0 | CT38: 0 | CX38: 0 | DB38: 0 | DF38: 0 | DJ38: 0 | DN38: 0 | DR38: 0 | DV38: 0 | DZ38: 0 | ED38: 0 | EH38: 0 | EL38: 0 | EP38: 0 | ET38: 0 | EX38: 0 | EY38: =F38+J38+N38+R38+V38+Z38+AD38+AH38+AL38+AP38+AT38+AX38+BB38+BF38+BJ38+BN38+BR38+BV38+BZ38+CD38+CH38+CL38+CP38+CT38+CX38+DB38+DF38+DJ38+DN38+DR38+DV38+DZ38+ED38+EH38+EL38+EP38+ET38+EX38 -> 0
A39: 625183 | B39: Collectif (intitulé) | F39: 0 | J39: 0 | N39: 0 | R39: 0 | V39: 0 | Z39: 0 | AD39: 0 | AH39: 0 | AL39: 0 | AP39: 0 | AT39: 0 | AX39: 0 | BB39: 0 | BF39: 0 | BJ39: 0 | BN39: 0 | BR39: 0 | BV39: 0 | BZ39: 0 | CD39: 0 | CH39: 0 | CL39: 0 | CP39: 0 | CT39: 0 | CX39: 0 | DB39: 0 | DF39: 0 | DJ39: 0 | DN39: 0 | DR39: 0 | DV39: 0 | DZ39: 0 | ED39: 0 | EH39: 0 | EL39: 0 | EP39: 0 | ET39: 0 | EX39: 0 | EY39: =F39+J39+N39+R39+V39+Z39+AD39+AH39+AL39+AP39+AT39+AX39+BB39+BF39+BJ39+BN39+BR39+BV39+BZ39+CD39+CH39+CL39+CP39+CT39+CX39+DB39+DF39+DJ39+DN39+DR39+DV39+DZ39+ED39+EH39+EL39+EP39+ET39+EX39 -> 0
A40: 625700 | B40: RECEPTION | F40: 0 | J40: 0 | N40: 0 | R40: 0 | V40: 0 | Z40: 0 | AD40: 0 | AH40: 0 | AL40: 0 | AP40: 0 | AT40: 0 | AX40: 0 | BB40: 0 | BF40: 0 | BJ40: 0 | BN40: 0 | BR40: 0 | BV40: 0 | BZ40: 0 | CD40: 0 | CH40: 0 | CL40: 0 | CP40: 0 | CT40: 0 | CX40: 0 | DB40: 0 | DF40: 0 | DJ40: 0 | DN40: 0 | DR40: 0 | DV40: 0 | DZ40: 0 | ED40: 0 | EH40: 0 | EL40: 0 | EP40: 0 | ET40: 0 | EX40: 0 | EY40: =F40+J40+N40+R40+V40+Z40+AD40+AH40+AL40+AP40+AT40+AX40+BB40+BF40+BJ40+BN40+BR40+BV40+BZ40+CD40+CH40+CL40+CP40+CT40+CX40+DB40+DF40+DJ40+DN40+DR40+DV40+DZ40+ED40+EH40+EL40+EP40+ET40+EX40 -> 0
... A42: 626200 | B42: AFFRANCHISSEMENT | F42: 0 | J42: 0 | N42: 0 | R42: 0 | V42: 0 | Z42: 0 | AD42: 0 | AH42: 0 | AL42: 0 | AP42: 0 | AT42: 0 | AX42: 0 | BB42: 0 | BF42: 0 | BJ42: 0 | BN42: 0 | BR42: 0 | BV42: 0 | BZ42: 0 | CD42: 0 | CH42: 0 | CL42: 0 | CP42: 0 | CT42: 0 | CX42: 0 | DB42: 0 | DF42: 0 | DJ42: 0 | DN42: 0 | DR42: 0 | DV42: 0 | DZ42: 0 | ED42: 0 | EH42: 0 | EL42: 0 | EP42: 0 | ET42: 0 | EX42: 0 | EY42: =F42+J42+N42+R42+V42+Z42+AD42+AH42+AL42+AP42+AT42+AX42+BB42+BF42+BJ42+BN42+BR42+BV42+BZ42+CD42+CH42+CL42+CP42+CT42+CX42+DB42+DF42+DJ42+DN42+DR42+DV42+DZ42+ED42+EH42+EL42+EP42+ET42+EX42 -> 0
A43: 627000 | B43: FRAIS BANCAIRES | C43: FRAIS 10/06/2016 | F43: 12 | J43: 0 | N43: 0 | R43: 0 | V43: 0 | Z43: 0 | AD43: 0 | AH43: 0 | AL43: 0 | AP43: 0 | AT43: 0 | AX43: 0 | BB43: 0 | BF43: 0 | BJ43: 0 | BN43: 0 | BR43: 0 | BV43: 0 | BZ43: 0 | CD43: 0 | CH43: 0 | CL43: 0 | CP43: 0 | CT43: 0 | CX43: 0 | DB43: 0 | DF43: 0 | DJ43: 0 | DN43: 0 | DR43: 0 | DV43: 0 | DZ43: 0 | ED43: 0 | EH43: 0 | EL43: 0 | EP43: 0 | ET43: 0 | EX43: 0 | EY43: =F43+J43+N43+R43+V43+Z43+AD43+AH43+AL43+AP43+AT43+AX43+BB43+BF43+BJ43+BN43+BR43+BV43+BZ43+CD43+CH43+CL43+CP43+CT43+CX43+DB43+DF43+DJ43+DN43+DR43+DV43+DZ43+ED43+EH43+EL43+EP43+ET43+EX43 -> 12
B44: INCONNU | F44: 0 | J44: 0 | N44: 0 | R44: 0 | V44: 0 | Z44: 0 | AD44: 0 | AH44: 0 | AL44: 0 | AP44: 0 | AT44: 0 | AX44: 0 | BB44: 0 | BF44: 0 | BJ44: 0 | BN44: 0 | BR44: 0 | BV44: 0 | BZ44: 0 | CD44: 0 | CH44: 0 | CL44: 0 | CP44: 0 | CT44: 0 | CX44: 0 | DB44: 0 | DF44: 0 | DJ44: 0 | DN44: 0 | DR44: 0 | DV44: 0 | DZ44: 0 | ED44: 0 | EH44: 0 | EL44: 0 | EP44: 0 | ET44: 0 | EX44: 0 | EY44: =F44+J44+N44+R44+V44+Z44+AD44+AH44+AL44+AP44+AT44+AX44+BB44+BF44+BJ44+BN44+BR44+BV44+BZ44+CD44+CH44+CL44+CP44+CT44+CX44+DB44+DF44+DJ44+DN44+DR44+DV44+DZ44+ED44+EH44+EL44+EP44+ET44+EX44 -> 0
A45: COMPTES D'IMMOBILISATION | F45: 0 | J45: 0 | N45: 0 | R45: 0 | V45: 0 | Z45: 0 | AD45: 0 | AH45: 0 | AL45: 0 | AP45: 0 | AT45: 0 | AX45: 0 | BB45: 0 | BF45: 0 | BJ45: 0 | BN45: 0 | BR45: 0 | BV45: 0 | BZ45: 0 | CD45: 0 | CH45: 0 | CL45: 0 | CP45: 0 | CT45: 0 | CX45: 0 | DB45: 0 | DF45: 0 | DJ45: 0 | DN45: 0 | DR45: 0 | DV45: 0 | DZ45: 0 | ED45: 0 | EH45: 0 | EL45: 0 | EP45: 0 | ET45: 0 | EX45: 0 | EY45: =F45+J45+N45+R45+V45+Z45+AD45+AH45+AL45+AP45+AT45+AX45+BB45+BF45+BJ45+BN45+BR45+BV45+BZ45+CD45+CH45+CL45+CP45+CT45+CX45+DB45+DF45+DJ45+DN45+DR45+DV45+DZ45+ED45+EH45+EL45+EP45+ET45+EX45 -> 0
A46: 218300 | B46: MATERIEL DE BUREAU ET INFORMATIQUE (≥ 500€ unitaire) | F46: 0 | J46: 0 | N46: 0 | R46: 0 | V46: 0 | Z46: 0 | AD46: 0 | AH46: 0 | AL46: 0 | AP46: 0 | AT46: 0 | AX46: 0 | BB46: 0 | BF46: 0 | BJ46: 0 | BN46: 0 | BR46: 0 | BV46: 0 | BZ46: 0 | CD46: 0 | CH46: 0 | CL46: 0 | CP46: 0 | CT46: 0 | CX46: 0 | DB46: 0 | DF46: 0 | DJ46: 0 | DN46: 0 | DR46: 0 | DV46: 0 | DZ46: 0 | ED46: 0 | EH46: 0 | EL46: 0 | EP46: 0 | ET46: 0 | EX46: 0 | EY46: =F46+J46+N46+R46+V46+Z46+AD46+AH46+AL46+AP46+AT46+AX46+BB46+BF46+BJ46+BN46+BR46+BV46+BZ46+CD46+CH46+CL46+CP46+CT46+CX46+DB46+DF46+DJ46+DN46+DR46+DV46+DZ46+ED46+EH46+EL46+EP46+ET46+EX46 -> 0
A47: RECAP MENSUEL | EX47: T-Dépenses | EY47: =SUM(EY16:EY46) -> 306.4
A48: Solde bancaire au 30-06-2016 | B48: Total recettes | D48: =EY12 -> 0
B49: Total dépenses | C49: =EY47 -> 306.4
B50: solde | C50: =C2+D48-C49 -> 84.49
A52: INFO INCONNU

Sheet Juillet
E1: MOIS DE DECEMBRE 2012
A2: Solde bancaire au 30-06-2016 | C2: =Juin!C50 -> 84.49
A4: RECETTES | EY4: TOTAUX
A5: COMPTES | B5: LIBELLES DES COMPTES | C5: LIBELLES RECETTES | F5: MONTANTS | G5: LIBELLES RECETTES | J5: MONTANTS | K5: LIBELLES RECETTES | N5: MONTANTS | O5: LIBELLES RECETTES | R5: MONTANTS | S5: LIBELLES RECETTES | V5: MONTANTS | W5: LIBELLES RECETTES | Z5: MONTANTS | AA5: LIBELLES RECETTES | AD5: MONTANTS | AE5: LIBELLES RECETTES | AH5: MONTANTS | AI5: LIBELLES RECETTES | AL5: MONTANTS | AM5: LIBELLES RECETTES | AP5: MONTANTS | AQ5: LIBELLES RECETTES | AT5: MONTANTS | AU5: LIBELLES RECETTES | AX5: MONTANTS | AY5: LIBELLES RECETTES | BB5: MONTANTS | BC5: LIBELLES RECETTES | BF5: MONTANTS | BG5: LIBELLES RECETTES | BJ5: MONTANTS | BK5: LIBELLES RECETTES | BN5: MONTANTS | BO5: LIBELLES RECETTES | BR5: MONTANTS | BS5: LIBELLES RECETTES | BV5: MONTANTS | BW5: LIBELLES RECETTES | BZ5: MONTANTS | CA5: LIBELLES RECETTES | CD5: MONTANTS | CE5: LIBELLES RECETTES | CH5: MONTANTS | CI5: LIBELLES RECETTES | CL5: MONTANTS | CM5: LIBELLES RECETTES | CP5: MONTANTS | CQ5: LIBELLES RECETTES | CT5: MONTANTS | CU5: LIBELLES RECETTES | CX5: MONTANTS | CY5: LIBELLES RECETTES | DB5: MONTANTS | DC5: LIBELLES RECETTES | DF5: MONTANTS | DG5: LIBELLES RECETTES | DJ5: MONTANTS | DK5: LIBELLES RECETTES | DN5: MONTANTS | DO5: LIBELLES RECETTES | DR5: MONTANTS | DS5: LIBELLES RECETTES | DV5: MONTANTS | DW5: LIBELLES RECETTES | DZ5: MONTANTS | EA5: LIBELLES RECETTES | ED5: MONTANTS | EE5: LIBELLES RECETTES | EH5: MONTANTS | EI5: LIBELLES RECETTES | EL5: MONTANTS | EM5: LIBELLES RECETTES | EP5: MONTANTS | EQ5: LIBELLES RECETTES | ET5: MONTANTS | EU5: LIBELLES RECETTES | EX5: MONTANTS
A6: 707100 | B6: VENTE DE MATERIEL SYNDICAL | F6: 0 | J6: 0 | N6: 0 | R6: 0 | V6: 0 | Z6: 0 | AD6: 0 | AH6: 0 | AL6: 0 | AP6: 0 | AT6: 0 | AX6: 0 | BB6: 0 | BF6: 0 | BJ6: 0 | BN6: 0 | BR6: 0 | BV6: 0 | BZ6: 0 | CD6: 0 | CH6: 0 | CL6: 0 | CP6: 0 | CT6: 0 | CX6: 0 | DB6: 0 | DF6: 0 | DJ6: 0 | DN6: 0 | DR6: 0 | DV6: 0 | DZ6: 0 | ED6: 0 | EH6: 0 | EL6: 0 | EP6: 0 | ET6: 0 | EX6: 0 | EY6: =F6+J6+N6+R6+V6+Z6+AD6+AH6+AL6+AP6+AT6+AX6+BB6+BF6+BJ6+BN6+BR6+BV6+BZ6+CD6+CH6+CL6+CP6+CT6+CX6+DB6+DF6+DJ6+DN6+DR6+DV6+DZ6+ED6+EH6+EL6+EP6+ET6+EX6 -> 0
A7: 741100 | B7: SUBVENTION PUBLIQUE | F7: 0 | J7: 0 | N7: 0 | R7: 0 | V7: 0 | Z7: 0 | AD7: 0 | AH7: 0 | AL7: 0 | AP7: 0 | AT7: 0 | AX7: 0 | BB7: 0 | BF7: 0 | BJ7: 0 | BN7: 0 | BR7: 0 | BV7: 0 | BZ7: 0 | CD7: 0 | CH7: 0 | CL7: 0 | CP7: 0 | CT7: 0 | CX7: 0 | DB7: 0 | DF7: 0 | DJ7: 0 | DN7: 0 | DR7: 0 | DV7: 0 | DZ7: 0 | ED7: 0 | EH7: 0 | EL7: 0 | EP7: 0 | ET7: 0 | EX7: 0 | EY7: =F7+J7+N7+R7+V7+Z7+AD7+AH7+AL7+AP7+AT7+AX7+BB7+BF7+BJ7+BN7+BR7+BV7+BZ7+CD7+CH7+CL7+CP7+CT7+CX7+DB7+DF7+DJ7+DN7+DR7+DV7+DZ7+ED7+EH7+EL7+EP7+ET7+EX7 -> 0
A8: 754000 | B8: COLLECTES DONS SOUSCRIPTIONS | F8: 0 | J8: 0 | N8: 0 | R8: 0 | V8: 0 | Z8: 0 | AD8: 0 | AH8: 0 | AL8: 0 | AP8: 0 | AT8: 0 | AX8: 0 | BB8: 0 | BF8: 0 | BJ8: 0 | BN8: 0 | BR8: 0 | BV8: 0 | BZ8: 0 | CD8: 0 | CH8: 0 | CL8: 0 | CP8: 0 | CT8: 0 | CX8: 0 | DB8: 0 | DF8: 0 | DJ8: 0 | DN8: 0 | DR8: 0 | DV8: 0 | DZ8: 0 | ED8: 0 | EH8: 0 | EL8: 0 | EP8: 0 | ET8: 0 | EX8: 0 | EY8: =F8+J8+N8+R8+V8+Z8+AD8+AH8+AL8+AP8+AT8+AX8+BB8+BF8+BJ8+BN8+BR8+BV8+BZ8+CD8+CH8+CL8+CP8+CT8+CX8+DB8+DF8+DJ8+DN8+DR8+DV8+DZ8+ED8+EH8+EL8+EP8+ET8+EX8 -> 0
A9: 756100 | B9: COTISATION | F9: 0 | J9: 0 | N9: 0 | R9: 0 | V9: 0 | Z9: 0 | AD9: 0 | AH9: 0 | AL9: 0 | AP9: 0 | AT9: 0 | AX9: 0 | BB9: 0 | BF9: 0 | BJ9: 0 | BN9: 0 | BR9: 0 | BV9: 0 | BZ9: 0 | CD9: 0 | CH9: 0 | CL9: 0 | CP9: 0 | CT9: 0 | CX9: 0 | DB9: 0 | DF9: 0 | DJ9: 0 | DN9: 0 | DR9: 0 | DV9: 0 | DZ9: 0 | ED9: 0 | EH9: 0 | EL9: 0 | EP9: 0 | ET9: 0 | EX9: 0 | EY9: =F9+J9+N9+R9+V9+Z9+AD9+AH9+AL9+AP9+AT9+AX9+BB9+BF9+BJ9+BN9+BR9+BV9+BZ9+CD9+CH9+CL9+CP9+CT9+CX9+DB9+DF9+DJ9+DN9+DR9+DV9+DZ9+ED9+EH9+EL9+EP9+ET9+EX9 -> 0
A10: 791100 | B10: REMBOURSEMENT FRAIS DPLCT (FEDE) | C10: RBT FEDE 1307/2016 | F10: 47 | J10: 0 | N10: 0 | R10: 0 | V10: 0 | Z10: 0 | AD10: 0 | AH10: 0 | AL10: 0 | AP10: 0 | AT10: 0 | AX10: 0 | BB10: 0 | BF10: 0 | BJ10: 0 | BN10: 0 | BR10: 0 | BV10: 0 | BZ10: 0 | CD10: 0 | CH10: 0 | CL10: 0 | CP10: 0 | CT10: 0 | CX10: 0 | DB10: 0 | DF10: 0 | DJ10: 0 | DN10: 0 | DR10: 0 | DV10: 0 | DZ10: 0 | ED10: 0 | EH10: 0 | EL10: 0 | EP10: 0 | ET10: 0 | EX10: 0 | EY10: =F10+J10+N10+R10+V10+Z10+AD10+AH10+AL10+AP10+AT10+AX10+BB10+BF10+BJ10+BN10+BR10+BV10+BZ10+CD10+CH10+CL10+CP10+CT10+CX10+DB10+DF10+DJ10+DN10+DR10+DV10+DZ10+ED10+EH10+EL10+EP10+ET10+EX10 -> 47
B11: INCONNU | F11: 0 | J11: 0 | N11: 0 | R11: 0 | V11: 0 | Z11: 0 | AD11: 0 | AH11: 0 | AL11: 0 | AP11: 0 | AT11: 0 | AX11: 0 | BB11: 0 | BF11: 0 | BJ11: 0 | BN11: 0 | BR11: 0 | BV11: 0 | BZ11: 0 | CD11: 0 | CH11: 0 | CL11: 0 | CP11: 0 | CT11: 0 | CX11: 0 | DB11: 0 | DF11: 0 | DJ11: 0 | DN11: 0 | DR11: 0 | DV11: 0 | DZ11: 0 | ED11: 0 | EH11: 0 | EL11: 0 | EP11: 0 | ET11: 0 | EX11: 0 | EY11: =F11+J11+N11+R11+V11+Z11+AD11+AH11+AL11+AP11+AT11+AX11+BB11+BF11+BJ11+BN11+BR11+BV11+BZ11+CD11+CH11+CL11+CP11+CT11+CX11+DB11+DF11+DJ11+DN11+DR11+DV11+DZ11+ED11+EH11+EL11+EP11+ET11+EX11 -> 0
EX12: T-Recettes | EY12: =SUM(EY6:EY11) -> 47
A13: DEPENSES
A14: COMPTES | B14: LIBELLES DES COMPTES | C14: LIBELLES DEPENSES | F14: MONTANTS | G14: LIBELLES DEPENSES | J14: MONTANTS | K14: LIBELLES DEPENSES | N14: MONTANTS | O14: LIBELLES DEPENSES | R14: MONTANTS | S14: LIBELLES DEPENSES | V14: MONTANTS | W14: LIBELLES DEPENSES | Z14: MONTANTS | AA14: LIBELLES DEPENSES | AD14: MONTANTS | AE14: LIBELLES DEPENSES | AH14: MONTANTS | AI14: LIBELLES DEPENSES | AL14: MONTANTS | AM14: LIBELLES DEPENSES | AP14: MONTANTS | AQ14: LIBELLES DEPENSES | AT14: MONTANTS | AU14: LIBELLES DEPENSES | AX14: MONTANTS | AY14: LIBELLES DEPENSES | BB14: MONTANTS | BC14: LIBELLES DEPENSES | BF14: MONTANTS | BG14: LIBELLES DEPENSES | BJ14: MONTANTS | BK14: LIBELLES DEPENSES | BN14: MONTANTS | BO14: LIBELLES DEPENSES | BR14: MONTANTS | BS14: LIBELLES DEPENSES | BV14: MONTANTS | BW14: LIBELLES DEPENSES | BZ14: MONTANTS | CA14: LIBELLES DEPENSES | CD14: MONTANTS | CE14: LIBELLES DEPENSES | CH14: MONTANTS | CI14: LIBELLES DEPENSES | CL14: MONTANTS | CM14: LIBELLES DEPENSES | CP14: MONTANTS | CQ14: LIBELLES DEPENSES | CT14: MONTANTS | CU14: LIBELLES DEPENSES | CX14: MONTANTS | CY14: LIBELLES DEPENSES | DB14: MONTANTS | DC14: LIBELLES DEPENSES | DF14: MONTANTS | DG14: LIBELLES DEPENSES | DJ14: MONTANTS | DK14: LIBELLES DEPENSES | DN14: MONTANTS | DO14: LIBELLES DEPENSES | DR14: MONTANTS | DS14: LIBELLES DEPENSES | DV14: MONTANTS | DW14: LIBELLES DEPENSES | DZ14: MONTANTS | EA14: LIBELLES DEPENSES | ED14: MONTANTS | EE14: LIBELLES DEPENSES | EH14: MONTANTS | EI14: LIBELLES DEPENSES | EL14: MONTANTS | EM14: LIBELLES DEPENSES | EP14: MONTANTS | EQ14: LIBELLES DEPENSES | ET14: MONTANTS | EU14: LIBELLES DEPENSES | EX14: MONTANTS
B15: COGETISE | F15: 0 | J15: 0 | N15: 0 | R15: 0 | V15: 0 | Z15: 0 | AD15: 0 | AH15: 0 | AL15: 0 | AP15: 0 | AT15: 0 | AX15: 0 | BB15: 0 | BF15: 0 | BJ15: 0 | BN15: 0 | BR15: 0 | BV15: 0 | BZ15: 0 | CD15: 0 | CH15: 0 | CL15: 0 | CP15: 0 | CT15: 0 | CX15: 0 | DB15: 0 | DF15: 0 | DJ15: 0 | DN15: 0 | DR15: 0 | DV15: 0 | DZ15: 0 | ED15: 0 | EH15: 0 | EL15: 0 | EP15: 0 | ET15: 0 | EX15: 0 | EY15: =F15+J15+N15+R15+V15+Z15+AD15+AH15+AL15+AP15+AT15+AX15+BB15+BF15+BJ15+BN15+BR15+BV15+BZ15+CD15+CH15+CL15+CP15+CT15+CX15+DB15+DF15+DJ15+DN15+DR15+DV15+DZ15+ED15+EH15+EL15+EP15+ET15+EX15 -> 0
A16: 606100 | B16: FOURNITURES ADMINISTRATIVES | F16: 0 | J16: 0 | N16: 0 | R16: 0 | V16: 0 | Z16: 0 | AD16: 0 | AH16: 0 | AL16: 0 | AP16: 0 | AT16: 0 | AX16: 0 | BB16: 0 | BF16: 0 | BJ16: 0 | BN16: 0 | BR16: 0 | BV16: 0 | BZ16: 0 | CD16: 0 | CH16: 0 | CL16: 0 | CP16: 0 | CT16: 0 | CX16: 0 | DB16: 0 | DF16: 0 | DJ16: 0 | DN16: 0 | DR16: 0 | DV16: 0 | DZ16: 0 | ED16: 0 | EH16: 0 | EL16: 0 | EP16: 0 | ET16: 0 | EX16: 0 | EY16: =F16+J16+N16+R16+V16+Z16+AD16+AH16+AL16+AP16+AT16+AX16+BB16+BF16+BJ16+BN16+BR16+BV16+BZ16+CD16+CH16+CL16+CP16+CT16+CX16+DB16+DF16+DJ16+DN16+DR16+DV16+DZ16+ED16+EH16+EL16+EP16+ET16+EX16 -> 0
A17: 606200 | B17: FRAIS D'IMPRESSION/PHOTOCOPIES | F17: 0 | J17: 0 | N17: 0 | R17: 0 | V17: 0 | Z17: 0 | AD17: 0 | AH17: 0 | AL17: 0 | AP17: 0 | AT17: 0 | AX17: 0 | BB17: 0 | BF17: 0 | BJ17: 0 | BN17: 0 | BR17: 0 | BV17: 0 | BZ17: 0 | CD17: 0 | CH17: 0 | CL17: 0 | CP17: 0 | CT17: 0 | CX17: 0 | DB17: 0 | DF17: 0 | DJ17: 0 | DN17: 0 | DR17: 0 | DV17: 0 | DZ17: 0 | ED17: 0 | EH17: 0 | EL17: 0 | EP17: 0 | ET17: 0 | EX17: 0 | EY17: =F17+J17+N17+R17+V17+Z17+AD17+AH17+AL17+AP17+AT17+AX17+BB17+BF17+BJ17+BN17+BR17+BV17+BZ17+CD17+CH17+CL17+CP17+CT17+CX17+DB17+DF17+DJ17+DN17+DR17+DV17+DZ17+ED17+EH17+EL17+EP17+ET17+EX17 -> 0
A18: 606300 | B18: FOURNITURES PETITS EQUIPEMENTS (≤ 500€ unitaire) | F18: 0 | J18: 0 | N18: 0 | R18: 0 | V18: 0 | Z18: 0 | AD18: 0 | AH18: 0 | AL18: 0 | AP18: 0 | AT18: 0 | AX18: 0 | BB18: 0 | BF18: 0 | BJ18: 0 | BN18: 0 | BR18: 0 | BV18: 0 | BZ18: 0 | CD18: 0 | CH18: 0 | CL18: 0 | CP18: 0 | CT18: 0 | CX18: 0 | DB18: 0 | DF18: 0 | DJ18: 0 | DN18: 0 | DR18: 0 | DV18: 0 | DZ18: 0 | ED18: 0 | EH18: 0 | EL18: 0 | EP18: 0 | ET18: 0 | EX18: 0 | EY18: =F18+J18+N18+R18+V18+Z18+AD18+AH18+AL18+AP18+AT18+AX18+BB18+BF18+BJ18+BN18+BR18+BV18+BZ18+CD18+CH18+CL18+CP18+CT18+CX18+DB18+DF18+DJ18+DN18+DR18+DV18+DZ18+ED18+EH18+EL18+EP18+ET18+EX18 -> 0
A19: 606800 | B19: ACHAT DIVERS | F19: 0 | J19: 0 | N19: 0 | R19: 0 | V19: 0 | Z19: 0 | AD19: 0 | AH19: 0 | AL19: 0 | AP19: 0 | AT19: 0 | AX19: 0 | BB19: 0 | BF19: 0 | BJ19: 0 | BN19: 0 | BR19: 0 | BV19: 0 | BZ19: 0 | CD19: 0 | CH19: 0 | CL19: 0 | CP19: 0 | CT19: 0 | CX19: 0 | DB19: 0 | DF19: 0 | DJ19: 0 | DN19: 0 | DR19: 0 | DV19: 0 | DZ19: 0 | ED19: 0 | EH19: 0 | EL19: 0 | EP19: 0 | ET19: 0 | EX19: 0 | EY19: =F19+J19+N19+R19+V19+Z19+AD19+AH19+AL19+AP19+AT19+AX19+BB19+BF19+BJ19+BN19+BR19+BV19+BZ19+CD19+CH19+CL19+CP19+CT19+CX19+DB19+DF19+DJ19+DN19+DR19+DV19+DZ19+ED19+EH19+EL19+EP19+ET19+EX19 -> 0
A20: 607100 | B20: MATERIEL SYNDICAL | F20: 0 | J20: 0 | N20: 0 | R20: 0 | V20: 0 | Z20: 0 | AD20: 0 | AH20: 0 | AL20: 0 | AP20: 0 | AT20: 0 | AX20: 0 | BB20: 0 | BF20: 0 | BJ20: 0 | BN20: 0 | BR20: 0 | BV20: 0 | BZ20: 0 | CD20: 0 | CH20: 0 | CL20: 0 | CP20: 0 | CT20: 0 | CX20: 0 | DB20: 0 | DF20: 0 | DJ20: 0 | DN20: 0 | DR20: 0 | DV20: 0 | DZ20: 0 | ED20: 0 | EH20: 0 | EL20: 0 | EP20: 0 | ET20: 0 | EX20: 0 | EY20: =F20+J20+N20+R20+V20+Z20+AD20+AH20+AL20+AP20+AT20+AX20+BB20+BF20+BJ20+BN20+BR20+BV20+BZ20+CD20+CH20+CL20+CP20+CT20+CX20+DB20+DF20+DJ20+DN20+DR20+DV20+DZ20+ED20+EH20+EL20+EP20+ET20+EX20 -> 0
A21: 613000 | B21: LOCATION (salles, machines…) | F21: 0 | J21: 0 | N21: 0 | R21: 0 | V21: 0 | Z21: 0 | AD21: 0 | AH21: 0 | AL21: 0 | AP21: 0 | AT21: 0 | AX21: 0 | BB21: 0 | BF21: 0 | BJ21: 0 | BN21: 0 | BR21: 0 | BV21: 0 | BZ21: 0 | CD21: 0 | CH21: 0 | CL21: 0 | CP21: 0 | CT21: 0 | CX21: 0 | DB21: 0 | DF21: 0 | DJ21: 0 | DN21: 0 | DR21: 0 | DV21: 0 | DZ21: 0 | ED21: 0 | EH21: 0 | EL21: 0 | EP21: 0 | ET21: 0 | EX21: 0 | EY21: =F21+J21+N21+R21+V21+Z21+AD21+AH21+AL21+AP21+AT21+AX21+BB21+BF21+BJ21+BN21+BR21+BV21+BZ21+CD21+CH21+CL21+CP21+CT21+CX21+DB21+DF21+DJ21+DN21+DR21+DV21+DZ21+ED21+EH21+EL21+EP21+ET21+EX21 -> 0
A22: 615000 | B22: MAINTENANCE/ENTRETIEN | F22: 0 | J22: 0 | N22: 0 | R22: 0 | V22: 0 | Z22: 0 | AD22: 0 | AH22: 0 | AL22: 0 | AP22: 0 | AT22: 0 | AX22: 0 | BB22: 0 | BF22: 0 | BJ22: 0 | BN22: 0 | BR22: 0 | BV22: 0 | BZ22: 0 | CD22: 0 | CH22: 0 | CL22: 0 | CP22: 0 | CT22: 0 | CX22: 0 | DB22: 0 | DF22: 0 | DJ22: 0 | DN22: 0 | DR22: 0 | DV22: 0 | DZ22: 0 | ED22: 0 | EH22: 0 | EL22: 0 | EP22: 0 | ET22: 0 | EX22: 0 | EY22: =F22+J22+N22+R22+V22+Z22+AD22+AH22+AL22+AP22+AT22+AX22+BB22+BF22+BJ22+BN22+BR22+BV22+BZ22+CD22+CH22+CL22+CP22+CT22+CX22+DB22+DF22+DJ22+DN22+DR22+DV22+DZ22+ED22+EH22+EL22+EP22+ET22+EX22 -> 0
A23: 616000 | B23: ASSURANCES | F23: 0 | J23: 0 | N23: 0 | R23: 0 | V23: 0 | Z23: 0 | AD23: 0 | AH23: 0 | AL23: 0 | AP23: 0 | AT23: 0 | AX23: 0 | BB23: 0 | BF23: 0 | BJ23: 0 | BN23: 0 | BR23: 0 | BV23: 0 | BZ23: 0 | CD23: 0 | CH23: 0 | CL23: 0 | CP23: 0 | CT23: 0 | CX23: 0 | DB23: 0 | DF23: 0 | DJ23: 0 | DN23: 0 | DR23: 0 | DV23: 0 | DZ23: 0 | ED23: 0 | EH23: 0 | EL23: 0 | EP23: 0 | ET23: 0 | EX23: 0 | EY23: =F23+J23+N23+R23+V23+Z23+AD23+AH23+AL23+AP23+AT23+AX23+BB23+BF23+BJ23+BN23+BR23+BV23+BZ23+CD23+CH23+CL23+CP23+CT23+CX23+DB23+DF23+DJ23+DN23+DR23+DV23+DZ23+ED23+EH23+EL23+EP23+ET23+EX23 -> 0
A24: 618100 | B24: DOCUMENTATION/ABONNEMENTS | F24: 0 | J24: 0 | N24: 0 | R24: 0 | V24: 0 | Z24: 0 | AD24: 0 | AH24: 0 | AL24: 0 | AP24: 0 | AT24: 0 | AX24: 0 | BB24: 0 | BF24: 0 | BJ24: 0 | BN24: 0 | BR24: 0 | BV24: 0 | BZ24: 0 | CD24: 0 | CH24: 0 | CL24: 0 | CP24: 0 | CT24: 0 | CX24: 0 | DB24: 0 | DF24: 0 | DJ24: 0 | DN24: 0 | DR24: 0 | DV24: 0 | DZ24: 0 | ED24: 0 | EH24: 0 | EL24: 0 | EP24: 0 | ET24: 0 | EX24: 0 | EY24: =F24+J24+N24+R24+V24+Z24+AD24+AH24+AL24+AP24+AT24+AX24+BB24+BF24+BJ24+BN24+BR24+BV24+BZ24+CD24+CH24+CL24+CP24+CT24+CX24+DB24+DF24+DJ24+DN24+DR24+DV24+DZ24+ED24+EH24+EL24+EP24+ET24+EX24 -> 0
A25: 618600 | B25: FORMATIONS | F25: 0 | J25: 0 | N25: 0 | R25: 0 | V25: 0 | Z25: 0 | AD25: 0 | AH25: 0 | AL25: 0 | AP25: 0 | AT25: 0 | AX25: 0 | BB25: 0 | BF25: 0 | BJ25: 0 | BN25: 0 | BR25: 0 | BV25: 0 | BZ25: 0 | CD25: 0 | CH25: 0 | CL25: 0 | CP25: 0 | CT25: 0 | CX25: 0 | DB25: 0 | DF25: 0 | DJ25: 0 | DN25: 0 | DR25: 0 | DV25: 0 | DZ25: 0 | ED25: 0 | EH25: 0 | EL25: 0 | EP25: 0 | ET25: 0 | EX25: 0 | EY25: =F25+J25+N25+R25+V25+Z25+AD25+AH25+AL25+AP25+AT25+AX25+BB25+BF25+BJ25+BN25+BR25+BV25+BZ25+CD25+CH25+CL25+CP25+CT25+CX25+DB25+DF25+DJ25+DN25+DR25+DV25+DZ25+ED25+EH25+EL25+EP25+ET25+EX25 -> 0
A26: 618610 | B26: Formations (intitulé de la formation) | F26: 0 | J26: 0 | N26: 0 | R26: 0 | V26: 0 | Z26: 0 | AD26: 0 | AH26: 0 | AL26: 0 | AP26: 0 | AT26: 0 | AX26: 0 | BB26: 0 | BF26: 0 | BJ26: 0 | BN26: 0 | BR26: 0 | BV26: 0 | BZ26: 0 | CD26: 0 | CH26: 0 | CL26: 0 | CP26: 0 | CT26: 0 | CX26: 0 | DB26: 0 | DF26: 0 | DJ26: 0 | DN26: 0 | DR26: 0 | DV26: 0 | DZ26: 0 | ED26: 0 | EH26: 0 | EL26: 0 | EP26: 0 | ET26: 0 | EX26: 0 | EY26: =F26+J26+N26+R26+V26+Z26+AD26+AH26+AL26+AP26+AT26+AX26+BB26+BF26+BJ26+BN26+BR26+BV26+BZ26+CD26+CH26+CL26+CP26+CT26+CX26+DB26+DF26+DJ26+DN26+DR26+DV26+DZ26+ED26+EH26+EL26+EP26+ET26+EX26 -> 0
A27: 618620 | B27: Formations (intitulé de la formation) | F27: 0 | J27: 0 | N27: 0 | R27: 0 | V27: 0 | Z27: 0 | AD27: 0 | AH27: 0 | AL27: 0 | AP27: 0 | AT27: 0 | AX27: 0 | BB27: 0 | BF27: 0 | BJ27: 0 | BN27: 0 | BR27: 0 | BV27: 0 | BZ27: 0 | CD27: 0 | CH27: 0 | CL27: 0 | CP27: 0 | CT27: 0 | CX27: 0 | DB27: 0 | DF27: 0 | DJ27: 0 | DN27: 0 | DR27: 0 | DV27: 0 | DZ27: 0 | ED27: 0 | EH27: 0 | EL27: 0 | EP27: 0 | ET27: 0 | EX27: 0 | EY27: =F27+J27+N27+R27+V27+Z27+AD27+AH27+AL27+AP27+AT27+AX27+BB27+BF27+BJ27+BN27+BR27+BV27+BZ27+CD27+CH27+CL27+CP27+CT27+CX27+DB27+DF27+DJ27+DN27+DR27+DV27+DZ27+ED27+EH27+EL27+EP27+ET27+EX27 -> 0
B28: JOURNEES D'ETUDES | F28: 0 | J28: 0 | N28: 0 | R28: 0 | V28: 0 | Z28: 0 | AD28: 0 | AH28: 0 | AL28: 0 | AP28: 0 | AT28: 0 | AX28: 0 | BB28: 0 | BF28: 0 | BJ28: 0 | BN28: 0 | BR28: 0 | BV28: 0 | BZ28: 0 | CD28: 0 | CH28: 0 | CL28: 0 | CP28: 0 | CT28: 0 | CX28: 0 | DB28: 0 | DF28: 0 | DJ28: 0 | DN28: 0 | DR28: 0 | DV28: 0 | DZ28: 0 | ED28: 0 | EH28: 0 | EL28: 0 | EP28: 0 | ET28: 0 | EX28: 0 | EY28: =F28+J28+N28+R28+V28+Z28+AD28+AH28+AL28+AP28+AT28+AX28+BB28+BF28+BJ28+BN28+BR28+BV28+BZ28+CD28+CH28+CL28+CP28+CT28+CX28+DB28+DF28+DJ28+DN28+DR28+DV28+DZ28+ED28+EH28+EL28+EP28+ET28+EX28 -> 0
A29: 618630 | B29: Journées d'études (intitulé de la journée d'étude) | F29: 0 | J29: 0 | N29: 0 | R29: 0 | V29: 0 | Z29: 0 | AD29: 0 | AH29: 0 | AL29: 0 | AP29: 0 | AT29: 0 | AX29: 0 | BB29: 0 | BF29: 0 | BJ29: 0 | BN29: 0 | BR29: 0 | BV29: 0 | BZ29: 0 | CD29: 0 | CH29: 0 | CL29: 0 | CP29: 0 | CT29: 0 | CX29: 0 | DB29: 0 | DF29: 0 | DJ29: 0 | DN29: 0 | DR29: 0 | DV29: 0 | DZ29: 0 | ED29: 0 | EH29: 0 | EL29: 0 | EP29: 0 | ET29: 0 | EX29: 0 | EY29: =F29+J29+N29+R29+V29+Z29+AD29+AH29+AL29+AP29+AT29+AX29+BB29+BF29+BJ29+BN29+BR29+BV29+BZ29+CD29+CH29+CL29+CP29+CT29+CX29+DB29+DF29+DJ29+DN29+DR29+DV29+DZ29+ED29+EH29+EL29+EP29+ET29+EX29 -> 0
A30: 618640 | B30: Journées d'études (intitulé de la journée d'étude) | F30: 0 | J30: 0 | N30: 0 | R30: 0 | V30: 0 | Z30: 0 | AD30: 0 | AH30: 0 | AL30: 0 | AP30: 0 | AT30: 0 | AX30: 0 | BB30: 0 | BF30: 0 | BJ30: 0 | BN30: 0 | BR30: 0 | BV30: 0 | BZ30: 0 | CD30: 0 | CH30: 0 | CL30: 0 | CP30: 0 | CT30: 0 | CX30: 0 | DB30: 0 | DF30: 0 | DJ30: 0 | DN30: 0 | DR30: 0 | DV30: 0 | DZ30: 0 | ED30: 0 | EH30: 0 | EL30: 0 | EP30: 0 | ET30: 0 | EX30: 0 | EY30: =F30+J30+N30+R30+V30+Z30+AD30+AH30+AL30+AP30+AT30+AX30+BB30+BF30+BJ30+BN30+BR30+BV30+BZ30+CD30+CH30+CL30+CP30+CT30+CX30+DB30+DF30+DJ30+DN30+DR30+DV30+DZ30+ED30+EH30+EL30+EP30+ET30+EX30 -> 0
A31: 623700 | B31: PUBLICATION | F31: 0 | J31: 0 | N31: 0 | R31: 0 | V31: 0 | Z31: 0 | AD31: 0 | AH31: 0 | AL31: 0 | AP31: 0 | AT31: 0 | AX31: 0 | BB31: 0 | BF31: 0 | BJ31: 0 | BN31: 0 | BR31: 0 | BV31: 0 | BZ31: 0 | CD31: 0 | CH31: 0 | CL31: 0 | CP31: 0 | CT31: 0 | CX31: 0 | DB31: 0 | DF31: 0 | DJ31: 0 | DN31: 0 | DR31: 0 | DV31: 0 | DZ31: 0 | ED31: 0 | EH31: 0 | EL31: 0 | EP31: 0 | ET31: 0 | EX31: 0 | EY31: =F31+J31+N31+R31+V31+Z31+AD31+AH31+AL31+AP31+AT31+AX31+BB31+BF31+BJ31+BN31+BR31+BV31+BZ31+CD31+CH31+CL31+CP31+CT31+CX31+DB31+DF31+DJ31+DN31+DR31+DV31+DZ31+ED31+EH31+EL31+EP31+ET31+EX31 -> 0
A32: 623800 | B32: SOLIDARITE/DONS | F32: 0 | J32: 0 | N32: 0 | R32: 0 | V32: 0 | Z32: 0 | AD32: 0 | AH32: 0 | AL32: 0 | AP32: 0 | AT32: 0 | AX32: 0 | BB32: 0 | BF32: 0 | BJ32: 0 | BN32: 0 | BR32: 0 | BV32: 0 | BZ32: 0 | CD32: 0 | CH32: 0 | CL32: 0 | CP32: 0 | CT32: 0 | CX32: 0 | DB32: 0 | DF32: 0 | DJ32: 0 | DN32: 0 | DR32: 0 | DV32: 0 | DZ32: 0 | ED32: 0 | EH32: 0 | EL32: 0 | EP32: 0 | ET32: 0 | EX32: 0 | EY32: =F32+J32+N32+R32+V32+Z32+AD32+AH32+AL32+AP32+AT32+AX32+BB32+BF32+BJ32+BN32+BR32+BV32+BZ32+CD32+CH32+CL32+CP32+CT32+CX32+DB32+DF32+DJ32+DN32+DR32+DV32+DZ32+ED32+EH32+EL32+EP32+ET32+EX32 -> 0
A33: 625100 | B33: FRAIS DE DEPLACEMENTS (repas, essence, train, avion, frais kilométriques, péage…) | C33: REPAS 13/07/2016 CB | F33: 60 | J33: 0 | N33: 0 | R33: 0 | V33: 0 | Z33: 0 | AD33: 0 | AH33: 0 | AL33: 0 | AP33: 0 | AT33: 0 | AX33: 0 | BB33: 0 | BF33: 0 | BJ33: 0 | BN33: 0 | BR33: 0 | BV33: 0 | BZ33: 0 | CD33: 0 | CH33: 0 | CL33: 0 | CP33: 0 | CT33: 0 | CX33: 0 | DB33: 0 | DF33: 0 | DJ33: 0 | DN33: 0 | DR33: 0 | DV33: 0 | DZ33: 0 | ED33: 0 | EH33: 0 | EL33: 0 | EP33: 0 | ET33: 0 | EX33: 0 | EY33: =F33+J33+N33+R33+V33+Z33+AD33+AH33+AL33+AP33+AT33+AX33+BB33+BF33+BJ33+BN33+BR33+BV33+BZ33+CD33+CH33+CL33+CP33+CT33+CX33+DB33+DF33+DJ33+DN33+DR33+DV33+DZ33+ED33+EH33+EL33+EP33+ET33+EX33 -> 60
A34: 625110 | B34: Réunion du bureau | F34: 0 | J34: 0 | N34: 0 | R34: 0 | V34: 0 | Z34: 0 | AD34: 0 | AH34: 0 | AL34: 0 | AP34: 0 | AT34: 0 | AX34: 0 | BB34: 0 | BF34: 0 | BJ34: 0 | BN34: 0 | BR34: 0 | BV34: 0 | BZ34: 0 | CD34: 0 | CH34: 0 | CL34: 0 | CP34: 0 | CT34: 0 | CX34: 0 | DB34: 0 | DF34: 0 | DJ34: 0 | DN34: 0 | DR34: 0 | DV34: 0 | DZ34: 0 | ED34: 0 | EH34: 0 | EL34: 0 | EP34: 0 | ET34: 0 | EX34: 0 | EY34: =F34+J34+N34+R34+V34+Z34+AD34+AH34+AL34+AP34+AT34+AX34+BB34+BF34+BJ34+BN34+BR34+BV34+BZ34+CD34+CH34+CL34+CP34+CT34+CX34+DB34+DF34+DJ34+DN34+DR34+DV34+DZ34+ED34+EH34+EL34+EP34+ET34+EX34 -> 0
A35: 625120 | B35: Réunion de la commission executive | F35: 0 | J35: 0 | N35: 0 | R35: 0 | V35: 0 | Z35: 0 | AD35: 0 | AH35: 0 | AL35: 0 | AP35: 0 | AT35: 0 | AX35: 0 | BB35: 0 | BF35: 0 | BJ35: 0 | BN35: 0 | BR35: 0 | BV35: 0 | BZ35: 0 | CD35: 0 | CH35: 0 | CL35: 0 | CP35: 0 | CT35: 0 | CX35: 0 | DB35: 0 | DF35: 0 | DJ35: 0 | DN35: 0 | DR35: 0 | DV35: 0 | DZ35: 0 | ED35: 0 | EH35: 0 | EL35: 0 | EP35: 0 | ET35: 0 | EX35: 0 | EY35: =F35+J35+N35+R35+V35+Z35+AD35+AH35+AL35+AP35+AT35+AX35+BB35+BF35+BJ35+BN35+BR35+BV35+BZ35+CD35+CH35+CL35+CP35+CT35+CX35+DB35+DF35+DJ35+DN35+DR35+DV35+DZ35+ED35+EH35+EL35+EP35+ET35+EX35 -> 0
A36: 625180 | B36: Collectif (intitulé) | F36: 0 | J36: 0 | N36: 0 | R36: 0 | V36: 0 | Z36: 0 | AD36: 0 | AH36: 0 | AL36: 0 | AP36: 0 | AT36: 0 | AX36: 0 | BB36: 0 | BF36: 0 | BJ36: 0 | BN36: 0 | BR36: 0 | BV36: 0 | BZ36: 0 | CD36: 0 | CH36: 0 | CL36: 0 | CP36: 0 | CT36: 0 | CX36: 0 | DB36: 0 | DF36: 0 | DJ36: 0 | DN36: 0 | DR36: 0 | DV36: 0 | DZ36: 0 | ED36: 0 | EH36: 0 | EL36: 0 | EP36: 0 | ET36: 0 | EX36: 0 | EY36: =F36+J36+N36+R36+V36+Z36+AD36+AH36+AL36+AP36+AT36+AX36+BB36+BF36+BJ36+BN36+BR36+BV36+BZ36+CD36+CH36+CL36+CP36+CT36+CX36+DB36+DF36+DJ36+DN36+DR36+DV36+DZ36+ED36+EH36+EL36+EP36+ET36+EX36 -> 0
A37: 625181 | B37: Collectif (intitulé) | F37: 0 | J37: 0 | N37: 0 | R37: 0 | V37: 0 | Z37: 0 | AD37: 0 | AH37: 0 | AL37: 0 | AP37: 0 | AT37: 0 | AX37: 0 | BB37: 0 | BF37: 0 | BJ37: 0 | BN37: 0 | BR37: 0 | BV37: 0 | BZ37: 0 | CD37: 0 | CH37: 0 | CL37: 0 | CP37: 0 | CT37: 0 | CX37: 0 | DB37: 0 | DF37: 0 | DJ37: 0 | DN37: 0 | DR37: 0 | DV37: 0 | DZ37: 0 | ED37: 0 | EH37: 0 | EL37: 0 | EP37: 0 | ET37: 0 | EX37: 0 | EY37: =F37+J37+N37+R37+V37+Z37+AD37+AH37+AL37+AP37+AT37+AX37+BB37+BF37+BJ37+BN37+BR37+BV37+BZ37+CD37+CH37+CL37+CP37+CT37+CX37+DB37+DF37+DJ37+DN37+DR37+DV37+DZ37+ED37+EH37+EL37+EP37+ET37+EX37 -> 0
A38: 625182 | B38: Collectif (intitulé) | F38: 0 | J38: 0 | N38: 0 | R38: 0 | V38: 0 | Z38: 0 | AD38: 0 | AH38: 0 | AL38: 0 | AP38: 0 | AT38: 0 | AX38: 0 | BB38: 0 | BF38: 0 | BJ38: 0 | BN38: 0 | BR38: 0 | BV38: 0 | BZ38: 0 | CD38: 0 | CH38: 0 | CL38: 0 | CP38: 0 | CT38: 0 | CX38: 0 | DB38: 0 | DF38: 0 | DJ38: 0 | DN38: 0 | DR38: 0 | DV38: 0 | DZ38: 0 | ED38: 0 | EH38: 0 | EL38: 0 | EP38: 0 | ET38: 0 | EX38: 0 | EY38: =F38+J38+N38+R38+V38+Z38+AD38+AH38+AL38+AP38+AT38+AX38+BB38+BF38+BJ38+BN38+BR38+BV38+BZ38+CD38+CH38+CL38+CP38+CT38+CX38+DB38+DF38+DJ38+DN38+DR38+DV38+DZ38+ED38+EH38+EL38+EP38+ET38+EX38 -> 0
A39: 625183 | B39: Collectif (intitulé) | F39: 0 | J39: 0 | N39: 0 | R39: 0 | V39: 0 | Z39: 0 | AD39: 0 | AH39: 0 | AL39: 0 | AP39: 0 | AT39: 0 | AX39: 0 | BB39: 0 | BF39: 0 | BJ39: 0 | BN39: 0 | BR39: 0 | BV39: 0 | BZ39: 0 | CD39: 0 | CH39: 0 | CL39: 0 | CP39: 0 | CT39: 0 | CX39: 0 | DB39: 0 | DF39: 0 | DJ39: 0 | DN39: 0 | DR39: 0 | DV39: 0 | DZ39: 0 | ED39: 0 | EH39: 0 | EL39: 0 | EP39: 0 | ET39: 0 | EX39: 0 | EY39: =F39+J39+N39+R39+V39+Z39+AD39+AH39+AL39+AP39+AT39+AX39+BB39+BF39+BJ39+BN39+BR39+BV39+BZ39+CD39+CH39+CL39+CP39+CT39+CX39+DB39+DF39+DJ39+DN39+DR39+DV39+DZ39+ED39+EH39+EL39+EP39+ET39+EX39 -> 0
A40: 625700 | B40: RECEPTION | F40: 0 | J40: 0 | N40: 0 | R40: 0 | V40: 0 | Z40: 0 | AD40: 0 | AH40: 0 | AL40: 0 | AP40: 0 | AT40: 0 | AX40: 0 | BB40: 0 | BF40: 0 | BJ40: 0 | BN40: 0 | BR40: 0 | BV40: 0 | BZ40: 0 | CD40: 0 | CH40: 0 | CL40: 0 | CP40: 0 | CT40: 0 | CX40: 0 | DB40: 0 | DF40: 0 | DJ40: 0 | DN40: 0 | DR40: 0 | DV40: 0 | DZ40: 0 | ED40: 0 | EH40: 0 | EL40: 0 | EP40: 0 | ET40: 0 | EX40: 0 | EY40: =F40+J40+N40+R40+V40+Z40+AD40+AH40+AL40+AP40+AT40+AX40+BB40+BF40+BJ40+BN40+BR40+BV40+BZ40+CD40+CH40+CL40+CP40+CT40+CX40+DB40+DF40+DJ40+DN40+DR40+DV40+DZ40+ED40+EH40+EL40+EP40+ET40+EX40 -> 0
A41: 626100 | B41: TELEPHONE/INTERNET | F41: 0 | J41: 0 | N41: 0 | R41: 0 | V41: 0 | Z41: 0 | AD41: 0 | AH41: 0 | AL41: 0 | AP41: 0 | AT41: 0 | AX41: 0 | BB41: 0 | BF41: 0 | BJ41: 0 | BN41: 0 | BR41: 0 | BV41: 0 | BZ41: 0 | CD41: 0 | CH41: 0 | CL41: 0 | CP41: 0 | CT41: 0 | CX41: 0 | DB41: 0 | DF41: 0 | DJ41: 0 | DN41: 0 | DR41: 0 | DV41: 0 | DZ41: 0 | ED41: 0 | EH41: 0 | EL41: 0 | EP41: 0 | ET41: 0 | EX41: 0 | EY41: =F41+J41+N41+R41+V41+Z41+AD41+AH41+AL41+AP41+AT41+AX41+BB41+BF41+BJ41+BN41+BR41+BV41+BZ41+CD41+CH41+CL41+CP41+CT41+CX41+DB41+DF41+DJ41+DN41+DR41+DV41+DZ41+ED41+EH41+EL41+EP41+ET41+EX41 -> 0
A42: 626200 | B42: AFFRANCHISSEMENT | F42: 0 | J42: 0 | N42: 0 | R42: 0 | V42: 0 | Z42: 0 | AD42: 0 | AH42: 0 | AL42: 0 | AP42: 0 | AT42: 0 | AX42: 0 | BB42: 0 | BF42: 0 | BJ42: 0 | BN42: 0 | BR42: 0 | BV42: 0 | BZ42: 0 | CD42: 0 | CH42: 0 | CL42: 0 | CP42: 0 | CT42: 0 | CX42: 0 | DB42: 0 | DF42: 0 | DJ42: 0 | DN42: 0 | DR42: 0 | DV42: 0 | DZ42: 0 | ED42: 0 | EH42: 0 | EL42: 0 | EP42: 0 | ET42: 0 | EX42: 0 | EY42: =F42+J42+N42+R42+V42+Z42+AD42+AH42+AL42+AP42+AT42+AX42+BB42+BF42+BJ42+BN42+BR42+BV42+BZ42+CD42+CH42+CL42+CP42+CT42+CX42+DB42+DF42+DJ42+DN42+DR42+DV42+DZ42+ED42+EH42+EL42+EP42+ET42+EX42 -> 0
A43: 627000 | B43: FRAIS BANCAIRES | C43: FRAIS 11/07/2016 | F43: 12 | J43: 0 | N43: 0 | R43: 0 | V43: 0 | Z43: 0 | AD43: 0 | AH43: 0 | AL43: 0 | AP43: 0 | AT43: 0 | AX43: 0 | BB43: 0 | BF43: 0 | BJ43: 0 | BN43: 0 | BR43: 0 | BV43: 0 | BZ43: 0 | CD43: 0 | CH43: 0 | CL43: 0 | CP43: 0 | CT43: 0 | CX43: 0 | DB43: 0 | DF43: 0 | DJ43: 0 | DN43: 0 | DR43: 0 | DV43: 0 | DZ43: 0 | ED43: 0 | EH43: 0 | EL43: 0 | EP43: 0 | ET43: 0 | EX43: 0 | EY43: =F43+J43+N43+R43+V43+Z43+AD43+AH43+AL43+AP43+AT43+AX43+BB43+BF43+BJ43+BN43+BR43+BV43+BZ43+CD43+CH43+CL43+CP43+CT43+CX43+DB43+DF43+DJ43+DN43+DR43+DV43+DZ43+ED43+EH43+EL43+EP43+ET43+EX43 -> 12
B44: INCONNU | F44: 0 | J44: 0 | N44: 0 | R44: 0 | V44: 0 | Z44: 0 | AD44: 0 | AH44: 0 | AL44: 0 | AP44: 0 | AT44: 0 | AX44: 0 | BB44: 0 | BF44: 0 | BJ44: 0 | BN44: 0 | BR44: 0 | BV44: 0 | BZ44: 0 | CD44: 0 | CH44: 0 | CL44: 0 | CP44: 0 | CT44: 0 | CX44: 0 | DB44: 0 | DF44: 0 | DJ44: 0 | DN44: 0 | DR44: 0 | DV44: 0 | DZ44: 0 | ED44: 0 | EH44: 0 | EL44: 0 | EP44: 0 | ET44: 0 | EX44: 0 | EY44: =F44+J44+N44+R44+V44+Z44+AD44+AH44+AL44+AP44+AT44+AX44+BB44+BF44+BJ44+BN44+BR44+BV44+BZ44+CD44+CH44+CL44+CP44+CT44+CX44+DB44+DF44+DJ44+DN44+DR44+DV44+DZ44+ED44+EH44+EL44+EP44+ET44+EX44 -> 0
A45: COMPTES D'IMMOBILISATION | F45: 0 | J45: 0 | N45: 0 | R45: 0 | V45: 0 | Z45: 0 | AD45: 0 | AH45: 0 | AL45: 0 | AP45: 0 | AT45: 0 | AX45: 0 | BB45: 0 | BF45: 0 | BJ45: 0 | BN45: 0 | BR45: 0 | BV45: 0 | BZ45: 0 | CD45: 0 | CH45: 0 | CL45: 0 | CP45: 0 | CT45: 0 | CX45: 0 | DB45: 0 | DF45: 0 | DJ45: 0 | DN45: 0 | DR45: 0 | DV45: 0 | DZ45: 0 | ED45: 0 | EH45: 0 | EL45: 0 | EP45: 0 | ET45: 0 | EX45: 0 | EY45: =F45+J45+N45+R45+V45+Z45+AD45+AH45+AL45+AP45+AT45+AX45+BB45+BF45+BJ45+BN45+BR45+BV45+BZ45+CD45+CH45+CL45+CP45+CT45+CX45+DB45+DF45+DJ45+DN45+DR45+DV45+DZ45+ED45+EH45+EL45+EP45+ET45+EX45 -> 0
A46: 218300 | B46: MATERIEL DE BUREAU ET INFORMATIQUE (≥ 500€ unitaire) | F46: 0 | J46: 0 | N46: 0 | R46: 0 | V46: 0 | Z46: 0 | AD46: 0 | AH46: 0 | AL46: 0 | AP46: 0 | AT46: 0 | AX46: 0 | BB46: 0 | BF46: 0 | BJ46: 0 | BN46: 0 | BR46: 0 | BV46: 0 | BZ46: 0 | CD46: 0 | CH46: 0 | CL46: 0 | CP46: 0 | CT46: 0 | CX46: 0 | DB46: 0 | DF46: 0 | DJ46: 0 | DN46: 0 | DR46: 0 | DV46: 0 | DZ46: 0 | ED46: 0 | EH46: 0 | EL46: 0 | EP46: 0 | ET46: 0 | EX46: 0 | EY46: =F46+J46+N46+R46+V46+Z46+AD46+AH46+AL46+AP46+AT46+AX46+BB46+BF46+BJ46+BN46+BR46+BV46+BZ46+CD46+CH46+CL46+CP46+CT46+CX46+DB46+DF46+DJ46+DN46+DR46+DV46+DZ46+ED46+EH46+EL46+EP46+ET46+EX46 -> 0
A47: RECAP MENSUEL | EX47: T-Dépenses | EY47: =SUM(EY16:EY46) -> 72
A48: Solde bancaire au 31-07-2016 | B48: Total recettes | D48: =EY12 -> 47
B49: Total dépenses | C49: =EY47 -> 72
B50: solde | C50: =C2+D48-C49 -> 59.49
A52: INFO INCONNU

Sheet Aout
E1: MOIS DE DECEMBRE 2012
A2: Solde bancaire au 31-07-2016 | C2: =Juillet!C50 -> 59.49
A4: RECETTES | EY4: TOTAUX
A5: COMPTES | B5: LIBELLES DES COMPTES | C5: LIBELLES RECETTES | F5: MONTANTS | G5: LIBELLES RECETTES | J5: MONTANTS | K5: LIBELLES RECETTES | N5: MONTANTS | O5: LIBELLES RECETTES | R5: MONTANTS | S5: LIBELLES RECETTES | V5: MONTANTS | W5: LIBELLES RECETTES | Z5: MONTANTS | AA5: LIBELLES RECETTES | AD5: MONTANTS | AE5: LIBELLES RECETTES | AH5: MONTANTS | AI5: LIBELLES RECETTES | AL5: MONTANTS | AM5: LIBELLES RECETTES | AP5: MONTANTS | AQ5: LIBELLES RECETTES | AT5: MONTANTS | AU5: LIBELLES RECETTES | AX5: MONTANTS | AY5: LIBELLES RECETTES | BB5: MONTANTS | BC5: LIBELLES RECETTES | BF5: MONTANTS | BG5: LIBELLES RECETTES | BJ5: MONTANTS | BK5: LIBELLES RECETTES | BN5: MONTANTS | BO5: LIBELLES RECETTES | BR5: MONTANTS | BS5: LIBELLES RECETTES | BV5: MONTANTS | BW5: LIBELLES RECETTES | BZ5: MONTANTS | CA5: LIBELLES RECETTES | CD5: MONTANTS | CE5: LIBELLES RECETTES | CH5: MONTANTS | CI5: LIBELLES RECETTES | CL5: MONTANTS | CM5: LIBELLES RECETTES | CP5: MONTANTS | CQ5: LIBELLES RECETTES | CT5: MONTANTS | CU5: LIBELLES RECETTES | CX5: MONTANTS | CY5: LIBELLES RECETTES | DB5: MONTANTS | DC5: LIBELLES RECETTES | DF5: MONTANTS | DG5: LIBELLES RECETTES | DJ5: MONTANTS | DK5: LIBELLES RECETTES | DN5: MONTANTS | DO5: LIBELLES RECETTES | DR5: MONTANTS | DS5: LIBELLES RECETTES | DV5: MONTANTS | DW5: LIBELLES RECETTES | DZ5: MONTANTS | EA5: LIBELLES RECETTES | ED5: MONTANTS | EE5: LIBELLES RECETTES | EH5: MONTANTS | EI5: LIBELLES RECETTES | EL5: MONTANTS | EM5: LIBELLES RECETTES | EP5: MONTANTS | EQ5: LIBELLES RECETTES | ET5: MONTANTS | EU5: LIBELLES RECETTES | EX5: MONTANTS
A6: 707100 | B6: VENTE DE MATERIEL SYNDICAL | F6: 0 | J6: 0 | N6: 0 | R6: 0 | V6: 0 | Z6: 0 | AD6: 0 | AH6: 0 | AL6: 0 | AP6: 0 | AT6: 0 | AX6: 0 | BB6: 0 | BF6: 0 | BJ6: 0 | BN6: 0 | BR6: 0 | BV6: 0 | BZ6: 0 | CD6: 0 | CH6: 0 | CL6: 0 | CP6: 0 | CT6: 0 | CX6: 0 | DB6: 0 | DF6: 0 | DJ6: 0 | DN6: 0 | DR6: 0 | DV6: 0 | DZ6: 0 | ED6: 0 | EH6: 0 | EL6: 0 | EP6: 0 | ET6: 0 | EX6: 0 | EY6: =F6+J6+N6+R6+V6+Z6+AD6+AH6+AL6+AP6+AT6+AX6+BB6+BF6+BJ6+BN6+BR6+BV6+BZ6+CD6+CH6+CL6+CP6+CT6+CX6+DB6+DF6+DJ6+DN6+DR6+DV6+DZ6+ED6+EH6+EL6+EP6+ET6+EX6 -> 0
A7: 741100 | B7: SUBVENTION PUBLIQUE | F7: 0 | J7: 0 | N7: 0 | R7: 0 | V7: 0 | Z7: 0 | AD7: 0 | AH7: 0 | AL7: 0 | AP7: 0 | AT7: 0 | AX7: 0 | BB7: 0 | BF7: 0 | BJ7: 0 | BN7: 0 | BR7: 0 | BV7: 0 | BZ7: 0 | CD7: 0 | CH7: 0 | CL7: 0 | CP7: 0 | CT7: 0 | CX7: 0 | DB7: 0 | DF7: 0 | DJ7: 0 | DN7: 0 | DR7: 0 | DV7: 0 | DZ7: 0 | ED7: 0 | EH7: 0 | EL7: 0 | EP7: 0 | ET7: 0 | EX7: 0 | EY7: =F7+J7+N7+R7+V7+Z7+AD7+AH7+AL7+AP7+AT7+AX7+BB7+BF7+BJ7+BN7+BR7+BV7+BZ7+CD7+CH7+CL7+CP7+CT7+CX7+DB7+DF7+DJ7+DN7+DR7+DV7+DZ7+ED7+EH7+EL7+EP7+ET7+EX7 -> 0
A8: 754000 | B8: COLLECTES DONS SOUSCRIPTIONS | F8: 0 | J8: 0 | N8: 0 | R8: 0 | V8: 0 | Z8: 0 | AD8: 0 | AH8: 0 | AL8: 0 | AP8: 0 | AT8: 0 | AX8: 0 | BB8: 0 | BF8: 0 | BJ8: 0 | BN8: 0 | BR8: 0 | BV8: 0 | BZ8: 0 | CD8: 0 | CH8: 0 | CL8: 0 | CP8: 0 | CT8: 0 | CX8: 0 | DB8: 0 | DF8: 0 | DJ8: 0 | DN8: 0 | DR8: 0 | DV8: 0 | DZ8: 0 | ED8: 0 | EH8: 0 | EL8: 0 | EP8: 0 | ET8: 0 | EX8: 0 | EY8: =F8+J8+N8+R8+V8+Z8+AD8+AH8+AL8+AP8+AT8+AX8+BB8+BF8+BJ8+BN8+BR8+BV8+BZ8+CD8+CH8+CL8+CP8+CT8+CX8+DB8+DF8+DJ8+DN8+DR8+DV8+DZ8+ED8+EH8+EL8+EP8+ET8+EX8 -> 0
A9: 756100 | B9: COTISATION | F9: 0 | J9: 0 | N9: 0 | R9: 0 | V9: 0 | Z9: 0 | AD9: 0 | AH9: 0 | AL9: 0 | AP9: 0 | AT9: 0 | AX9: 0 | BB9: 0 | BF9: 0 | BJ9: 0 | BN9: 0 | BR9: 0 | BV9: 0 | BZ9: 0 | CD9: 0 | CH9: 0 | CL9: 0 | CP9: 0 | CT9: 0 | CX9: 0 | DB9: 0 | DF9: 0 | DJ9: 0 | DN9: 0 | DR9: 0 | DV9: 0 | DZ9: 0 | ED9: 0 | EH9: 0 | EL9: 0 | EP9: 0 | ET9: 0 | EX9: 0 | EY9: =F9+J9+N9+R9+V9+Z9+AD9+AH9+AL9+AP9+AT9+AX9+BB9+BF9+BJ9+BN9+BR9+BV9+BZ9+CD9+CH9+CL9+CP9+CT9+CX9+DB9+DF9+DJ9+DN9+DR9+DV9+DZ9+ED9+EH9+EL9+EP9+ET9+EX9 -> 0
A10: 791100 | B10: REMBOURSEMENT FRAIS DPLCT (FEDE) | F10: 0 | J10: 0 | N10: 0 | R10: 0 | V10: 0 | Z10: 0 | AD10: 0 | AH10: 0 | AL10: 0 | AP10: 0 | AT10: 0 | AX10: 0 | BB10: 0 | BF10: 0 | BJ10: 0 | BN10: 0 | BR10: 0 | BV10: 0 | BZ10: 0 | CD10: 0 | CH10: 0 | CL10: 0 | CP10: 0 | CT10: 0 | CX10: 0 | DB10: 0 | DF10: 0 | DJ10: 0 | DN10: 0 | DR10: 0 | DV10: 0 | DZ10: 0 | ED10: 0 | EH10: 0 | EL10: 0 | EP10: 0 | ET10: 0 | EX10: 0 | EY10: =F10+J10+N10+R10+V10+Z10+AD10+AH10+AL10+AP10+AT10+AX10+BB10+BF10+BJ10+BN10+BR10+BV10+BZ10+CD10+CH10+CL10+CP10+CT10+CX10+DB10+DF10+DJ10+DN10+DR10+DV10+DZ10+ED10+EH10+EL10+EP10+ET10+EX10 -> 0
B11: INCONNU | F11: 0 | J11: 0 | N11: 0 | R11: 0 | V11: 0 | Z11: 0 | AD11: 0 | AH11: 0 | AL11: 0 | AP11: 0 | AT11: 0 | AX11: 0 | BB11: 0 | BF11: 0 | BJ11: 0 | BN11: 0 | BR11: 0 | BV11: 0 | BZ11: 0 | CD11: 0 | CH11: 0 | CL11: 0 | CP11: 0 | CT11: 0 | CX11: 0 | DB11: 0 | DF11: 0 | DJ11: 0 | DN11: 0 | DR11: 0 | DV11: 0 | DZ11: 0 | ED11: 0 | EH11: 0 | EL11: 0 | EP11: 0 | ET11: 0 | EX11: 0 | EY11: =F11+J11+N11+R11+V11+Z11+AD11+AH11+AL11+AP11+AT11+AX11+BB11+BF11+BJ11+BN11+BR11+BV11+BZ11+CD11+CH11+CL11+CP11+CT11+CX11+DB11+DF11+DJ11+DN11+DR11+DV11+DZ11+ED11+EH11+EL11+EP11+ET11+EX11 -> 0
EX12: T-Recettes | EY12: =SUM(EY6:EY11) -> 0
A13: DEPENSES
